Workbook

Sheet resumo
B2: RECEITAS | E2: DESPESAS | H2: DIFERENÇA
B4: RECEITAS DE CUSTEIO | C4: =SUM(C6:C18)+0.3 -> 5302960.3 | E4: DESPESAS DE CUSTEIO | F4: =SUM(F6:F16) -> 4973155.6 | H4: =C4-F4 -> 329804.7 | I4: =F4-Budget!D47 -> 600301.63
B6: RECEITAS SOCIAIS | C6: =D7+D8 -> 3797557.8 | E6: ADMINISTRATIVAS | F6: =SUM(G7:G11) -> 3167998.8 | H6: =C6-F6 -> 629558.98
B7: CONTRIBUIÇÕES SOCIAIS | D7: =Budget!AA9 -> 2632012.3 | E7: PESSOAL | G7: =Budget!AA49 -> 1849910.1
B8: RECEITAS DE SERVIÇOS DIVERSOS | D8: =Budget!AA14 -> 1165545.5 | E8: OPERACIONAIS | G8: =Budget!AA62+Budget!AA64+Budget!AA72+Budget!AA79+Budget!AA142 -> 959559.96
E9: MANUTENÇÃO | G9: =Budget!AA146 -> 226768.42
B10: =D7+SUM(Budget!B15:B18) -> 3513791.3 | E10: IMPOSTOS E TAXAS | G10: =Budget!AA152 -> 46460.377
E11: ASSOCIAÇÕES | G11: =Budget!AA104 -> 85300.013
B13: ESCOLA DE VELA | C13: =Budget!AA23 -> 817148.67 | F13: =Budget!AA110 -> 737025.84 | H13: =C13-F13 -> 80122.827
B14: DIRETORIA DE VELA | C14: =Budget!AA35 -> 530393.45 | F14: =Budget!AA128 -> 877630.87 | H14: =C14-F14 -> -347237.41
B15: DIRETORIA SOCIAL | C15: =Budget!AA42 -> 121860 | F15: =Budget!AA89 -> 190500 | H15: =C15-F15 -> -68640
H16: =C16-F16 -> 0
B18: RECEITAS FINANCEIRAS | C18: =Budget!AA28 -> 36000 | H18: =C18-F11 -> 36000
B21: REAJUSTE NA MENSALIDADE | C21: 0.1

Sheet Budget
Y2: 0.06
B3: Proposta 2021 | C3: Proposta mensal 2022 | D3: Proposta 2022 - anual | E3: Variação 22/21 | F3: 44562 | G3: 44593 | H3: 44621 | I3: 44652 | J3: 44682 | K3: 44713 | L3: 44743 | M3: % | N3: agosto/ss | O3: % | P3: 44805 | Q3: % | R3: 44835 | S3: 44866 | T3: 44896 | U3: % | V3: Total 2022 - até setembro | W3: % | X3: Média 2022 | Y3: Proposta Mensal 2023 | Z3: Proposta Mensal 2023 - ajustado | AA3: Proposta anual 2023 | AB3: Média 3T | AF3: Realizado Janeiro | AG3: % | AH3: Realizado fevereiro | AI3: % | AJ3: Realizado março | AK3: % | AL3: Realizado abril | AM3: % | AN3: Realizado maio | AO3: % | AP3: Realizado junho | AQ3: % | AR3: Realizado julho | AS3: % | AT3: Realizado agosto | AU3: % | AV3: Realizado setembro | AW3: % | AX3: Realizado outubro | AY3: % | AZ3: Realizado novembro | BA3: % | BB3: Realizado dezembro | BC3: % | BD3: Acumulado ano - R$ | BE3: %
A4: RECEITAS | B4: 4233645.4 | C4: 402171.6 | D4: =D6+D30 -> 5097213.2 | E4: =IFERROR((D4/B4)-1,0) -> 0.20397734 | F4: =F6+F30 -> 329386.28 | G4: =G6+G30 -> 437075.11 | H4: =H6+H30 -> 401672.83 | I4: =I6+I30 -> 494155.45 | J4: =J6+J30 -> 464165.14 | K4: =K6+K30 -> 512464.2 | L4: =L6+L30 -> 446052.24 | M4: =L4/C4 -> 1.1091092 | N4: =N6+N30 -> 464897.11 | O4: =N4/$C4 -> 1.155967 | P4: =P6+P30 -> 475523.38 | Q4: =P4/$C4 -> 1.1823892 | R4: =R6+R30 -> 0 | S4: =S6+S30 -> 0 | T4: =T6+T30 -> 0 | U4: =T4/I4 -> 0 | V4: =V6+V30 -> 4025391.7 | W4: =V4/D4 -> 0.78972403 | X4: =V4/9 -> 447265.75 | Y4: =Y6+Y30 -> 489101.69 | Z4: 491992.32 | AA4: =AA6+AA30 -> 5734960 | AB4: =(L4+N4+P4)/3 -> 462157.58 | AF4: =AF6+AF30 -> 395682.17 | AG4: =AF4/$AA4 -> 0.068994757 | AH4: =AH6+AH30 -> 420297.66 | AI4: =AH4/$AA4 -> 0.073286939 | AJ4: =AJ6+AJ30 -> 443860.57 | AK4: =AJ4/$AA4 -> 0.077395584 | AL4: =AL6+AL30 -> 411444.98 | AM4: =AL4/$AA4 -> 0.071743304 | AN4: =AN6+AN30 -> 491228.57 | AO4: =AN4/$AA4 -> 0.085655101 | AP4: =AP6+AP30 -> 510353.48 | AQ4: =AP4/$AA4 -> 0.088989895 | AR4: =AR6+AR30 -> 417800.75 | AS4: =AR4/$AA4 -> 0.072851554 | AT4: =AT6+AT30 -> 387863.45 | AU4: =AT4/$AA4 -> 0.067631414 | AV4: =AV6+AV30 -> 389143.19 | AW4: =AV4/$AA4 -> 0.067854561 | AX4: =AX6+AX30 -> 0 | AY4: =AX4/$AA4 -> 0 | AZ4: =AZ6+AZ30 -> 0 | BA4: =AZ4/$AA4 -> 0 | BB4: =BB6+BB30 -> 0 | BC4: =BB4/$AA4 -> 0 | BD4: =BD6+BD30 -> 3860845.8 | BE4: =BD4/$AA4 -> 0.67321234
AB5: =(L5+N5+P5)/3 -> 0
A6: RECEITAS DE CUSTEIO | B6: 4081894.4 | C6: 366708.31 | D6: =D8+D23+D28+D35+D42 -> 4671653.6 | E6: =IFERROR((D6/B6)-1,0) -> 0.14448174 | F6: =F8+F23+F28+F35+F42 -> 307466.47 | G6: =G8+G23+G28+G35+G42 -> 402491.3 | H6: =H8+H23+H28+H35+H42 -> 377900.02 | I6: =I8+I23+I28+I35+I42 -> 460827.64 | J6: =J8+J23+J28+J35+J42 -> 397044.33 | K6: =K8+K23+K28+K35+K42 -> 485906.39 | L6: =L8+L23+L28+L35+L42 -> 362160.43 | M6: =L6/C6 -> 0.98759812 | N6: =N8+N23+N28+N35+N42 -> 403154.31 | O6: =N6/C6 -> 1.0993869 | P6: =P8+P23+P28+P35+P42 -> 413883.57 | Q6: =P6/$C6 -> 1.1286452 | R6: =R8+R23+R28+R35+R42 -> 0 | S6: =S8+S23+S28+S35+S42 -> 0 | T6: =T8+T23+T28+T35+T42 -> 0 | U6: =T6/I6 -> 0 | V6: =V8+V23+V28+V35+V42 -> 3610834.5 | W6: =V6/D6 -> 0.77292427 | X6: =V6/9 -> 401203.83 | Y6: =Y8+Y23+Y28+Y35+Y42 -> 440276.06 | Z6: 441324.21 | AA6: =AA8+AA23+AA28+AA35+AA42 -> 5302960 | AB6: =(L6+N6+P6)/3 -> 393066.1 | AF6: =AF8+AF23+AF28+AF35+AF42 -> 381496.69 | AG6: =AF6/$AA6 -> 0.07194033 | AH6: =AH8+AH23+AH28+AH35+AH42 -> 373424.18 | AI6: =AH6/$AA6 -> 0.070418065 | AJ6: =AJ8+AJ23+AJ28+AJ35+AJ42 -> 416957.09 | AK6: =AJ6/$AA6 -> 0.078627238 | AL6: =AL8+AL23+AL28+AL35+AL42 -> 400926.5 | AM6: =AL6/$AA6 -> 0.075604285 | AN6: =AN8+AN23+AN28+AN35+AN42 -> 423926.09 | AO6: =AN6/$AA6 -> 0.07994141 | AP6: =AP8+AP23+AP28+AP35+AP42 -> 493429.5 | AQ6: =AP6/$AA6 -> 0.09304794 | AR6: =AR8+AR23+AR28+AR35+AR42 -> 411172.27 | AS6: =AR6/$AA6 -> 0.07753637 | AT6: =AT8+AT23+AT28+AT35+AT42 -> 378042.47 | AU6: =AT6/$AA6 -> 0.071288954 | AV6: =AV8+AV23+AV28+AV35+AV42 -> 384402.71 | AW6: =AV6/$AA6 -> 0.072488329 | AX6: =AX8+AX23+AX28+AX35+AX42 -> 0 | AY6: =AX6/$AA6 -> 0 | AZ6: =AZ8+AZ23+AZ28+AZ35+AZ42 -> 0 | BA6: =AZ6/$AA6 -> 0 | BB6: =BB8+BB23+BB28+BB35+BB42 -> 0 | BC6: =BB6/$AA6 -> 0 | BD6: =BD8+BD23+BD28+BD35+BD42 -> 3663777.5 | BE6: =BD6/$AA6 -> 0.69089292
AB7: =(L7+N7+P7)/3 -> 0
A8: CONTRIBUIÇÕES SOCIAIS | B8: 3127463.7 | C8: 279124.97 | D8: =D9+D14 -> 3620653.6 | E8: =IFERROR((D8/B8)-1,0) -> 0.15769645 | F8: =F9+F14 -> 274317.19 | G8: =G9+G14 -> 269393.2 | H8: =H9+H14 -> 271737 | I8: =I9+I14 -> 313554.52 | J8: =J9+J14 -> 271976.3 | K8: =K9+K14 -> 269252.91 | L8: =L9+L14 -> 267457.62 | M8: =L8/C8 -> 0.95820027 | N8: =N9+N14 -> 300817.27 | O8: =N8/C8 -> 1.0777153 | P8: =P9+P14 -> 290709.14 | Q8: =P8/$C8 -> 1.0415017 | R8: =R9+R14 -> 0 | S8: =S9+S14 -> 0 | T8: =T9+T14 -> 0 | U8: =T8/C8 -> 0 | V8: =V9+V14 -> 2529215.1 | W8: =V8/D8 -> 0.69855209 | X8: =V8/9 -> 281023.91 | Y8: =Y9+Y14 -> 312885.34 | Z8: 309126.3 | AA8: =AA9+AA14 -> 3797557.8 | AB8: =(L8+N8+P8)/3 -> 286328.01 | AF8: =AF9+AF14 -> 313413.87 | AG8: =AF8/$AA8 -> 0.082530375 | AH8: =AH9+AH14 -> 314540.29 | AI8: =AH8/$AA8 -> 0.082826991 | AJ8: =AJ9+AJ14 -> 318386.16 | AK8: =AJ8/$AA8 -> 0.083839715 | AL8: =AL9+AL14 -> 318533.01 | AM8: =AL8/$AA8 -> 0.083878382 | AN8: =AN9+AN14 -> 318303.55 | AO8: =AN8/$AA8 -> 0.083817961 | AP8: =AP9+AP14 -> 323835.81 | AQ8: =AP8/$AA8 -> 0.085274755 | AR8: =AR9+AR14 -> 308247.73 | AS8: =AR8/$AA8 -> 0.081169989 | AT8: =AT9+AT14 -> 312690.02 | AU8: =AT8/$AA8 -> 0.082339765 | AV8: =AV9+AV14 -> 307332.26 | AW8: =AV8/$AA8 -> 0.080928921 | AX8: =AX9+AX14 -> 0 | AY8: =AX8/$AA8 -> 0 | AZ8: =AZ9+AZ14 -> 0 | BA8: =AZ8/$AA8 -> 0 | BB8: =BB9+BB14 -> 0 | BC8: =BB8/$AA8 -> 0 | BD8: =BD9+BD14 -> 2835282.7 | BE8: =BD8/$AA8 -> 0.74660685
A9: RECEITAS SOCIAIS | B9: 2149282.9 | C9: 190589.69 | D9: =SUM(D10:D13) -> 2558230.2 | E9: =IFERROR((D9/B9)-1,0) -> 0.19027148 | F9: =SUM(F10:F13) -> 192839.42 | G9: =SUM(G10:G13) -> 190435.3 | H9: =SUM(H10:H13) -> 191291.75 | I9: =SUM(I10:I13) -> 192126.47 | J9: =SUM(J10:J13) -> 189879.41 | K9: =SUM(K10:K13) -> 190271.72 | L9: =SUM(L10:L13) -> 190193.26 | M9: =L9/C9 -> 0.99791996 | N9: =SUM(N10:N13) -> 195101.39 | O9: =N9/C9 -> 1.0236723 | P9: =SUM(P10:P13) -> 195390.2 | Q9: =P9/$C9 -> 1.0251876 | R9: =SUM(R10:R13) -> 0 | S9: =SUM(S10:S13) -> 0 | T9: =SUM(T10:T13) -> 0 | U9: =T9/I9 -> 0 | V9: =SUM(V10:V13) -> 1727528.9 | W9: =V9/D9 -> 0.67528282 | X9: =V9/9 -> 191947.66 | Y9: =SUM(Y10:Y13) -> 218464.52 | Z9: 211142.42 | AA9: =SUM(AA10:AA13) -> 2632012.3 | AB9: =(L9+N9+P9)/3 -> 193561.61 | AF9: =SUM(AF10:AF13) -> 222463.49 | AG9: =AF9/$AA9 -> 0.084522207 | AH9: =SUM(AH10:AH13) -> 226008.19 | AI9: =AH9/$AA9 -> 0.085868971 | AJ9: =SUM(AJ10:AJ13) -> 224801.18 | AK9: =AJ9/$AA9 -> 0.085410385 | AL9: =SUM(AL10:AL13) -> 225037.53 | AM9: =AL9/$AA9 -> 0.08550018 | AN9: =SUM(AN10:AN13) -> 224155.82 | AO9: =AN9/$AA9 -> 0.085165188 | AP9: =SUM(AP10:AP13) -> 221539.59 | AQ9: =AP9/$AA9 -> 0.084171184 | AR9: =SUM(AR10:AR13) -> 218638.54 | AS9: =AR9/$AA9 -> 0.083068964 | AT9: =SUM(AT10:AT13) -> 219963.16 | AU9: =AT9/$AA9 -> 0.083572238 | AV9: =SUM(AV10:AV13) -> 219863.17 | AW9: =AV9/$AA9 -> 0.083534247 | AX9: =SUM(AX10:AX13) -> 0 | AY9: =AX9/$AA9 -> 0 | AZ9: =SUM(AZ10:AZ13) -> 0 | BA9: =AZ9/$AA9 -> 0 | BB9: =SUM(BB10:BB13) -> 0 | BC9: =BB9/$AA9 -> 0 | BD9: =SUM(BD10:BD13) -> 2002470.7 | BE9: =BD9/$AA9 -> 0.76081357
A10: Mensalidade de Sócios | B10: 2211010.3 | C10: =D10/12 -> 216048.66 | D10: =Mensalidades!E12 -> 2592583.9 | E10: =(D10/B10)-1 -> 0.17257882 | F10: 199820.32 | G10: 198150.75 | H10: 196397.86 | I10: 196397.86 | J10: 194895.37 | K10: 195312.72 | L10: 195229.25 | M10: =L10/C10 -> 0.90363556 | N10: 196898.67 | O10: =N10/C10 -> 0.91136262 | P10: 197649.91 | Q10: =P10/$C10 -> 0.9148398 | U10: =T10/I10 -> 0 | V10: =T10+S10+R10+P10+N10+L10+K10+J10+I10+H10+G10+F10 -> 1770752.7 | W10: =V10/D10 -> 0.68300691 | X10: =V10/9 -> 196750.3 | Y10: =X10+(X10*$Y$2)+15000 -> 223555.32 | Z10: =Y10 -> 223555.32 | AA10: =Z10*12 -> 2682663.8 | AB10: =(L10+N10+P10)/3 -> 196592.61 | AF10: 204382.76 | AG10: =AF10/$AA10 -> 0.076186497 | AH10: 205799.01 | AI10: =AH10/$AA10 -> 0.076714424 | AJ10: 204780.92 | AK10: =AJ10/$AA10 -> 0.076334917 | AL10: 204957.88 | AM10: =AL10/$AA10 -> 0.076400881 | AN10: 204515.49 | AO10: =AN10/$AA10 -> 0.076235974 | AP10: 202657.43 | AQ10: =AP10/$AA10 -> 0.075543356 | AR10: 200062.75 | AS10: =AR10/$AA10 -> 0.074576154 | AT10: 200091.53 | AU10: =AT10/$AA10 -> 0.074586882 | AV10: 199206.74 | AW10: =AV10/$AA10 -> 0.074257064 | AY10: =AX10/$AA10 -> 0 | BA10: =AZ10/$AA10 -> 0 | BC10: =BB10/$AA10 -> 0 | BD10: =AF10+AH10+AJ10+AL10+AN10+AP10+AR10+AT10+AV10+AX10+AZ10+BB10 -> 1826454.5 | BE10: =BD10/$AA10 -> 0.68083615
A11: Mensalidade de Sócio Esportista | B11: 75460.896 | C11: 6124.0892 | D11: =Mensalidades!E14 -> 121201.34 | E11: =IFERROR((D11/B11)-1,0) -> 0.60614769 | F11: 5008.32 | G11: 4173.6 | H11: 6677.76 | I11: 7512.48 | J11: 6677.76 | K11: 6677.76 | L11: 6677.76 | M11: =L11/C11 -> 1.0904087 | N11: 10016.64 | O11: =N11/C11 -> 1.635613 | P11: 9599.28 | Q11: =P11/$C11 -> 1.5674625 | U11: =T11/I11 -> 0 | V11: =T11+S11+R11+P11+N11+L11+K11+J11+I11+H11+G11+F11 -> 63021.36 | W11: =V11/D11 -> 0.51997245 | X11: =V11/9 -> 7002.3733 | Y11: =X11+(X11*$Y$2) -> 7422.5157 | Z11: =AB11 -> 8764.56 | AA11: =Z11*12 -> 105174.72 | AB11: =(L11+N11+P11)/3 -> 8764.56 | AF11: 7078.4 | AG11: =AF11/$AA11 -> 0.067301344 | AH11: 8848 | AI11: =AH11/$AA11 -> 0.08412668 | AJ11: 8848 | AK11: =AJ11/$AA11 -> 0.08412668 | AL11: 8848 | AM11: =AL11/$AA11 -> 0.08412668 | AN11: 8405.6 | AO11: =AN11/$AA11 -> 0.079920346 | AP11: 7693.2 | AQ11: =AP11/$AA11 -> 0.073146855 | AR11: 7520.8 | AS11: =AR11/$AA11 -> 0.071507678 | AT11: 8848 | AU11: =AT11/$AA11 -> 0.08412668 | AV11: 9732.8 | AW11: =AV11/$AA11 -> 0.092539348 | AY11: =AX11/$AA11 -> 0 | BA11: =AZ11/$AA11 -> 0 | BC11: =BB11/$AA11 -> 0 | BD11: =AF11+AH11+AJ11+AL11+AN11+AP11+AR11+AT11+AV11+AX11+AZ11+BB11 -> 75822.8 | BE11: =BD11/$AA11 -> 0.72092229
A12: tx de obras | B12: 0 | M12: =L12/C12 -> #DIV/0! | O12: =N12/C12 -> #DIV/0! | Q12: =P12/$C12 -> #DIV/0! | U12: =T12/I12 -> #DIV/0! | W12: =V12/D12 -> #DIV/0! | X12: =V12/9 -> 0 | Y12: =X12+(X12*$Y$2) -> 0 | Z12: 0 | AA12: =Z12*12 -> 0 | AB12: =(L12+N12+P12)/3 -> 0 | AF12: 23690 | AH12: 24240 | AJ12: 23990 | AL12: 24060 | AN12: 24010 | AP12: 23810 | AR12: 23510 | AT12: 23560 | AV12: 23460 | BD12: =AF12+AH12+AJ12+AL12+AN12+AP12+AR12+AT12+AV12+AX12+AZ12+BB12 -> 214330
A13: FUNDO PRÓ-VELA | B13: -137188.27 | C13: -11774.4 | D13: =-D10*0.06 -> -155555.03 | E13: =IFERROR((D13/B13)-1,0) -> 0.13387995 | F13: =-F10*0.06 -> -11989.219 | G13: =-G10*0.06 -> -11889.045 | H13: =-H10*0.06 -> -11783.872 | I13: =-I10*0.06 -> -11783.872 | J13: =-J10*0.06 -> -11693.722 | K13: =-K10*0.06 -> -11718.763 | L13: =-L10*0.06 -> -11713.755 | M13: =L13/C13 -> 0.99484942 | N13: =-N10*0.06 -> -11813.92 | O13: =N13/C13 -> 1.0033565 | P13: =-P10*0.06 -> -11858.995 | Q13: =P13/$C13 -> 1.0071846 | R13: =-R10*0.06 -> 0 | S13: =-S10*0.06 -> 0 | T13: =-T10*0.06 -> 0 | U13: =T13/I13 -> 0 | V13: =-V10*0.06 -> -106245.16 | W13: =V13/D13 -> 0.68300691 | X13: =V13/9 -> -11805.018 | Y13: =X13+(X13*$Y$2) -> -12513.319 | Z13: -12985.52 | AA13: =Z13*12 -> -155826.24 | AB13: =(L13+N13+P13)/3 -> -11795.557 | AF13: =-(SUM(AF10:AF11))*0.06 -> -12687.67 | AG13: =AF13/$AA13 -> 0.081421908 | AH13: =-(SUM(AH10:AH11))*0.06 -> -12878.821 | AI13: =AH13/$AA13 -> 0.082648601 | AJ13: =-(SUM(AJ10:AJ11))*0.06 -> -12817.735 | AK13: =AJ13/$AA13 -> 0.082256591 | AL13: =-(SUM(AL10:AL11))*0.06 -> -12828.353 | AM13: =AL13/$AA13 -> 0.082324729 | AN13: =-(SUM(AN10:AN11))*0.06 -> -12775.265 | AO13: =AN13/$AA13 -> 0.081984045 | AP13: =-(SUM(AP10:AP11))*0.06 -> -12621.038 | AQ13: =AP13/$AA13 -> 0.080994304 | AR13: =-(SUM(AR10:AR11))*0.06 -> -12455.013 | AS13: =AR13/$AA13 -> 0.079928856 | AT13: =-(SUM(AT10:AT11))*0.06 -> -12536.372 | AU13: =AT13/$AA13 -> 0.080450968 | AV13: =-(SUM(AV10:AV11))*0.06 -> -12536.372 | AW13: =AV13/$AA13 -> 0.080450972 | AY13: =AX13/$AA13 -> 0 | BA13: =AZ13/$AA13 -> 0 | BC13: =BB13/$AA13 -> 0 | BD13: =AF13+AH13+AJ13+AL13+AN13+AP13+AR13+AT13+AV13+AX13+AZ13+BB13 -> -114136.64 | BE13: =BD13/$AA13 -> 0.73246098
A14: RECEITAS DE SERVIÇOS DIVERSOS | B14: 978180.75 | C14: 88535.286 | D14: =SUM(D15:D22) -> 1062423.4 | E14: =IFERROR((D14/B14)-1,0) -> 0.08612179 | F14: =SUM(F15:F22) -> 81477.77 | G14: =SUM(G15:G22) -> 78957.9 | H14: =SUM(H15:H22) -> 80445.25 | I14: =SUM(I15:I22) -> 121428.05 | J14: =SUM(J15:J22) -> 82096.89 | K14: =SUM(K15:K22) -> 78981.19 | L14: =SUM(L15:L22) -> 77264.37 | M14: =L14/C14 -> 0.87269578 | N14: =SUM(N15:N22) -> 105715.88 | O14: =N14/C14 -> 1.1940536 | P14: =SUM(P15:P22) -> 95318.94 | Q14: =P14/$C14 -> 1.0766209 | R14: =SUM(R15:R22) -> 0 | S14: =SUM(S15:S22) -> 0 | T14: =SUM(T15:T22) -> 0 | U14: =T14/I14 -> 0 | V14: =SUM(V15:V22) -> 801686.24 | W14: =V14/D14 -> 0.75458261 | X14: =V14/9 -> 89076.249 | Y14: =SUM(Y15:Y22) -> 94420.824 | Z14: 97983.874 | AA14: =SUM(AA15:AA22) -> 1165545.5 | AB14: =(L14+N14+P14)/3 -> 92766.397 | AF14: =SUM(AF15:AF22) -> 90950.38 | AG14: =AF14/$AA14 -> 0.078032456 | AH14: =SUM(AH15:AH22) -> 88532.1 | AI14: =AH14/$AA14 -> 0.075957651 | AJ14: =SUM(AJ15:AJ22) -> 93584.98 | AK14: =AJ14/$AA14 -> 0.080292857 | AL14: =SUM(AL15:AL22) -> 93495.48 | AM14: =AL14/$AA14 -> 0.080216069 | AN14: =SUM(AN15:AN22) -> 94147.73 | AO14: =AN14/$AA14 -> 0.080775678 | AP14: =SUM(AP15:AP22) -> 102296.22 | AQ14: =AP14/$AA14 -> 0.087766817 | AR14: =SUM(AR15:AR22) -> 89609.19 | AS14: =AR14/$AA14 -> 0.076881759 | AT14: =SUM(AT15:AT22) -> 92726.86 | AU14: =AT14/$AA14 -> 0.079556618 | AV14: =SUM(AV15:AV22) -> 87469.09 | AW14: =AV14/$AA14 -> 0.075045623 | AX14: =SUM(AX15:AX22) -> 0 | AY14: =AX14/$AA14 -> 0 | AZ14: =SUM(AZ15:AZ22) -> 0 | BA14: =AZ14/$AA14 -> 0 | BB14: =SUM(BB15:BB22) -> 0 | BC14: =BB14/$AA14 -> 0 | BD14: =SUM(BD15:BD22) -> 832812.03 | BE14: =BD14/$AA14 -> 0.71452553
A15: Estadia de Barcos | B15: 856800 | C15: 79611 | D15: =B15*1.115 -> 955332 | E15: =IFERROR((D15/B15)-1,0) -> 0.115 | F15: 77991.13 | G15: 75210.5 | H15: 76637.85 | I15: 76717.64 | J15: 76967.61 | K15: 74843.47 | L15: 73906.65 | M15: =L15/C15 -> 0.92834721 | N15: 74826.51 | O15: =N15/C15 -> 0.93990165 | P15: 75017.36 | Q15: =P15/$C15 -> 0.94229893 | U15: =T15/I15 -> 0 | V15: =T15+S15+R15+P15+N15+L15+K15+J15+I15+H15+G15+F15 -> 682118.72 | W15: =V15/D15 -> 0.71401222 | X15: =V15/9 -> 75790.969 | Y15: =X15+(X15*$Y$2) -> 80338.427 | Z15: 83370.066 | AA15: =Z15*12 -> 1000440.8 | AB15: =(L15+N15+P15)/3 -> 74583.507 | AF15: 79247.13 | AG15: =AF15/$AA15 -> 0.079212214 | AH15: 79958.32 | AI15: =AH15/$AA15 -> 0.079923091 | AJ15: 79097.78 | AK15: =AJ15/$AA15 -> 0.07906293 | AL15: 80070.24 | AM15: =AL15/$AA15 -> 0.080034961 | AN15: 79835.99 | AO15: =AN15/$AA15 -> 0.079800815 | AP15: 82486.02 | AQ15: =AP15/$AA15 -> 0.082449677 | AR15: 77970.68 | AS15: =AR15/$AA15 -> 0.077936326 | AT15: 83124.05 | AU15: =AT15/$AA15 -> 0.083087426 | AV15: 76154.9 | AW15: =AV15/$AA15 -> 0.076121347 | AY15: =AX15/$AA15 -> 0 | BA15: =AZ15/$AA15 -> 0 | BC15: =BB15/$AA15 -> 0 | BD15: =AF15+AH15+AJ15+AL15+AN15+AP15+AR15+AT15+AV15+AX15+AZ15+BB15 -> 717945.11 | BE15: =BD15/$AA15 -> 0.71762879
A16: Taxa de Armário (Vestiários) | B16: 10876.761 | C16: 1155.82 | D16: =C16*12 -> 13869.84 | E16: =IFERROR((D16/B16)-1,0) -> 0.27518109 | F16: 1302.16 | G16: 1333.92 | H16: 1333.92 | I16: 1333.92 | J16: 1333.92 | K16: 1365.68 | L16: 1365.68 | M16: =L16/C16 -> 1.1815681 | N16: 1333.92 | O16: =N16/C16 -> 1.1540897 | P16: 1365.68 | Q16: =P16/$C16 -> 1.1815681 | U16: =T16/I16 -> 0 | V16: =T16+S16+R16+P16+N16+L16+K16+J16+I16+H16+G16+F16 -> 12068.8 | W16: =V16/D16 -> 0.87014702 | X16: =V16/9 -> 1340.9778 | Y16: =X16+(X16*$Y$2) -> 1421.4364 | Z16: 1475.0756 | AA16: =Z16*12 -> 17700.907 | AB16: =(L16+N16+P16)/3 -> 1355.0933 | AF16: 1481.48 | AG16: =AF16/$AA16 -> 0.083695148 | AH16: 1515.15 | AI16: =AH16/$AA16 -> 0.08559731 | AJ16: 1515.15 | AK16: =AJ16/$AA16 -> 0.08559731 | AL16: 1481.48 | AM16: =AL16/$AA16 -> 0.083695148 | AN16: 1515.15 | AO16: =AN16/$AA16 -> 0.08559731 | AP16: 1515.15 | AQ16: =AP16/$AA16 -> 0.08559731 | AR16: 1515.15 | AS16: =AR16/$AA16 -> 0.08559731 | AT16: 1515.15 | AU16: =AT16/$AA16 -> 0.08559731 | AV16: 1414.14 | AW16: =AV16/$AA16 -> 0.079890823 | AY16: =AX16/$AA16 -> 0 | BA16: =AZ16/$AA16 -> 0 | BC16: =BB16/$AA16 -> 0 | BD16: =AF16+AH16+AJ16+AL16+AN16+AP16+AR16+AT16+AV16+AX16+AZ16+BB16 -> 13468 | BE16: =BD16/$AA16 -> 0.76086498
A17: Taxa de Armário (Hangar) | B17: 9102.24 | C17: 1252.9032 | D17: 15034.838 | E17: =IFERROR((D17/B17)-1,0) -> 0.65177345 | F17: 1204.48 | G17: 1204.48 | H17: 1204.48 | I17: 1251.92 | J17: 1299.36 | K17: 1251.04 | L17: 1251.04 | M17: =L17/C17 -> 0.99851289 | N17: 1251.04 | O17: =N17/C17 -> 0.99851289 | P17: 1251.04 | Q17: =P17/$C17 -> 0.99851289 | U17: =T17/I17 -> 0 | V17: =T17+S17+R17+P17+N17+L17+K17+J17+I17+H17+G17+F17 -> 11168.88 | W17: =V17/D17 -> 0.74286665 | X17: =V17/9 -> 1240.9867 | Y17: =X17+(X17*$Y$2) -> 1315.4459 | Z17: 1365.0853 | AA17: =Z17*12 -> 16381.024 | AB17: =(L17+N17+P17)/3 -> 1251.04 | AF17: 1274.92 | AG17: =AF17/$AA17 -> 0.077829078 | AH17: 1223.7 | AI17: =AH17/$AA17 -> 0.07470229 | AJ17: 1223.7 | AK17: =AJ17/$AA17 -> 0.07470229 | AL17: 1173.41 | AM17: =AL17/$AA17 -> 0.071632274 | AN17: 1223.7 | AO17: =AN17/$AA17 -> 0.07470229 | AP17: 1223.7 | AQ17: =AP17/$AA17 -> 0.07470229 | AR17: 1223.7 | AS17: =AR17/$AA17 -> 0.07470229 | AT17: 1223.7 | AU17: =AT17/$AA17 -> 0.07470229 | AV17: 1223.7 | AW17: =AV17/$AA17 -> 0.07470229 | AY17: =AX17/$AA17 -> 0 | BA17: =AZ17/$AA17 -> 0 | BC17: =BB17/$AA17 -> 0 | BD17: =AF17+AH17+AJ17+AL17+AN17+AP17+AR17+AT17+AV17+AX17+AZ17+BB17 -> 11014.23 | BE17: =BD17/$AA17 -> 0.67237738
A18: Taxa de Bolão | B18: 5000 | C18: 0 | D18: 0 | F18: 0 | I18: 2000 | M18: =L18/C18 -> #DIV/0! | O18: =N18/C18 -> #DIV/0! | Q18: =P18/$C18 -> #DIV/0! | U18: =T18/I18 -> 0 | V18: =T18+S18+R18+P18+N18+L18+K18+J18+I18+H18+G18+F18 -> 2000 | W18: =V18/D18 -> #DIV/0! | X18: =V18/9 -> 222.22222 | Y18: =X18+(X18*$Y$2) -> 235.55556 | Z18: 244.44444 | AA18: =Z18*12 -> 2933.3333 | AB18: =(L18+N18+P18)/3 -> 0 | AG18: =AF18/$AA18 -> 0 | AI18: =AH18/$AA18 -> 0 | AK18: =AJ18/$AA18 -> 0 | AM18: =AL18/$AA18 -> 0 | AN18: 2100 | AO18: =AN18/$AA18 -> 0.71590909 | AQ18: =AP18/$AA18 -> 0 | AS18: =AR18/$AA18 -> 0 | AU18: =AT18/$AA18 -> 0 | AW18: =AV18/$AA18 -> 0 | AY18: =AX18/$AA18 -> 0 | BA18: =AZ18/$AA18 -> 0 | BC18: =BB18/$AA18 -> 0 | BD18: =AF18+AH18+AJ18+AL18+AN18+AP18+AR18+AT18+AV18+AX18+AZ18+BB18 -> 2100 | BE18: =BD18/$AA18 -> 0.71590909
A19: Concessão Restaurante | B19: 79400 | C19: 4916.6667 | D19: 59000 | E19: =IFERROR((D19/B19)-1,0) -> -0.25692695 | F19: 0 | I19: 38603.57 | M19: =L19/C19 -> 0 | N19: 26978.41 | O19: =N19/C19 -> 5.4871342 | P19: 7626.86 | Q19: =P19/$C19 -> 1.5512258 | U19: =T19/I19 -> 0 | V19: =T19+S19+R19+P19+N19+L19+K19+J19+I19+H19+G19+F19 -> 73208.84 | W19: =V19/D19 -> 1.2408278 | X19: =V19/9 -> 8134.3156 | Y19: =X19+(X19*$Y$2) -> 8622.3745 | Z19: 8000 | AA19: =Z19*12 -> 96000 | AB19: =(L19+N19+P19)/3 -> 11535.09 | AF19: 7776.85 | AG19: =AF19/$AA19 -> 0.081008854 | AH19: 4448.93 | AI19: =AH19/$AA19 -> 0.046343021 | AJ19: 7496.35 | AK19: =AJ19/$AA19 -> 0.078086979 | AL19: 7604.35 | AM19: =AL19/$AA19 -> 0.079211979 | AN19: 7792.89 | AO19: =AN19/$AA19 -> 0.081175938 | AP19: 7617.35 | AQ19: =AP19/$AA19 -> 0.079347396 | AR19: 8168.66 | AS19: =AR19/$AA19 -> 0.085090208 | AT19: 4335.96 | AU19: =AT19/$AA19 -> 0.04516625 | AV19: 8004.35 | AW19: =AV19/$AA19 -> 0.083378646 | AY19: =AX19/$AA19 -> 0 | BA19: =AZ19/$AA19 -> 0 | BC19: =BB19/$AA19 -> 0 | BD19: =AF19+AH19+AJ19+AL19+AN19+AP19+AR19+AT19+AV19+AX19+AZ19+BB19 -> 63245.69 | BE19: =BD19/$AA19 -> 0.65880927
A20: Patrocinios | B20: 0 | C20: 0 | D20: 0 | F20: 0 | M20: =L20/C20 -> #DIV/0! | O20: =N20/C20 -> #DIV/0! | P20: 9200 | Q20: =P20/$C20 -> #DIV/0! | U20: =T20/I20 -> #DIV/0! | V20: =T20+S20+R20+P20+N20+L20+K20+J20+I20+H20+G20+F20 -> 9200 | W20: =V20/D20 -> #DIV/0! | X20: =V20/9 -> 1022.2222 | Y20: =X20+(X20*$Y$2) -> 1083.5556 | Z20: 1124.4444 | AA20: =Z20*12 -> 13493.333 | AB20: =(L20+N20+P20)/3 -> 3066.6667 | AG20: =AF20/$AA20 -> 0 | AI20: =AH20/$AA20 -> 0 | AJ20: 2320 | AK20: =AJ20/$AA20 -> 0.17193676 | AL20: 940 | AM20: =AL20/$AA20 -> 0.069664032 | AO20: =AN20/$AA20 -> 0 | AP20: 8950 | AQ20: =AP20/$AA20 -> 0.66329051 | AS20: =AR20/$AA20 -> 0 | AT20: 2360 | AU20: =AT20/$AA20 -> 0.17490119 | AW20: =AV20/$AA20 -> 0 | AY20: =AX20/$AA20 -> 0 | BA20: =AZ20/$AA20 -> 0 | BC20: =BB20/$AA20 -> 0 | BD20: =AF20+AH20+AJ20+AL20+AN20+AP20+AR20+AT20+AV20+AX20+AZ20+BB20 -> 14570 | BE20: =BD20/$AA20 -> 1.0797925
A21: uniformes e acessórios | B21: 6186.75 | C21: 515.5625 | D21: =B21 -> 6186.75 | E21: =IFERROR((D21/B21)-1,0) -> 0 | F21: 0 | H21: 60 | M21: =L21/C21 -> 0 | O21: =N21/C21 -> 0 | Q21: =P21/$C21 -> 0 | U21: =T21/I21 -> #DIV/0! | V21: =T21+S21+R21+P21+N21+L21+K21+J21+I21+H21+G21+F21 -> 60 | W21: =V21/D21 -> 0.0096981452 | X21: =V21/9 -> 6.6666667 | Y21: =X21+(X21*$Y$2) -> 7.0666667 | Z21: 100 | AA21: =Z21*12 -> 1200 | AB21: =(L21+N21+P21)/3 -> 0 | AG21: =AF21/$AA21 -> 0 | AI21: =AH21/$AA21 -> 0 | AK21: =AJ21/$AA21 -> 0 | AM21: =AL21/$AA21 -> 0 | AO21: =AN21/$AA21 -> 0 | AQ21: =AP21/$AA21 -> 0 | AR21: 605 | AS21: =AR21/$AA21 -> 0.50416667 | AU21: =AT21/$AA21 -> 0 | AW21: =AV21/$AA21 -> 0 | AY21: =AX21/$AA21 -> 0 | BA21: =AZ21/$AA21 -> 0 | BC21: =BB21/$AA21 -> 0 | BD21: =AF21+AH21+AJ21+AL21+AN21+AP21+AR21+AT21+AV21+AX21+AZ21+BB21 -> 605 | BE21: =BD21/$AA21 -> 0.50416667
A22: Convites Sociais + (Parceiros) | B22: 10815 | C22: 1083.3333 | D22: 13000 | E22: =IFERROR((D22/B22)-1,0) -> 0.20203421 | F22: 980 | G22: 1209 | H22: 1209 | I22: 1521 | J22: 2496 | K22: 1521 | L22: 741 | M22: =L22/C22 -> 0.684 | N22: 1326 | O22: =N22/C22 -> 1.224 | P22: 858 | Q22: =P22/$C22 -> 0.792 | U22: =T22/I22 -> 0 | V22: =T22+S22+R22+P22+N22+L22+K22+J22+I22+H22+G22+F22 -> 11861 | W22: =V22/D22 -> 0.91238462 | X22: =V22/9 -> 1317.8889 | Y22: =X22+(X22*$Y$2) -> 1396.9622 | Z22: 1449.6778 | AA22: =Z22*12 -> 17396.133 | AB22: =(L22+N22+P22)/3 -> 975 | AF22: 1170 | AG22: =AF22/$AA22 -> 0.067256325 | AH22: 1386 | AI22: =AH22/$AA22 -> 0.079672877 | AJ22: 1932 | AK22: =AJ22/$AA22 -> 0.11105916 | AL22: 2226 | AM22: =AL22/$AA22 -> 0.12795947 | AN22: 1680 | AO22: =AN22/$AA22 -> 0.096573185 | AP22: 504 | AQ22: =AP22/$AA22 -> 0.028971955 | AR22: 126 | AS22: =AR22/$AA22 -> 0.0072429889 | AT22: 168 | AU22: =AT22/$AA22 -> 0.0096573185 | AV22: 672 | AW22: =AV22/$AA22 -> 0.038629274 | AY22: =AX22/$AA22 -> 0 | BA22: =AZ22/$AA22 -> 0 | BC22: =BB22/$AA22 -> 0 | BD22: =AF22+AH22+AJ22+AL22+AN22+AP22+AR22+AT22+AV22+AX22+AZ22+BB22 -> 9864 | BE22: =BD22/$AA22 -> 0.56702256
A23: RECEITAS CURSO DE VELA | B23: 547050 | C23: 54166.667 | D23: =SUM(D24:D27) -> 650000 | E23: =IFERROR((D23/B23)-1,0) -> 0.18819121 | F23: =SUM(F24:F27) -> 28201.41 | G23: =SUM(G24:G27) -> 55904.37 | H23: =SUM(H24:H27) -> 66876.38 | I23: =SUM(I24:I27) -> 64688.84 | J23: =SUM(J24:J27) -> 76900.79 | K23: =SUM(K24:K27) -> 103277.58 | L23: =SUM(L24:L27) -> 59195.99 | M23: =L23/C23 -> 1.092849 | N23: =SUM(N24:N27) -> 52008.9 | O23: =N23/C23 -> 0.96016431 | P23: =SUM(P24:P27) -> 50092.56 | Q23: =P23/$C23 -> 0.92478572 | R23: =SUM(R24:R27) -> 0 | S23: =SUM(S24:S27) -> 0 | T23: =SUM(T24:T27) -> 0 | U23: =T23/I23 -> 0 | V23: =SUM(V24:V27) -> 557146.82 | W23: =V23/D23 -> 0.85714895 | X23: =V23/9 -> 61905.202 | Y23: =SUM(Y24:Y27) -> 65619.514 | Z23: 68095.722 | AA23: =SUM(AA24:AA27) -> 817148.67 | AB23: =(L23+N23+P23)/3 -> 53765.817 | AF23: =SUM(AF24:AF27) -> 62458.02 | AG23: =AF23/$AA23 -> 0.076434096 | AH23: =SUM(AH24:AH27) -> 22561.42 | AI23: =AH23/$AA23 -> 0.027609933 | AJ23: =SUM(AJ24:AJ27) -> 54839.03 | AK23: =AJ23/$AA23 -> 0.067110224 | AL23: =SUM(AL24:AL27) -> 42969.64 | AM23: =AL23/$AA23 -> 0.05258485 | AN23: =SUM(AN24:AN27) -> 35577.21 | AO23: =AN23/$AA23 -> 0.043538234 | AP23: =SUM(AP24:AP27) -> 57308.09 | AQ23: =AP23/$AA23 -> 0.070131779 | AR23: =SUM(AR24:AR27) -> 59785.58 | AS23: =AR23/$AA23 -> 0.073163651 | AT23: =SUM(AT24:AT27) -> 27110.85 | AU23: =AT23/$AA23 -> 0.033177378 | AV23: =SUM(AV24:AV27) -> 37580.85 | AW23: =AV23/$AA23 -> 0.045990224 | AX23: =SUM(AX24:AX27) -> 0 | AY23: =AX23/$AA23 -> 0 | AZ23: =SUM(AZ24:AZ27) -> 0 | BA23: =AZ23/$AA23 -> 0 | BB23: =SUM(BB24:BB27) -> 0 | BC23: =BB23/$AA23 -> 0 | BD23: =SUM(BD24:BD27) -> 400190.69 | BE23: =BD23/$AA23 -> 0.48974037
A24: curso de vela | B24: 330750 | C24: 35416.667 | D24: 425000 | E24: =IFERROR((D24/B24)-1,0) -> 0.28495843 | F24: =1500.17 -> 1500.17 | G24: =37215+12260 -> 49475 | H24: =44264.82+15340 -> 59604.82 | I24: =42225+15470 -> 57695 | J24: =40002.5+9000+13895 -> 62897.5 | K24: =38170+1200+12330 -> 51700 | M24: =L24/C24 -> 0 | N24: =25450+11090 -> 36540 | O24: =N24/C24 -> 1.0317176 | P24: =33305+85+10060 -> 43450 | Q24: =P24/$C24 -> 1.2268235 | U24: =T24/I24 -> 0 | V24: =T24+S24+R24+P24+N24+L24+K24+J24+I24+H24+G24+F24 -> 362862.49 | W24: =V24/D24 -> 0.85379409 | X24: =V24/9 -> 40318.054 | Y24: =X24+(X24*$Y$2) -> 42737.138 | Z24: 44349.86 | AA24: =Z24*12 -> 532198.32 | AB24: =(L24+N24+P24)/3 -> 26663.333 | AF24: 460 | AG24: =AF24/$AA24 -> 0.00086433945 | AH24: =9110+6770 -> 15880 | AI24: =AH24/$AA24 -> 0.029838501 | AJ24: =13627.5+18000+9048 -> 40675.5 | AK24: =AJ24/$AA24 -> 0.076429216 | AL24: =23288+8050 -> 31338 | AM24: =AL24/$AA24 -> 0.058884064 | AN24: =20165+6970 -> 27135 | AO24: =AN24/$AA24 -> 0.050986632 | AP24: =17750+5570 -> 23320 | AQ24: =AP24/$AA24 -> 0.043818252 | AS24: =AR24/$AA24 -> 0 | AT24: =10567.5+4020 -> 14587.5 | AU24: =AT24/$AA24 -> 0.027409895 | AV24: =20882.5+4360 -> 25242.5 | AW24: =AV24/$AA24 -> 0.047430627 | AY24: =AX24/$AA24 -> 0 | BA24: =AZ24/$AA24 -> 0 | BC24: =BB24/$AA24 -> 0 | BD24: =AF24+AH24+AJ24+AL24+AN24+AP24+AR24+AT24+AV24+AX24+AZ24+BB24 -> 178638.5 | BE24: =BD24/$AA24 -> 0.33566153
A25: curso de vela adulto/arrais | B25: 126000 | C25: 8333.3333 | D25: 100000 | E25: =IFERROR((D25/B25)-1,0) -> -0.20634921 | F25: =5228.35 -> 5228.35 | G25: =5920 -> 5920 | H25: 6630 | I25: =5907.5 -> 5907.5 | J25: =8180+1200 -> 9380 | K25: =3520 -> 3520 | L25: =4150 -> 4150 | M25: =L25/C25 -> 0.498 | N25: =8895+1480 -> 10375 | O25: =N25/C25 -> 1.245 | P25: =4450+1480 -> 5930 | Q25: =P25/$C25 -> 0.7116 | U25: =T25/I25 -> 0 | V25: =T25+S25+R25+P25+N25+L25+K25+J25+I25+H25+G25+F25 -> 57040.85 | W25: =V25/D25 -> 0.5704085 | X25: =V25/9 -> 6337.8722 | Y25: =X25+(X25*$Y$2) -> 6718.1446 | Z25: 6971.6594 | AA25: =Z25*12 -> 83659.913 | AB25: =(L25+N25+P25)/3 -> 6818.3333 | AG25: =AF25/$AA25 -> 0 | AH25: =5295 -> 5295 | AI25: =AH25/$AA25 -> 0.063291961 | AJ25: =12641 -> 12641 | AK25: =AJ25/$AA25 -> 0.15109985 | AL25: =8600+500 -> 9100 | AM25: =AL25/$AA25 -> 0.10877372 | AN25: =5930 -> 5930 | AO25: =AN25/$AA25 -> 0.070882215 | AP25: =5325 -> 5325 | AQ25: =AP25/$AA25 -> 0.063650556 | AR25: 615 | AS25: =AR25/$AA25 -> 0.007351191 | AT25: 9425 | AU25: =AT25/$AA25 -> 0.1126585 | AV25: 10170 | AW25: =AV25/$AA25 -> 0.1215636 | AY25: =AX25/$AA25 -> 0 | BA25: =AZ25/$AA25 -> 0 | BC25: =BB25/$AA25 -> 0 | BD25: =AF25+AH25+AJ25+AL25+AN25+AP25+AR25+AT25+AV25+AX25+AZ25+BB25 -> 58501 | BE25: =BD25/$AA25 -> 0.69927158
A26: aluguel de barcos para a escola de vela | B26: 11550 | C26: 416.66667 | D26: 5000 | E26: =IFERROR((D26/B26)-1,0) -> -0.56709957 | F26: 64.39 | G26: 1289.37 | H26: 641.56 | I26: 1086.34 | J26: 1708.29 | K26: 128.78 | L26: 1255.99 | M26: =L26/C26 -> 3.014376 | N26: =1093.9+1900 -> 2993.9 | O26: =N26/C26 -> 7.18536 | P26: 712.56 | Q26: =P26/$C26 -> 1.710144 | U26: =T26/I26 -> 0 | V26: =T26+S26+R26+P26+N26+L26+K26+J26+I26+H26+G26+F26 -> 9881.18 | W26: =V26/D26 -> 1.976236 | X26: =V26/9 -> 1097.9089 | Y26: =X26+(X26*$Y$2) -> 1163.7834 | Z26: 1207.6998 | AA26: =Z26*12 -> 14492.397 | AB26: =(L26+N26+P26)/3 -> 1654.15 | AF26: 2433.02 | AG26: =AF26/$AA26 -> 0.16788251 | AH26: 1386.42 | AI26: =AH26/$AA26 -> 0.095665332 | AJ26: 1522.53 | AK26: =AJ26/$AA26 -> 0.10505715 | AL26: =1554.64+977 -> 2531.64 | AM26: =AL26/$AA26 -> 0.17468745 | AN26: =1737.21+775 -> 2512.21 | AO26: =AN26/$AA26 -> 0.17334675 | AP26: =14417.09 -> 14417.09 | AQ26: =AP26/$AA26 -> 0.99480367 | AR26: 4809.58 | AS26: =AR26/$AA26 -> 0.33186918 | AT26: 2768.35 | AU26: =AT26/$AA26 -> 0.19102085 | AV26: 2168.35 | AW26: =AV26/$AA26 -> 0.14961983 | AY26: =AX26/$AA26 -> 0 | BA26: =AZ26/$AA26 -> 0 | BC26: =BB26/$AA26 -> 0 | BD26: =AF26+AH26+AJ26+AL26+AN26+AP26+AR26+AT26+AV26+AX26+AZ26+BB26 -> 34549.19 | BE26: =BD26/$AA26 -> 2.3839527
A27: acampamento | B27: 78750 | C27: 10000 | D27: 120000 | E27: =IFERROR((D27/B27)-1,0) -> 0.52380952 | F27: =23038.5-1630 -> 21408.5 | G27: -780 | H27: 0 | J27: 2915 | K27: 47928.8 | L27: 53790 | M27: =L27/C27 -> 5.379 | N27: 2100 | O27: =N27/C27 -> 0.21 | Q27: =P27/$C27 -> 0 | U27: =T27/I27 -> #DIV/0! | V27: =T27+S27+R27+P27+N27+L27+K27+J27+I27+H27+G27+F27 -> 127362.3 | W27: =V27/D27 -> 1.0613525 | X27: =V27/9 -> 14151.367 | Y27: =X27+(X27*$Y$2) -> 15000.449 | Z27: 15566.503 | AA27: =Z27*12 -> 186798.04 | AB27: =(L27+N27+P27)/3 -> 18630 | AF27: 59565 | AG27: =AF27/$AA27 -> 0.3188738 | AI27: =AH27/$AA27 -> 0 | AK27: =AJ27/$AA27 -> 0 | AM27: =AL27/$AA27 -> 0 | AO27: =AN27/$AA27 -> 0 | AP27: =14246 -> 14246 | AQ27: =AP27/$AA27 -> 0.076264183 | AR27: 54361 | AS27: =AR27/$AA27 -> 0.29101483 | AT27: 330 | AU27: =AT27/$AA27 -> 0.0017666138 | AW27: =AV27/$AA27 -> 0 | AY27: =AX27/$AA27 -> 0 | BA27: =AZ27/$AA27 -> 0 | BC27: =BB27/$AA27 -> 0 | BD27: =AF27+AH27+AJ27+AL27+AN27+AP27+AR27+AT27+AV27+AX27+AZ27+BB27 -> 128502 | BE27: =BD27/$AA27 -> 0.68791942
A28: RECEITAS FINANCEIRAS | B28: 25000 | C28: 5833.3333 | D28: =D29 -> 70000 | E28: =IFERROR((D28/B28)-1,0) -> 1.8 | F28: =F29 -> 4947.87 | G28: =G29 -> 5242.73 | H28: =H29 -> 8175.67 | I28: =I29 -> 12315.92 | J28: =J29 -> 9857.24 | K28: =K29 -> 9875.9 | L28: =L29 -> 7706.82 | M28: =L28/C28 -> 1.3211691 | N28: =N29 -> 9828.14 | O28: =N28/C28 -> 1.684824 | P28: =P29 -> 2986.9 | Q28: =P28/$C28 -> 0.51204 | R28: =R29 -> 0 | S28: =S29 -> 0 | T28: =T29 -> 0 | U28: =T28/I28 -> 0 | V28: =V29 -> 70937.19 | W28: =V28/D28 -> 1.0133884 | X28: =V28/9 -> 7881.91 | Y28: =Y29 -> 8354.8246 | Z28: 8670.101 | AA28: =AA29 -> 36000 | AB28: =(L28+N28+P28)/3 -> 6840.62 | AF28: =AF29 -> 3124.8 | AG28: =AF28/$AA28 -> 0.0868 | AH28: =AH29 -> 2024.64 | AI28: =AH28/$AA28 -> 0.05624 | AJ28: =AJ29 -> 2568.9 | AK28: =AJ28/$AA28 -> 0.071358333 | AL28: =AL29 -> 3160.08 | AM28: =AL28/$AA28 -> 0.08778 | AN28: =AN29 -> 3606.44 | AO28: =AN28/$AA28 -> 0.10017889 | AP28: =AP29 -> 4008 | AQ28: =AP28/$AA28 -> 0.11133333 | AR28: =AR29 -> 3748.71 | AS28: =AR28/$AA28 -> 0.10413083 | AT28: =AT29 -> 4824 | AU28: =AT28/$AA28 -> 0.134 | AV28: =AV29 -> 3516.6 | AW28: =AV28/$AA28 -> 0.097683333 | AX28: =AX29 -> 0 | AY28: =AX28/$AA28 -> 0 | AZ28: =AZ29 -> 0 | BA28: =AZ28/$AA28 -> 0 | BB28: =BB29 -> 0 | BC28: =BB28/$AA28 -> 0 | BD28: =BD29 -> 30582.17 | BE28: =BD28/$AA28 -> 0.84950472
A29: Receitas Financeiras | B29: 25000 | C29: 5833.3333 | D29: 70000 | E29: =IFERROR((D29/B29)-1,0) -> 1.8 | F29: =9029.64-4935.81+854.04 -> 4947.87 | G29: =9641.21-4398.48 -> 5242.73 | H29: =7085.87-1924.47+3014.27 -> 8175.67 | I29: =11342.82+336.22+636.88 -> 12315.92 | J29: =8175.64+1681.6 -> 9857.24 | K29: 9875.9 | L29: 7706.82 | M29: =L29/C29 -> 1.3211691 | N29: 9828.14 | O29: =N29/C29 -> 1.684824 | P29: =8610.94-5624.04 -> 2986.9 | Q29: =P29/$C29 -> 0.51204 | U29: =T29/I29 -> 0 | V29: =T29+S29+R29+P29+N29+L29+K29+J29+I29+H29+G29+F29 -> 70937.19 | W29: =V29/D29 -> 1.0133884 | X29: =V29/9 -> 7881.91 | Y29: =X29+(X29*$Y$2) -> 8354.8246 | Z29: 3000 | AA29: =Z29*12 -> 36000 | AB29: =(L29+N29+P29)/3 -> 6840.62 | AF29: =866.59+2258.21 -> 3124.8 | AG29: =AF29/$AA29 -> 0.0868 | AH29: =737.5+1287.14 -> 2024.64 | AI29: =AH29/$AA29 -> 0.05624 | AJ29: 2568.9 | AK29: =AJ29/$AA29 -> 0.071358333 | AL29: =1518.51+1641.57 -> 3160.08 | AM29: =AL29/$AA29 -> 0.08778 | AN29: =2308.32+1298.12 -> 3606.44 | AO29: =AN29/$AA29 -> 0.10017889 | AP29: =2220.38+1787.62 -> 4008 | AQ29: =AP29/$AA29 -> 0.11133333 | AR29: =3748.71 -> 3748.71 | AS29: =AR29/$AA29 -> 0.10413083 | AT29: 4824 | AU29: =AT29/$AA29 -> 0.134 | AV29: =2006.64+1509.96 -> 3516.6 | AW29: =AV29/$AA29 -> 0.097683333 | AY29: =AX29/$AA29 -> 0 | BA29: =AZ29/$AA29 -> 0 | BC29: =BB29/$AA29 -> 0 | BD29: =AF29+AH29+AJ29+AL29+AN29+AP29+AR29+AT29+AV29+AX29+AZ29+BB29 -> 30582.17 | BE29: =BD29/$AA29 -> 0.84950472
A30: RECEITAS EVENTUAIS | B30: 151751 | C30: 35463.297 | D30: =SUM(D31:D34) -> 425559.56 | E30: =IFERROR((D30/B30)-1,0) -> 1.8043279 | F30: =SUM(F31:F34) -> 21919.81 | G30: =SUM(G31:G34) -> 34583.81 | H30: =SUM(H31:H34) -> 23772.81 | I30: =SUM(I31:I34) -> 33327.81 | J30: =SUM(J31:J34) -> 67120.81 | K30: =SUM(K31:K34) -> 26557.81 | L30: =SUM(L31:L34) -> 83891.81 | M30: =L30/C30 -> 2.3655954 | N30: =SUM(N31:N34) -> 61742.8 | O30: =N30/C30 -> 1.7410339 | P30: =SUM(P31:P34) -> 61639.81 | Q30: =P30/$C30 -> 1.7381297 | R30: =SUM(R31:R34) -> 0 | S30: =SUM(S31:S34) -> 0 | T30: =SUM(T31:T34) -> 0 | U30: =T30/I30 -> 0 | V30: =SUM(V31:V34) -> 414557.28 | W30: =V30/D30 -> 0.97414632 | X30: =V30/9 -> 46061.92 | Y30: =SUM(Y31:Y34) -> 48825.635 | Z30: 50668.112 | AA30: =SUM(AA31:AA34) -> 432000 | AB30: =(L30+N30+P30)/3 -> 69091.473 | AF30: =SUM(AF31:AF34) -> 14185.48 | AG30: =AF30/$AA30 -> 0.032836759 | AH30: =SUM(AH31:AH34) -> 46873.48 | AI30: =AH30/$AA30 -> 0.10850343 | AJ30: =SUM(AJ31:AJ34) -> 26903.48 | AK30: =AJ30/$AA30 -> 0.062276574 | AL30: =SUM(AL31:AL34) -> 10518.48 | AM30: =AL30/$AA30 -> 0.024348333 | AN30: =SUM(AN31:AN34) -> 67302.48 | AO30: =AN30/$AA30 -> 0.15579278 | AP30: =SUM(AP31:AP34) -> 16923.98 | AQ30: =AP30/$AA30 -> 0.03917588 | AR30: =SUM(AR31:AR34) -> 6628.48 | AS30: =AR30/$AA30 -> 0.015343704 | AT30: =SUM(AT31:AT34) -> 9820.98 | AU30: =AT30/$AA30 -> 0.02273375 | AV30: =SUM(AV31:AV34) -> 4740.48 | AW30: =AV30/$AA30 -> 0.010973333 | AX30: =SUM(AX31:AX34) -> 0 | AY30: =AX30/$AA30 -> 0 | AZ30: =SUM(AZ31:AZ34) -> 0 | BA30: =AZ30/$AA30 -> 0 | BB30: =SUM(BB31:BB34) -> 0 | BC30: =BB30/$AA30 -> 0 | BD30: =SUM(BD31:BD34) -> 197068.32 | BE30: =BD30/$AA30 -> 0.45617667
A31: Tx transferência | B31: 0 | C31: 16666.667 | D31: 200000 | E31: =IFERROR((D31/B31)-1,0) -> 0 | F31: 20000 | G31: 20000 | H31: 20300 | I31: 20000 | J31: 40000 | K31: 20000 | L31: 40000 | M31: =L31/C31 -> 2.4 | N31: 40000 | O31: =N31/C31 -> 2.4 | P31: 40000 | Q31: =P31/$C31 -> 2.4 | U31: =T31/I31 -> 0 | V31: =T31+S31+R31+P31+N31+L31+K31+J31+I31+H31+G31+F31 -> 260300 | W31: =V31/D31 -> 1.3015 | X31: =V31/9 -> 28922.222 | Y31: =X31+(X31*$Y$2) -> 30657.556 | Z31: =30000 -> 30000 | AA31: =Z31*12 -> 360000 | AB31: =(L31+N31+P31)/3 -> 40000 | AG31: =AF31/$AA31 -> 0 | AH31: 40000 | AI31: =AH31/$AA31 -> 0.11111111 | AJ31: 20000 | AK31: =AJ31/$AA31 -> 0.055555556 | AM31: =AL31/$AA31 -> 0 | AN31: 20000 | AO31: =AN31/$AA31 -> 0.055555556 | AP31: 8000 | AQ31: =AP31/$AA31 -> 0.022222222 | AS31: =AR31/$AA31 -> 0 | AU31: =AT31/$AA31 -> 0 | AW31: =AV31/$AA31 -> 0 | AY31: =AX31/$AA31 -> 0 | BA31: =AZ31/$AA31 -> 0 | BC31: =BB31/$AA31 -> 0 | BD31: =AF31+AH31+AJ31+AL31+AN31+AP31+AR31+AT31+AV31+AX31+AZ31+BB31 -> 88000 | BE31: =BD31/$AA31 -> 0.24444444
A32: título | B32: 0 | C32: 4166.6667 | D32: 50000 | E32: =IFERROR((D32/B32)-1,0) -> 0 | F32: 0 | J32: 10000 | L32: 5000 | M32: =L32/C32 -> 1.2 | N32: 10000 | O32: =N32/C32 -> 2.4 | P32: 10000 | Q32: =P32/$C32 -> 2.4 | U32: =T32/I32 -> #DIV/0! | V32: =T32+S32+R32+P32+N32+L32+K32+J32+I32+H32+G32+F32 -> 35000 | W32: =V32/D32 -> 0.7 | X32: =V32/9 -> 3888.8889 | Y32: =X32+(X32*$Y$2) -> 4122.2222 | Z32: 5000 | AA32: =Z32*12 -> 60000 | AB32: =(L32+N32+P32)/3 -> 8333.3333 | AG32: =AF32/$AA32 -> 0 | AH32: 5000 | AI32: =AH32/$AA32 -> 0.083333333 | AK32: =AJ32/$AA32 -> 0 | AL32: 5000 | AM32: =AL32/$AA32 -> 0.083333333 | AN32: 12500 | AO32: =AN32/$AA32 -> 0.20833333 | AQ32: =AP32/$AA32 -> 0 | AR32: 4000 | AS32: =AR32/$AA32 -> 0.066666667 | AT32: 5000 | AU32: =AT32/$AA32 -> 0.083333333 | AW32: =AV32/$AA32 -> 0 | AY32: =AX32/$AA32 -> 0 | BA32: =AZ32/$AA32 -> 0 | BC32: =BB32/$AA32 -> 0 | BD32: =AF32+AH32+AJ32+AL32+AN32+AP32+AR32+AT32+AV32+AX32+AZ32+BB32 -> 31500 | BE32: =BD32/$AA32 -> 0.525
A33: aluguel sede | B33: 151751 | C33: 14629.963 | D33: =C33*12 -> 175559.56 | E33: =IFERROR((D33/B33)-1,0) -> 0.15689228 | F33: =576+1343.81 -> 1919.81 | G33: 14583.81 | H33: =1013+2459.81 -> 3472.81 | I33: =4826+8501.81 -> 13327.81 | J33: =3660+13460.81 -> 17120.81 | K33: =1457+5100.81 -> 6557.81 | L33: =1664+227.81 -> 1891.81 | M33: =L33/C33 -> 0.12931065 | N33: =1514.99+34227.81-24000 -> 11742.8 | O33: =N33/C33 -> 0.8026541 | P33: =1412+40227.81-30000 -> 11639.81 | Q33: =P33/$C33 -> 0.79561443 | U33: =T33/I33 -> 0 | V33: =T33+S33+R33+P33+N33+L33+K33+J33+I33+H33+G33+F33 -> 82257.28 | W33: =V33/D33 -> 0.46854344 | X33: =V33/9 -> 9139.6978 | Y33: =X33+(X33*$Y$2) -> 9688.0796 | Z33: 1000 | AA33: =Z33*12 -> 12000 | AB33: =(L33+N33+P33)/3 -> 8424.8067 | AC33: Explicar razão do valor não acompanhar 2022 | AF33: =13944+241.48 -> 14185.48 | AG33: =AF33/$AA33 -> 1.1821233 | AH33: =1632+241.48 -> 1873.48 | AI33: =AH33/$AA33 -> 0.15612333 | AJ33: =6662+241.48 -> 6903.48 | AK33: =AJ33/$AA33 -> 0.57529 | AL33: =4477+1041.48 -> 5518.48 | AM33: =AL33/$AA33 -> 0.45987333 | AN33: =4561+30241.48 -> 34802.48 | AO33: =AN33/$AA33 -> 2.9002067 | AP33: =1853.5+241.48 -> 2094.98 | AQ33: =AP33/$AA33 -> 0.17458167 | AR33: =2387+241.48 -> 2628.48 | AS33: =AR33/$AA33 -> 0.21904 | AT33: =4579.5+241.48 -> 4820.98 | AU33: =AT33/$AA33 -> 0.40174833 | AV33: =4499+241.48 -> 4740.48 | AW33: =AV33/$AA33 -> 0.39504 | AY33: =AX33/$AA33 -> 0 | BA33: =AZ33/$AA33 -> 0 | BC33: =BB33/$AA33 -> 0 | BD33: =AF33+AH33+AJ33+AL33+AN33+AP33+AR33+AT33+AV33+AX33+AZ33+BB33 -> 77568.32 | BE33: =BD33/$AA33 -> 6.4640267
A34: venda de imobilizado / doações | L34: 37000 | O34: =N34/C34 -> #DIV/0! | Q34: =P34/$C34 -> #DIV/0! | V34: =T34+S34+R34+P34+N34+L34+K34+J34+I34+H34+G34+F34 -> 37000 | X34: =V34/9 -> 4111.1111 | Y34: =X34+(X34*$Y$2) -> 4357.7778 | Z34: 0 | AA34: =Z34*12 -> 0 | AB34: =(L34+N34+P34)/3 -> 12333.333 | AP34: 6829
A35: RECEITAS DIRETORIA DE VELA | B35: 319400 | C35: 20916.667 | D35: =SUM(D36:D41) -> 251000 | E35: =IFERROR((D35/B35)-1,0) -> -0.21415153 | F35: =SUM(F36:F41) -> 0 | G35: =SUM(G36:G41) -> 71951 | H35: =SUM(H36:H41) -> 31110.97 | I35: =SUM(I36:I41) -> 45624.96 | J35: =SUM(J36:J41) -> 36870 | K35: =SUM(K36:K41) -> 37680 | L35: =SUM(L36:L41) -> 27800 | M35: =L35/C35 -> 1.3290837 | N35: =SUM(N36:N41) -> 40500 | O35: =N35/C35 -> 1.936255 | P35: =SUM(P36:P41) -> 70094.97 | Q35: =P35/$C35 -> 3.3511539 | R35: =SUM(R36:R41) -> 0 | S35: =SUM(S36:S41) -> 0 | T35: =SUM(T36:T41) -> 0 | U35: =T35/I35 -> 0 | V35: =SUM(V36:V41) -> 361631.9 | W35: =V35/D35 -> 1.4407645 | X35: =V35/9 -> 40181.322 | Y35: =SUM(Y36:Y41) -> 42592.202 | Z35: 44199.454 | AA35: =SUM(AA36:AA41) -> 530393.45 | AB35: =(L35+N35+P35)/3 -> 46131.657 | AF35: =SUM(AF36:AF41) -> 2500 | AG35: =AF35/$AA35 -> 0.004713482 | AH35: =SUM(AH36:AH41) -> 34297.83 | AI35: =AH35/$AA35 -> 0.064664882 | AJ35: =SUM(AJ36:AJ41) -> 41163 | AK35: =AJ35/$AA35 -> 0.077608424 | AL35: =SUM(AL36:AL41) -> 36183.77 | AM35: =AL35/$AA35 -> 0.06822062 | AN35: =SUM(AN36:AN41) -> 38603.68 | AO35: =AN35/$AA35 -> 0.0727831 | AP35: =SUM(AP36:AP41) -> 38902.6 | AQ35: =AP35/$AA35 -> 0.073346682 | AR35: =SUM(AR36:AR41) -> 39390.25 | AS35: =AR35/$AA35 -> 0.074266094 | AT35: =SUM(AT36:AT41) -> 33417.6 | AU35: =AT35/$AA35 -> 0.063005303 | AV35: =SUM(AV36:AV41) -> 35253 | AW35: =AV35/$AA35 -> 0.066465753 | AX35: =SUM(AX36:AX41) -> 0 | AY35: =AX35/$AA35 -> 0 | AZ35: =SUM(AZ36:AZ41) -> 0 | BA35: =AZ35/$AA35 -> 0 | BB35: =SUM(BB36:BB41) -> 0 | BC35: =BB35/$AA35 -> 0 | BD35: =SUM(BD36:BD41) -> 299711.73 | BE35: =BD35/$AA35 -> 0.56507434
A36: Eventos Náuticos | B36: 20000 | C36: 2500 | D36: 30000 | E36: =IFERROR((D36/B36)-1,0) -> 0.5 | F36: 0 | G36: 48861 | H36: 450 | I36: 13150 | J36: 1200 | K36: 1350 | L36: 1350 | M36: =L36/C36 -> 0.54 | N36: 1800 | O36: =N36/C36 -> 0.72 | P36: 1250 | Q36: =P36/$C36 -> 0.5 | U36: =T36/I36 -> 0 | V36: =T36+S36+R36+P36+N36+L36+K36+J36+I36+H36+G36+F36 -> 69411 | W36: =V36/D36 -> 2.3137 | X36: =V36/9 -> 7712.3333 | Y36: =X36+(X36*$Y$2) -> 8175.0733 | Z36: 8483.5667 | AA36: =Z36*12 -> 101802.8 | AB36: =(L36+N36+P36)/3 -> 1466.6667 | AC36: Avaliar quais eventos náuticos teremos | AG36: =AF36/$AA36 -> 0 | AH36: 2638 | AI36: =AH36/$AA36 -> 0.025912843 | AJ36: 801 | AK36: =AJ36/$AA36 -> 0.0078681529 | AL36: 2400 | AM36: =AL36/$AA36 -> 0.02357499 | AO36: =AN36/$AA36 -> 0 | AP36: 159 | AQ36: =AP36/$AA36 -> 0.0015618431 | AR36: 2166.65 | AS36: =AR36/$AA36 -> 0.021282813 | AT36: 1159 | AU36: =AT36/$AA36 -> 0.011384756 | AV36: 159 | AW36: =AV36/$AA36 -> 0.0015618431 | AY36: =AX36/$AA36 -> 0 | BA36: =AZ36/$AA36 -> 0 | BC36: =BB36/$AA36 -> 0 | BD36: =AF36+AH36+AJ36+AL36+AN36+AP36+AR36+AT36+AV36+AX36+AZ36+BB36 -> 9482.65 | BE36: =BD36/$AA36 -> 0.093147242
A37: Inscrições de regatas | B37: 25000 | C37: 1250 | D37: 15000 | E37: =IFERROR((D37/B37)-1,0) -> -0.4 | F37: 0 | H37: 4900.97 | I37: 6350 | J37: 9150 | K37: 10820 | M37: =L37/C37 -> 0 | N37: 8180 | O37: =N37/C37 -> 6.544 | P37: 820 | Q37: =P37/$C37 -> 0.656 | U37: =T37/I37 -> 0 | V37: =T37+S37+R37+P37+N37+L37+K37+J37+I37+H37+G37+F37 -> 40220.97 | W37: =V37/D37 -> 2.681398 | X37: =V37/9 -> 4468.9967 | Y37: =X37+(X37*$Y$2) -> 4737.1365 | Z37: 4915.8963 | AA37: =Z37*12 -> 58990.756 | AB37: =(L37+N37+P37)/3 -> 3000 | AC37: Avaliar se quantidade e tamanho de regatas comparável com 2022 | AG37: =AF37/$AA37 -> 0 | AI37: =AH37/$AA37 -> 0 | AJ37: 5180 | AK37: =AJ37/$AA37 -> 0.087810368 | AM37: =AL37/$AA37 -> 0 | AN37: 4160.08 | AO37: =AN37/$AA37 -> 0.07052088 | AP37: 3300 | AQ37: =AP37/$AA37 -> 0.055940968 | AR37: 330 | AS37: =AR37/$AA37 -> 0.0055940968 | AU37: =AT37/$AA37 -> 0 | AW37: =AV37/$AA37 -> 0 | AY37: =AX37/$AA37 -> 0 | BA37: =AZ37/$AA37 -> 0 | BC37: =BB37/$AA37 -> 0 | BD37: =AF37+AH37+AJ37+AL37+AN37+AP37+AR37+AT37+AV37+AX37+AZ37+BB37 -> 12970.08 | BE37: =BD37/$AA37 -> 0.21986631
A38: Uniforme flotilha | B38: 0 | C38: 1666.6667 | D38: 20000 | E38: =IFERROR((D38/B38)-1,0) -> 0 | F38: 0 | M38: =L38/C38 -> 0 | O38: =N38/C38 -> 0 | P38: 32820 | Q38: =P38/$C38 -> 19.692 | U38: =T38/I38 -> #DIV/0! | V38: =T38+S38+R38+P38+N38+L38+K38+J38+I38+H38+G38+F38 -> 32820 | W38: =V38/D38 -> 1.641 | X38: =V38/9 -> 3646.6667 | Y38: =X38+(X38*$Y$2) -> 3865.4667 | Z38: 4011.3333 | AA38: =Z38*12 -> 48136 | AB38: =(L38+N38+P38)/3 -> 10940 | AC38: Estimar se haverá renovação de uniformes dados que os gastos ocorreram nos meses mais próximos ao final do ano | AG38: =AF38/$AA38 -> 0 | AI38: =AH38/$AA38 -> 0 | AK38: =AJ38/$AA38 -> 0 | AM38: =AL38/$AA38 -> 0 | AO38: =AN38/$AA38 -> 0 | AQ38: =AP38/$AA38 -> 0 | AS38: =AR38/$AA38 -> 0 | AU38: =AT38/$AA38 -> 0 | AW38: =AV38/$AA38 -> 0 | AY38: =AX38/$AA38 -> 0 | BA38: =AZ38/$AA38 -> 0 | BC38: =BB38/$AA38 -> 0 | BD38: =AF38+AH38+AJ38+AL38+AN38+AP38+AR38+AT38+AV38+AX38+AZ38+BB38 -> 0 | BE38: =BD38/$AA38 -> 0
A39: FEVESP - Patrocinio (juizes) | B39: 0 | C39: 0 | D39: 0 | E39: =IFERROR((D39/B39)-1,0) -> 0 | F39: 0 | M39: =L39/C39 -> #DIV/0! | O39: =N39/C39 -> #DIV/0! | Q39: =P39/$C39 -> #DIV/0! | U39: =T39/I39 -> #DIV/0! | V39: =T39+S39+R39+P39+N39+L39+K39+J39+I39+H39+G39+F39 -> 0 | W39: =V39/D39 -> #DIV/0! | X39: =V39/9 -> 0 | Y39: =X39+(X39*$Y$2) -> 0 | Z39: 0 | AA39: =Z39*12 -> 0 | AB39: =(L39+N39+P39)/3 -> 0 | BD39: =AF39+AH39+AJ39+AL39+AN39+AP39+AR39+AT39+AV39+AX39+AZ39+BB39 -> 0
A40: Aluguel de barcos | B40: 11000 | C40: 833.33333 | D40: 10000 | E40: =IFERROR((D40/B40)-1,0) -> -0.090909091 | F40: 0 | M40: =L40/C40 -> 0 | O40: =N40/C40 -> 0 | Q40: =P40/$C40 -> 0 | U40: =T40/I40 -> #DIV/0! | V40: =T40+S40+R40+P40+N40+L40+K40+J40+I40+H40+G40+F40 -> 0 | W40: =V40/D40 -> 0 | X40: =V40/9 -> 0 | Y40: =X40+(X40*$Y$2) -> 0 | Z40: 0 | AA40: =Z40*12 -> 0 | AB40: =(L40+N40+P40)/3 -> 0 | BD40: =AF40+AH40+AJ40+AL40+AN40+AP40+AR40+AT40+AV40+AX40+AZ40+BB40 -> 0
A41: Acompanhamento técnico | B41: 263400 | C41: 14666.667 | D41: 176000 | E41: =IFERROR((D41/B41)-1,0) -> -0.33181473 | F41: 0 | G41: 23090 | H41: 25760 | I41: 26124.96 | J41: 26520 | K41: 25510 | L41: 26450 | M41: =L41/C41 -> 1.8034091 | N41: 30520 | O41: =N41/C41 -> 2.0809091 | P41: 35204.97 | Q41: =P41/$C41 -> 2.4003389 | U41: =T41/I41 -> 0 | V41: =T41+S41+R41+P41+N41+L41+K41+J41+I41+H41+G41+F41 -> 219179.93 | W41: =V41/D41 -> 1.2453405 | X41: =V41/9 -> 24353.326 | Y41: =X41+(X41*$Y$2) -> 25814.525 | Z41: 26788.658 | AA41: =Z41*12 -> 321463.9 | AB41: =(L41+N41+P41)/3 -> 30724.99 | AF41: 2500 | AG41: =AF41/$AA41 -> 0.0077769231 | AH41: 31659.83 | AI41: =AH41/$AA41 -> 0.098486425 | AJ41: 35182 | AK41: =AJ41/$AA41 -> 0.10944308 | AL41: 33783.77 | AM41: =AL41/$AA41 -> 0.10509351 | AN41: 34443.6 | AO41: =AN41/$AA41 -> 0.10714609 | AP41: 35443.6 | AQ41: =AP41/$AA41 -> 0.11025686 | AR41: 36893.6 | AS41: =AR41/$AA41 -> 0.11476748 | AT41: 32258.6 | AU41: =AT41/$AA41 -> 0.10034906 | AV41: 35094 | AW41: =AV41/$AA41 -> 0.10916934 | AY41: =AX41/$AA41 -> 0 | BA41: =AZ41/$AA41 -> 0 | BC41: =BB41/$AA41 -> 0 | BD41: =AF41+AH41+AJ41+AL41+AN41+AP41+AR41+AT41+AV41+AX41+AZ41+BB41 -> 277259 | BE41: =BD41/$AA41 -> 0.86248877
A42: RECEITAS DIRETORIA SOCIAL | B42: 62980.73 | C42: 6666.6667 | D42: =SUM(D43:D46) -> 80000 | E42: =IFERROR((D42/B42)-1,0) -> 0.2702298 | F42: =SUM(F43:F46) -> 0 | G42: =SUM(G43:G46) -> 0 | H42: =SUM(H43:H46) -> 0 | I42: =SUM(I43:I46) -> 24643.4 | J42: =SUM(J43:J46) -> 1440 | K42: =SUM(K43:K46) -> 65820 | L42: =SUM(L43:L46) -> 0 | M42: =L42/C42 -> 0 | N42: =SUM(N43:N46) -> 0 | O42: =N42/C42 -> 0 | P42: =SUM(P43:P46) -> 0 | Q42: =P42/$C42 -> 0 | R42: =SUM(R43:R46) -> 0 | S42: =SUM(S43:S46) -> 0 | T42: =SUM(T43:T46) -> 0 | U42: =T42/I42 -> 0 | V42: =SUM(V43:V46) -> 91903.4 | W42: =V42/D42 -> 1.1487925 | X42: =V42/9 -> 10211.489 | Y42: =SUM(Y43:Y46) -> 10824.178 | Z42: 11232.638 | AA42: =SUM(AA43:AA46) -> 121860 | AB42: =(L42+N42+P42)/3 -> 0 | AC42: Outras receitas de diretoria social? | AF42: =SUM(AF43:AF46) -> 0 | AG42: =AF42/$AA42 -> 0 | AH42: =SUM(AH43:AH46) -> 0 | AI42: =AH42/$AA42 -> 0 | AJ42: =SUM(AJ43:AJ46) -> 0 | AK42: =AJ42/$AA42 -> 0 | AL42: =SUM(AL43:AL46) -> 80 | AM42: =AL42/$AA42 -> 0.00065649106 | AN42: =SUM(AN43:AN46) -> 27835.21 | AO42: =AN42/$AA42 -> 0.22841958 | AP42: =SUM(AP43:AP46) -> 69375 | AQ42: =AP42/$AA42 -> 0.56930084 | AR42: =SUM(AR43:AR46) -> 0 | AS42: =AR42/$AA42 -> 0 | AT42: =SUM(AT43:AT46) -> 0 | AU42: =AT42/$AA42 -> 0 | AV42: =SUM(AV43:AV46) -> 720 | AW42: =AV42/$AA42 -> 0.0059084195 | AX42: =SUM(AX43:AX46) -> 0 | AY42: =AX42/$AA42 -> 0 | AZ42: =SUM(AZ43:AZ46) -> 0 | BA42: =AZ42/$AA42 -> 0 | BB42: =SUM(BB43:BB46) -> 0 | BC42: =BB42/$AA42 -> 0 | BD42: =SUM(BD43:BD46) -> 98010.21 | BE42: =BD42/$AA42 -> 0.80428533
A43: Festas Oktoberfest | B43: 0 | C43: 416.66667 | D43: 5000 | E43: =IFERROR((D43/B43)-1,0) -> 0 | F43: 0 | M43: =L43/C43 -> 0 | O43: =N43/C43 -> 0 | Q43: =P43/$C43 -> 0 | U43: =T43/I43 -> #DIV/0! | V43: =T43+S43+R43+P43+N43+L43+K43+J43+I43+H43+G43+F43 -> 0 | W43: =V43/D43 -> 0 | X43: =V43/9 -> 0 | Y43: =X43+(X43*$Y$2) -> 0 | Z43: 0 | AA43: =Z43*12 -> 0 | AB43: =(L43+N43+P43)/3 -> 0 | AC43: Valores muito baixos se comparados com despesas | BD43: =AF43+AH43+AJ43+AL43+AN43+AP43+AR43+AT43+AV43+AX43+AZ43+BB43 -> 0
A44: Festa Flash Back | B44: 14470.73 | C44: 1666.6667 | D44: 20000 | E44: =IFERROR((D44/B44)-1,0) -> 0.38210028 | F44: 0 | I44: 24643.4 | M44: =L44/C44 -> 0 | O44: =N44/C44 -> 0 | Q44: =P44/$C44 -> 0 | U44: =T44/I44 -> 0 | V44: =T44+S44+R44+P44+N44+L44+K44+J44+I44+H44+G44+F44 -> 24643.4 | W44: =V44/D44 -> 1.23217 | X44: =V44/9 -> 2738.1556 | Y44: =X44+(X44*$Y$2) -> 2902.4449 | Z44: 2250 | AA44: =Z44*12 -> 27000 | AB44: =(L44+N44+P44)/3 -> 0 | AG44: =AF44/$AA44 -> 0 | AI44: =AH44/$AA44 -> 0 | AK44: =AJ44/$AA44 -> 0 | AL44: 80 | AM44: =AL44/$AA44 -> 0.002962963 | AN44: 27115.21 | AO44: =AN44/$AA44 -> 1.004267 | AQ44: =AP44/$AA44 -> 0 | AS44: =AR44/$AA44 -> 0 | AU44: =AT44/$AA44 -> 0 | AW44: =AV44/$AA44 -> 0 | AY44: =AX44/$AA44 -> 0 | BA44: =AZ44/$AA44 -> 0 | BC44: =BB44/$AA44 -> 0 | BD44: =AF44+AH44+AJ44+AL44+AN44+AP44+AR44+AT44+AV44+AX44+AZ44+BB44 -> 27195.21 | BE44: =BD44/$AA44 -> 1.00723
A45: Festas Junina | B45: 48510 | C45: 4583.3333 | D45: 55000 | E45: =IFERROR((D45/B45)-1,0) -> 0.13378685 | F45: 0 | J45: 1440 | K45: 65820 | M45: =L45/C45 -> 0 | O45: =N45/C45 -> 0 | Q45: =P45/$C45 -> 0 | U45: =T45/I45 -> #DIV/0! | V45: =T45+S45+R45+P45+N45+L45+K45+J45+I45+H45+G45+F45 -> 67260 | W45: =V45/D45 -> 1.2229091 | X45: =V45/9 -> 7473.3333 | Y45: =X45+(X45*$Y$2) -> 7921.7333 | Z45: 5605 | AA45: =Z45*12 -> 67260 | AB45: =(L45+N45+P45)/3 -> 0 | AG45: =AF45/$AA45 -> 0 | AI45: =AH45/$AA45 -> 0 | AK45: =AJ45/$AA45 -> 0 | AM45: =AL45/$AA45 -> 0 | AN45: 720 | AO45: =AN45/$AA45 -> 0.010704728 | AP45: 69375 | AQ45: =AP45/$AA45 -> 1.0314451 | AS45: =AR45/$AA45 -> 0 | AU45: =AT45/$AA45 -> 0 | AW45: =AV45/$AA45 -> 0 | AY45: =AX45/$AA45 -> 0 | BA45: =AZ45/$AA45 -> 0 | BC45: =BB45/$AA45 -> 0 | BD45: =AF45+AH45+AJ45+AL45+AN45+AP45+AR45+AT45+AV45+AX45+AZ45+BB45 -> 70095 | BE45: =BD45/$AA45 -> 1.0421499
A46: Bazar YCSA | B46: 0 | C46: 0 | D46: 0 | E46: =IFERROR((D46/B46)-1,0) -> 0 | F46: 0 | O46: =N46/C46 -> #DIV/0! | Q46: =P46/$C46 -> #DIV/0! | V46: =T46+S46+R46+P46+N46+L46+K46+J46+I46+H46+G46+F46 -> 0 | W46: =V46/D46 -> #DIV/0! | X46: =V46/9 -> 0 | Y46: =X46+(X46*$Y$2) -> 0 | Z46: 2300 | AA46: =Z46*12 -> 27600 | AB46: =(L46+N46+P46)/3 -> 0 | AG46: =AF46/$AA46 -> 0 | AI46: =AH46/$AA46 -> 0 | AK46: =AJ46/$AA46 -> 0 | AM46: =AL46/$AA46 -> 0 | AO46: =AN46/$AA46 -> 0 | AQ46: =AP46/$AA46 -> 0 | AS46: =AR46/$AA46 -> 0 | AU46: =AT46/$AA46 -> 0 | AV46: 720 | AW46: =AV46/$AA46 -> 0.026086957 | AY46: =AX46/$AA46 -> 0 | BA46: =AZ46/$AA46 -> 0 | BC46: =BB46/$AA46 -> 0 | BD46: =AF46+AH46+AJ46+AL46+AN46+AP46+AR46+AT46+AV46+AX46+AZ46+BB46 -> 720 | BE46: =BD46/$AA46 -> 0.026086957
A47: DESPESAS TOTAIS | B47: 3871348.6 | C47: 368800.99 | D47: =D48+D88+D110+D128+D145+D142+D152+D104 -> 4372853.9 | E47: =IFERROR((D47/B47)-1,0) -> 0.12954281 | F47: =F48+F88+F110+F128+F145+F142+F152+F104 -> 319313.91 | G47: =G48+G88+G110+G128+G145+G142+G152+G104 -> 299456.33 | H47: =H48+H88+H110+H128+H145+H142+H152+H104 -> 319676 | I47: =I48+I88+I110+I128+I145+I142+I152+I104 -> 450150.23 | J47: =J48+J88+J110+J128+J145+J142+J152+J104 -> 424057.8 | K47: =K48+K88+K110+K128+K145+K142+K152+K104 -> 443345.81 | L47: =L48+L88+L110+L128+L145+L142+L152+L104 -> 302256.38 | M47: =L47/C47 -> 0.819565 | N47: =N48+N88+N110+N128+N145+N142+N152+N104 -> 402002.19 | O47: =N47/C47 -> 1.0900247 | P47: =P48+P88+P110+P128+P145+P142+P152+P104 -> 394968.66 | Q47: =P47/$C47 -> 1.0709534 | R47: =R48+R88+R110+R128+R145+R142+R152+R104 -> 0 | S47: =S48+S88+S110+S128+S145+S142+S152+S104 -> 0 | T47: =T48+T88+T110+T128+T145+T142+T152+T104 -> 0 | U47: =T47/I47 -> 0 | V47: =V48+V88+V110+V128+V145+V142+V152+V104 -> 3441243.1 | W47: =V47/D47 -> 0.78695588 | X47: =V47/9 -> 382360.35 | Y47: =Y48+Y88+Y110+Y128+Y145+Y142+Y152+Y104 -> 405301.97 | Z47: 420596.38 | AA47: =AA48+AA88+AA110+AA128+AA145+AA142+AA152+AA104 -> 4973155.6 | AB47: =(L47+N47+P47)/3 -> 366409.08 | AF47: =AF48+AF88+AF110+AF128+AF145+AF142+AF152+AF104 -> 341611.16 | AG47: =AF47/$AA47 -> 0.068691026 | AH47: =AH48+AH88+AH110+AH128+AH145+AH142+AH152+AH104 -> 419653.23 | AI47: =AH47/$AA47 -> 0.084383693 | AJ47: =AJ48+AJ88+AJ110+AJ128+AJ145+AJ142+AJ152+AJ104 -> 333438.27 | AK47: =AJ47/$AA47 -> 0.067047625 | AL47: =AL48+AL88+AL110+AL128+AL145+AL142+AL152+AL104 -> 361502.8 | AM47: =AL47/$AA47 -> 0.072690829 | AN47: =AN48+AN88+AN110+AN128+AN145+AN142+AN152+AN104 -> 354434.23 | AO47: =AN47/$AA47 -> 0.071269484 | AP47: =AP48+AP88+AP110+AP128+AP145+AP142+AP152+AP104 -> 476040.93 | AQ47: =AP47/$AA47 -> 0.095722107 | AR47: =AR48+AR88+AR110+AR128+AR145+AR142+AR152+AR104 -> 359575.55 | AS47: =AR47/$AA47 -> 0.072303298 | AT47: =AT48+AT88+AT110+AT128+AT145+AT142+AT152+AT104 -> 355865.81 | AU47: =AT47/$AA47 -> 0.071557345 | AV47: =AV48+AV88+AV110+AV128+AV145+AV142+AV152+AV104 -> 452841.17 | AW47: =AV47/$AA47 -> 0.091057109 | AX47: =AX48+AX88+AX110+AX128+AX145+AX142+AX152+AX104 -> 0 | AY47: =AX47/$AA47 -> 0 | AZ47: =AZ48+AZ88+AZ110+AZ128+AZ145+AZ142+AZ152+AZ104 -> 0 | BA47: =AZ47/$AA47 -> 0 | BB47: =BB48+BB88+BB110+BB128+BB145+BB142+BB152+BB104 -> 0 | BC47: =BB47/$AA47 -> 0 | BD47: =BD48+BD88+BD110+BD128+BD145+BD142+BD152+BD104 -> 3454213.1 | BE47: =BD47/$AA47 -> 0.69457171
A48: Diretor Secretário | B48: 2429005.1 | C48: 218524.43 | D48: =D49+D62+D64+D72+D79 -> 2642535.3 | E48: =IFERROR((D48/B48)-1,0) -> 0.08790851 | F48: =F49+F62+F64+F72+F79 -> 210913.74 | G48: =G49+G62+G64+G72+G79 -> 201603.92 | H48: =H49+H62+H64+H72+H79 -> 173976.21 | I48: =I49+I62+I64+I72+I79 -> 257532.87 | J48: =J49+J62+J64+J72+J79 -> 237061.59 | K48: =K49+K62+K64+K72+K79 -> 211749.69 | L48: =L49+L62+L64+L72+L79 -> 203164.79 | M48: =L48/C48 -> 0.92971201 | N48: =N49+N62+N64+N72+N79 -> 205283.4 | O48: =N48/C48 -> 0.93940708 | P48: =P49+P62+P64+P72+P79 -> 215233.94 | Q48: =P48/$C48 -> 0.98494222 | R48: =R49+R62+R64+R72+R79 -> 0 | S48: =S49+S62+S64+S72+S79 -> 0 | T48: =T49+T62+T64+T72+T79 -> 0 | U48: =T48/I48 -> 0 | V48: =V49+V62+V64+V72+V79 -> 1916520.1 | W48: =V48/D48 -> 0.72525811 | X48: =V48/9 -> 212946.68 | Y48: =Y49+Y62+Y64+Y72+Y79 -> 225723.48 | Z48: 234241.35 | AA48: =AA49+AA62+AA64+AA72+AA79 -> 2809470 | AB48: =(L48+N48+P48)/3 -> 207894.04 | AF48: =AF49+AF62+AF64+AF72+AF79 -> 206891.25 | AG48: =AF48/$AA48 -> 0.073640668 | AH48: =AH49+AH62+AH64+AH72+AH79 -> 233739.17 | AI48: =AH48/$AA48 -> 0.08319689 | AJ48: =AJ49+AJ62+AJ64+AJ72+AJ79 -> 204708.98 | AK48: =AJ48/$AA48 -> 0.072863913 | AL48: =AL49+AL62+AL64+AL72+AL79 -> 250066.7 | AM48: =AL48/$AA48 -> 0.089008495 | AN48: =AN49+AN62+AN64+AN72+AN79 -> 222048.67 | AO48: =AN48/$AA48 -> 0.079035785 | AP48: =AP49+AP62+AP64+AP72+AP79 -> 205566.47 | AQ48: =AP48/$AA48 -> 0.073169127 | AR48: =AR49+AR62+AR64+AR72+AR79 -> 205061.87 | AS48: =AR48/$AA48 -> 0.07298952 | AT48: =AT49+AT62+AT64+AT72+AT79 -> 212312.08 | AU48: =AT48/$AA48 -> 0.075570153 | AV48: =AV49+AV62+AV64+AV72+AV79 -> 237138.89 | AW48: =AV48/$AA48 -> 0.084406983 | AX48: =AX49+AX62+AX64+AX72+AX79 -> 0 | AY48: =AX48/$AA48 -> 0 | AZ48: =AZ49+AZ62+AZ64+AZ72+AZ79 -> 0 | BA48: =AZ48/$AA48 -> 0 | BB48: =BB49+BB62+BB64+BB72+BB79 -> 0 | BC48: =BB48/$AA48 -> 0 | BD48: =BD49+BD62+BD64+BD72+BD79 -> 1977534.1 | BE48: =BD48/$AA48 -> 0.70388153
A49: Despesas com Pessoal | B49: 1812646.8 | C49: 139740 | D49: =SUM(D50:D61) -> 1676880 | E49: =IFERROR((D49/B49)-1,0) -> -0.074899775 | F49: =SUM(F50:F61) -> 131082.55 | G49: =SUM(G50:G61) -> 124029.08 | H49: =SUM(H50:H61) -> 121207.96 | I49: =SUM(I50:I61) -> 184778.84 | J49: =SUM(J50:J61) -> 152127 | K49: =SUM(K50:K61) -> 128180.31 | L49: =SUM(L50:L61) -> 132603.19 | M49: =L49/C49 -> 0.94892794 | N49: =SUM(N50:N61) -> 125197.12 | O49: =N49/C49 -> 0.89592901 | P49: =SUM(P50:P61) -> 136667.49 | Q49: =P49/$C49 -> 0.97801267 | R49: =SUM(R50:R61) -> 0 | S49: =SUM(S50:S61) -> 0 | T49: =SUM(T50:T61) -> 0 | U49: =T49/I49 -> 0 | V49: =SUM(V50:V61) -> 1235873.5 | W49: =V49/D49 -> 0.73700774 | X49: =V49/9 -> 137319.28 | Y49: =SUM(Y50:Y61) -> 145558.44 | Z49: 151051.21 | AA49: =SUM(AA50:AA61) -> 1849910.1 | AB49: =(L49+N49+P49)/3 -> 131489.27 | AF49: =SUM(AF50:AF61) -> 131064.16 | AG49: =AF49/$AA49 -> 0.070848936 | AH49: =SUM(AH50:AH61) -> 149948.35 | AI49: =AH49/$AA49 -> 0.081057102 | AJ49: =SUM(AJ50:AJ61) -> 129373.26 | AK49: =AJ49/$AA49 -> 0.069934891 | AL49: =SUM(AL50:AL61) -> 181482.6 | AM49: =AL49/$AA49 -> 0.098103471 | AN49: =SUM(AN50:AN61) -> 149202.45 | AO49: =AN49/$AA49 -> 0.080653893 | AP49: =SUM(AP50:AP61) -> 133243.48 | AQ49: =AP49/$AA49 -> 0.072027004 | AR49: =SUM(AR50:AR61) -> 128093.62 | AS49: =AR49/$AA49 -> 0.06924316 | AT49: =SUM(AT50:AT61) -> 131183.99 | AU49: =AT49/$AA49 -> 0.070913712 | AV49: =SUM(AV50:AV61) -> 154457.18 | AW49: =AV49/$AA49 -> 0.083494426 | AX49: =SUM(AX50:AX61) -> 0 | AY49: =AX49/$AA49 -> 0 | AZ49: =SUM(AZ50:AZ61) -> 0 | BA49: =AZ49/$AA49 -> 0 | BB49: =SUM(BB50:BB61) -> 0 | BC49: =BB49/$AA49 -> 0 | BD49: =SUM(BD50:BD61) -> 1288049.1 | BE49: =BD49/$AA49 -> 0.69627659
A50: Salários (exceto Escola de Vela) | B50: 927366.84 | C50: 77200 | D50: 926400 | E50: =IFERROR((D50/B50)-1,0) -> -0.0010425648 | F50: =71727.22-2736.34 -> 68990.88 | G50: =69058.22-2127.34 -> 66930.88 | H50: =73316.83-2172.22 -> 71144.61 | I50: =86116.68-6120.85 -> 79995.83 | J50: =91504.18-2747.07 -> 88757.11 | K50: =74923.19-2412.65 -> 72510.54 | L50: =71937.09 -> 71937.09 | M50: =L50/C50 -> 0.93182759 | N50: =77157.54-1389.6 -> 75767.94 | O50: =N50/C50 -> 0.98145 | P50: =71199.22-2309.07 -> 68890.15 | Q50: =P50/$C50 -> 0.89235946 | U50: =T50/I50 -> 0 | V50: =T50+S50+R50+P50+N50+L50+K50+J50+I50+H50+G50+F50 -> 664925.03 | W50: =V50/D50 -> 0.71775154 | X50: =V50/9 -> 73880.559 | Y50: =X50+(X50*$Y$2) -> 78313.392 | Z50: 81268.615 | AA50: =Z50*12 -> 975223.38 | AB50: =(L50+N50+P50)/3 -> 72198.393 | AF50: =80595.64-2532.66 -> 78062.98 | AG50: =AF50/$AA50 -> 0.080046256 | AH50: 94072.33 | AI50: =AH50/$AA50 -> 0.096462341 | AJ50: =74644.97-166.67 -> 74478.3 | AK50: =AJ50/$AA50 -> 0.076370503 | AL50: 75856.99 | AM50: =AL50/$AA50 -> 0.07778422 | AN50: 87058.81 | AO50: =AN50/$AA50 -> 0.089270635 | AP50: =80617.9-20.86 -> 80597.04 | AQ50: =AP50/$AA50 -> 0.082644696 | AR50: =75649.88-13.73 -> 75636.15 | AS50: =AR50/$AA50 -> 0.07755777 | AT50: =84904.17-934.68 -> 83969.49 | AU50: =AT50/$AA50 -> 0.086102827 | AV50: =90141.1-10.84 -> 90130.26 | AW50: =AV50/$AA50 -> 0.092420118 | AY50: =AX50/$AA50 -> 0 | BA50: =AZ50/$AA50 -> 0 | BC50: =BB50/$AA50 -> 0 | BD50: =AF50+AH50+AJ50+AL50+AN50+AP50+AR50+AT50+AV50+AX50+AZ50+BB50 -> 739862.35 | BE50: =BD50/$AA50 -> 0.75865937
A51: Funcionários terceirizados | E51: =IFERROR((D51/B51)-1,0) -> 0 | O51: =N51/C51 -> #DIV/0! | Q51: =P51/$C51 -> #DIV/0! | V51: =T51+S51+R51+P51+N51+L51+K51+J51+I51+H51+G51+F51 -> 0 | W51: =V51/D51 -> #DIV/0! | X51: =V51/9 -> 0 | Y51: =X51+(X51*$Y$2) -> 0 | Z51: 0 | AA51: =Z51*12 -> 0 | AB51: =(L51+N51+P51)/3 -> 0 | BD51: =AF51+AH51+AJ51+AL51+AN51+AP51+AR51+AT51+AV51+AX51+AZ51+BB51 -> 0
A52: Gratificação espontânea | B52: 17522.42 | C52: 4900 | D52: =C52*12 -> 58800 | E52: =IFERROR((D52/B52)-1,0) -> 2.3557009 | F52: 1233.3 | G52: 520 | H52: 487.55 | I52: 41222.75 | J52: 2690.55 | K52: 980 | L52: 284 | M52: =L52/C52 -> 0.057959184 | N52: 2000 | O52: =N52/C52 -> 0.40816327 | P52: 1500 | Q52: =P52/$C52 -> 0.30612245 | U52: =T52/I52 -> 0 | V52: =T52+S52+R52+P52+N52+L52+K52+J52+I52+H52+G52+F52 -> 50918.15 | W52: =V52/D52 -> 0.86595493 | X52: =V52/9 -> 5657.5722 | Y52: =X52+(X52*$Y$2) -> 5997.0266 | Z52: 6223.3294 | AA52: =Z52*12 -> 74679.953 | AB52: =(L52+N52+P52)/3 -> 1261.3333 | AG52: =AF52/$AA52 -> 0 | AI52: =AH52/$AA52 -> 0 | AK52: =AJ52/$AA52 -> 0 | AL52: 44981 | AM52: =AL52/$AA52 -> 0.60231693 | AN52: 1500 | AO52: =AN52/$AA52 -> 0.020085712 | AP52: 1250 | AQ52: =AP52/$AA52 -> 0.016738093 | AS52: =AR52/$AA52 -> 0 | AT52: 400 | AU52: =AT52/$AA52 -> 0.0053561897 | AV52: 500 | AW52: =AV52/$AA52 -> 0.0066952372 | AY52: =AX52/$AA52 -> 0 | BA52: =AZ52/$AA52 -> 0 | BC52: =BB52/$AA52 -> 0 | BD52: =AF52+AH52+AJ52+AL52+AN52+AP52+AR52+AT52+AV52+AX52+AZ52+BB52 -> 48631 | BE52: =BD52/$AA52 -> 0.65119216
A53: Encargos | B53: 403328.64 | C53: 28100 | D53: =C53*12 -> 337200 | E53: =IFERROR((D53/B53)-1,0) -> -0.16395721 | F53: =22795.44+7151.51+956.63-203.28 -> 30700.3 | G53: =20687.09-252.95+6490.06+915.06 -> 27839.26 | H53: =20486+6426.98+920.89 -> 27833.87 | I53: =30035.51+9583.11+1286.44 -> 40905.06 | J53: =23573.75+7523.06+1120.6 -> 32217.41 | K53: =21682.9+6802.49+944.63 -> 29430.02 | L53: =22070.68+6924.16+932.83-72.71 -> 29854.96 | M53: =L53/C53 -> 1.0624541 | N53: =21048.07+6852.58+865.83-114.18 -> 28652.3 | O53: =N53/C53 -> 1.0196548 | P53: =23554.88+7389.79+1082.35 -> 32027.02 | Q53: =P53/$C53 -> 1.1397516 | U53: =T53/I53 -> 0 | V53: =T53+S53+R53+P53+N53+L53+K53+J53+I53+H53+G53+F53 -> 279460.2 | W53: =V53/D53 -> 0.8287669 | X53: =V53/9 -> 31051.133 | Y53: =X53+(X53*$Y$2) -> 32914.201 | Z53: 34156.247 | AA53: =Z53*12 -> 409874.96 | AB53: =(L53+N53+P53)/3 -> 30178.093 | AF53: =22417.31+7032.91+949.41-71.64 -> 30327.99 | AG53: =AF53/$AA53 -> 0.073993273 | AH53: =24866.6+8114.55+1063.14 -> 34044.29 | AI53: =AH53/$AA53 -> 0.083060185 | AJ53: =21241.99+6986.99+902.69-29.65 -> 29102.02 | AK53: =AJ53/$AA53 -> 0.071002191 | AL53: =28508.44+7281.99+909.13-47.88 -> 36651.68 | AM53: =AL53/$AA53 -> 0.089421613 | AN53: =29214.55+11666.31+1130.68 -> 42011.54 | AO53: =AN53/$AA53 -> 0.10249843 | AP53: =74071.19-51070.94+23929.76-16022.24+803.05 -> 31710.82 | AQ53: =AP53/$AA53 -> 0.077367058 | AR53: =21574.77-8671.99+7460.27+846.06 -> 21209.11 | AS53: =AR53/$AA53 -> 0.051745318 | AT53: =20218.54+6941.94+1775.65 -> 28936.13 | AU53: =AT53/$AA53 -> 0.070597457 | AV53: =22829.36+19586.48+862.67 -> 43278.51 | AW53: =AV53/$AA53 -> 0.10558954 | AY53: =AX53/$AA53 -> 0 | BA53: =AZ53/$AA53 -> 0 | BC53: =BB53/$AA53 -> 0 | BD53: =AF53+AH53+AJ53+AL53+AN53+AP53+AR53+AT53+AV53+AX53+AZ53+BB53 -> 297272.09 | BE53: =BD53/$AA53 -> 0.72527507
A54: Rescisões Contratuais | B54: 13000 | C54: 1700 | D54: =C54*12 -> 20400 | E54: =IFERROR((D54/B54)-1,0) -> 0.56923077 | M54: =L54/C54 -> 0 | O54: =N54/C54 -> 0 | Q54: =P54/$C54 -> 0 | U54: =T54/I54 -> #DIV/0! | V54: =T54+S54+R54+P54+N54+L54+K54+J54+I54+H54+G54+F54 -> 0 | W54: =V54/D54 -> 0 | X54: =V54/9 -> 0 | Y54: =X54+(X54*$Y$2) -> 0 | Z54: 2085 | AA54: =Z54*12 -> 25020 | AB54: =(L54+N54+P54)/3 -> 0 | AG54: =AF54/$AA54 -> 0 | AI54: =AH54/$AA54 -> 0 | AK54: =AJ54/$AA54 -> 0 | AM54: =AL54/$AA54 -> 0 | AO54: =AN54/$AA54 -> 0 | AQ54: =AP54/$AA54 -> 0 | AS54: =AR54/$AA54 -> 0 | AU54: =AT54/$AA54 -> 0 | AW54: =AV54/$AA54 -> 0 | AY54: =AX54/$AA54 -> 0 | BA54: =AZ54/$AA54 -> 0 | BC54: =BB54/$AA54 -> 0 | BD54: =AF54+AH54+AJ54+AL54+AN54+AP54+AR54+AT54+AV54+AX54+AZ54+BB54 -> 0 | BE54: =BD54/$AA54 -> 0
A55: Férias+Encargos | B55: 147342.54 | C55: 2950 | D55: =C55*12 -> 35400 | E55: =IFERROR((D55/B55)-1,0) -> -0.75974352 | F55: =16496.77 -> 16496.77 | G55: 14763.24 | H55: 6863.64 | I55: =2002.5+5737.6 -> 7740.1 | J55: =4600.81 -> 4600.81 | K55: 9126.99 | L55: 15572.5 | M55: =L55/C55 -> 5.2788136 | N55: =3916.16 -> 3916.16 | O55: =N55/C55 -> 1.3275119 | P55: =19672.88 -> 19672.88 | Q55: =P55/$C55 -> 6.6687729 | U55: =T55/I55 -> 0 | V55: =T55+S55+R55+P55+N55+L55+K55+J55+I55+H55+G55+F55 -> 98753.09 | W55: =V55/D55 -> 2.7896353 | X55: =V55/9 -> 10972.566 | Y55: =X55+(X55*$Y$2) -> 11630.919 | Z55: 2950 | AA55: =Z55*12 -> 35400 | AB55: =(L55+N55+P55)/3 -> 13053.847 | AF55: =8128.25 -> 8128.25 | AG55: =AF55/$AA55 -> 0.22961158 | AH55: 7039.54 | AI55: =AH55/$AA55 -> 0.19885706 | AJ55: 11201.12 | AK55: =AJ55/$AA55 -> 0.31641582 | AL55: 9275.37 | AM55: =AL55/$AA55 -> 0.2620161 | AN55: 3610.25 | AO55: =AN55/$AA55 -> 0.10198446 | AP55: 6043.06 | AQ55: =AP55/$AA55 -> 0.17070791 | AR55: 16244.4 | AS55: =AR55/$AA55 -> 0.45888136 | AT55: =3101.53 -> 3101.53 | AU55: =AT55/$AA55 -> 0.087613842 | AV55: =2481.62 -> 2481.62 | AW55: =AV55/$AA55 -> 0.07010226 | AY55: =AX55/$AA55 -> 0 | BA55: =AZ55/$AA55 -> 0 | BC55: =BB55/$AA55 -> 0 | BD55: =AF55+AH55+AJ55+AL55+AN55+AP55+AR55+AT55+AV55+AX55+AZ55+BB55 -> 67125.14 | BE55: =BD55/$AA55 -> 1.8961904
A56: 13º salario+Encargos | B56: 97692.94 | C56: 8800 | D56: =C56*12 -> 105600 | E56: =IFERROR((D56/B56)-1,0) -> 0.080937886 | M56: =L56/C56 -> 0 | O56: =N56/C56 -> 0 | Q56: =P56/$C56 -> 0 | U56: =T56/I56 -> #DIV/0! | V56: =T56+S56+R56+P56+N56+L56+K56+J56+I56+H56+G56+F56 -> 0 | W56: =V56/D56 -> 0 | X56: =V56/9 -> 0 | Y56: =X56+(X56*$Y$2) -> 0 | Z56: 9680 | AA56: =Z56*12 -> 116160 | AB56: =(L56+N56+P56)/3 -> 0 | AG56: =AF56/$AA56 -> 0 | AI56: =AH56/$AA56 -> 0 | AK56: =AJ56/$AA56 -> 0 | AM56: =AL56/$AA56 -> 0 | AO56: =AN56/$AA56 -> 0 | AQ56: =AP56/$AA56 -> 0 | AS56: =AR56/$AA56 -> 0 | AU56: =AT56/$AA56 -> 0 | AW56: =AV56/$AA56 -> 0 | AY56: =AX56/$AA56 -> 0 | BA56: =AZ56/$AA56 -> 0 | BC56: =BB56/$AA56 -> 0 | BD56: =AF56+AH56+AJ56+AL56+AN56+AP56+AR56+AT56+AV56+AX56+AZ56+BB56 -> 0 | BE56: =BD56/$AA56 -> 0
A57: Benefícios ( vale transp. + cesta básica ) | B57: 40325.67 | C57: 2500 | D57: =C57*12 -> 30000 | E57: =IFERROR((D57/B57)-1,0) -> -0.256057 | F57: =415.38-363.06+1956.6-30 -> 1978.92 | G57: =260.22-356.58+1882.8-30 -> 1756.44 | H57: =405.24-363.06+1970.85-30 -> 1983.03 | I57: =435.99-363.06+1975.3-30 -> 2018.23 | J57: =455.79-354.12+1970.85-30 -> 2042.52 | K57: =347.92-373.44+1970.85-26 -> 1919.33 | L57: =465.61-257.52+1970.85-28 -> 2150.94 | M57: =L57/C57 -> 0.860376 | N57: =693.4-383.1+1970.85-28 -> 2253.15 | O57: =N57/C57 -> 0.90126 | P57: =693.11-363.78+1970.85-28 -> 2272.18 | Q57: =P57/$C57 -> 0.908872 | U57: =T57/I57 -> 0 | V57: =T57+S57+R57+P57+N57+L57+K57+J57+I57+H57+G57+F57 -> 18374.74 | W57: =V57/D57 -> 0.61249133 | X57: =V57/9 -> 2041.6378 | Y57: =X57+(X57*$Y$2) -> 2164.136 | Z57: 2245.8016 | AA57: =Z57*12 -> 26949.619 | AB57: =(L57+N57+P57)/3 -> 2225.4233 | AF57: =673.37-383.64+2566.24-26-218.01-160.39 -> 2451.57 | AG57: =AF57/$AA57 -> 0.090968634 | AH57: =367.69-402.96+2405.85-28 -> 2342.58 | AI57: =AH57/$AA57 -> 0.086924421 | AJ57: =435.67-351.84+2578.24-26 -> 2636.07 | AK57: =AJ57/$AA57 -> 0.097814742 | AL57: =485.17-338.1+2417.1-26 -> 2538.17 | AM57: =AL57/$AA57 -> 0.094182038 | AN57: =495.07-402.59+2417.1-26 -> 2483.58 | AO57: =AN57/$AA57 -> 0.092156406 | AP57: =247.54-422.28+2417.1-26 -> 2216.36 | AQ57: =AP57/$AA57 -> 0.082240867 | AR57: =257.44-241.5+2417.1-26 -> 2407.04 | AS57: =AR57/$AA57 -> 0.089316292 | AT57: =246.81-427.31+2417.1-28 -> 2208.6 | AU57: =AT57/$AA57 -> 0.081952922 | AV57: =241.5+2250-425.04 -> 2066.46 | AW57: =AV57/$AA57 -> 0.076678636 | AY57: =AX57/$AA57 -> 0 | BA57: =AZ57/$AA57 -> 0 | BC57: =BB57/$AA57 -> 0 | BD57: =AF57+AH57+AJ57+AL57+AN57+AP57+AR57+AT57+AV57+AX57+AZ57+BB57 -> 21350.43 | BE57: =BD57/$AA57 -> 0.79223496
A58: Alimentação de funcionários | B58: 109434.62 | C58: 8390 | D58: =C58*12 -> 100680 | E58: =IFERROR((D58/B58)-1,0) -> -0.079998633 | F58: =7133.94-30 -> 7103.94 | G58: =7696-30 -> 7666 | H58: =8372-30 -> 8342 | I58: =8424-30 -> 8394 | J58: =6916-30 -> 6886 | K58: =7785.06-26 -> 7759.06 | L58: =7410-28 -> 7382 | M58: =L58/C58 -> 0.87985697 | N58: =7904-28 -> 7876 | O58: =N58/C58 -> 0.93873659 | P58: =7540-28 -> 7512 | Q58: =P58/$C58 -> 0.89535161 | U58: =T58/I58 -> 0 | V58: =T58+S58+R58+P58+N58+L58+K58+J58+I58+H58+G58+F58 -> 68921 | W58: =V58/D58 -> 0.68455503 | X58: =V58/9 -> 7657.8889 | Y58: =X58+(X58*$Y$2) -> 8117.3622 | Z58: 8423.6778 | AA58: =Z58*12 -> 101084.13 | AB58: =(L58+N58+P58)/3 -> 7590 | AF58: =8044.4-26-633.55 -> 7384.85 | AG58: =AF58/$AA58 -> 0.07305647 | AH58: =7769.1-28 -> 7741.1 | AI58: =AH58/$AA58 -> 0.076580762 | AJ58: =7273.24-26 -> 7247.24 | AK58: =AJ58/$AA58 -> 0.071695129 | AL58: =7355.85-26 -> 7329.85 | AM58: =AL58/$AA58 -> 0.072512369 | AN58: 7780.16 | AO58: =AN58/$AA58 -> 0.076967173 | AP58: =6474.25-52 -> 6422.25 | AQ58: =AP58/$AA58 -> 0.06353371 | AR58: =7658.9-26 -> 7632.9 | AS58: =AR58/$AA58 -> 0.075510367 | AT58: =7383.4-28 -> 7355.4 | AU58: =AT58/$AA58 -> 0.072765129 | AV58: 7163 | AW58: =AV58/$AA58 -> 0.070861764 | AY58: =AX58/$AA58 -> 0 | BA58: =AZ58/$AA58 -> 0 | BC58: =BB58/$AA58 -> 0 | BD58: =AF58+AH58+AJ58+AL58+AN58+AP58+AR58+AT58+AV58+AX58+AZ58+BB58 -> 66056.75 | BE58: =BD58/$AA58 -> 0.65348287
A59: Capacitação Profissional | B59: 4000 | C59: 700 | D59: =C59*12 -> 8400 | E59: =IFERROR((D59/B59)-1,0) -> 1.1 | J59: =1970.85-30 -> 1940.85 | M59: =L59/C59 -> 0 | O59: =N59/C59 -> 0 | Q59: =P59/$C59 -> 0 | U59: =T59/I59 -> #DIV/0! | V59: =T59+S59+R59+P59+N59+L59+K59+J59+I59+H59+G59+F59 -> 1940.85 | W59: =V59/D59 -> 0.23105357 | X59: =V59/9 -> 215.65 | Y59: =X59+(X59*$Y$2) -> 228.589 | Z59: 700 | AA59: =Z59*12 -> 8400 | AB59: =(L59+N59+P59)/3 -> 0 | AG59: =AF59/$AA59 -> 0 | AI59: =AH59/$AA59 -> 0 | AK59: =AJ59/$AA59 -> 0 | AM59: =AL59/$AA59 -> 0 | AO59: =AN59/$AA59 -> 0 | AQ59: =AP59/$AA59 -> 0 | AS59: =AR59/$AA59 -> 0 | AU59: =AT59/$AA59 -> 0 | AW59: =AV59/$AA59 -> 0 | AY59: =AX59/$AA59 -> 0 | BA59: =AZ59/$AA59 -> 0 | BC59: =BB59/$AA59 -> 0 | BD59: =AF59+AH59+AJ59+AL59+AN59+AP59+AR59+AT59+AV59+AX59+AZ59+BB59 -> 0 | BE59: =BD59/$AA59 -> 0
A60: exames médicos, uniformes, etc | B60: 11227.5 | C60: 1200 | D60: =C60*12 -> 14400 | E60: =IFERROR((D60/B60)-1,0) -> 0.28256513 | F60: =1943.12-530 -> 1413.12 | G60: =1943.12-555.18 -> 1387.94 | H60: =1943.12-555.18 -> 1387.94 | I60: =1961.74-624.19 -> 1337.55 | J60: =1337.55+8722-233.12 -> 9826.43 | K60: =1337.55+1951.5 -> 3289.05 | L60: =1337.55+1043.46-124.63 -> 2256.38 | M60: =L60/C60 -> 1.8803167 | N60: =1324.85+241.4 -> 1566.25 | O60: =N60/C60 -> 1.3052083 | P60: =1387.94+240 -> 1627.94 | Q60: =P60/$C60 -> 1.3566167 | U60: =T60/I60 -> 0 | V60: =T60+S60+R60+P60+N60+L60+K60+J60+I60+H60+G60+F60 -> 24092.6 | W60: =V60/D60 -> 1.6730972 | X60: =V60/9 -> 2676.9556 | Y60: =X60+(X60*$Y$2) -> 2837.5729 | Z60: 2944.6511 | AA60: =Z60*12 -> 35335.813 | AB60: =(L60+N60+P60)/3 -> 1816.8567 | AF60: 1410.39 | AG60: =AF60/$AA60 -> 0.039913897 | AH60: 1410.38 | AI60: =AH60/$AA60 -> 0.039913614 | AJ60: 1410.38 | AK60: =AJ60/$AA60 -> 0.039913614 | AL60: =1551.41 -> 1551.41 | AM60: =AL60/$AA60 -> 0.043904749 | AN60: 1459.98 | AO60: =AN60/$AA60 -> 0.041317289 | AP60: =1584.44 -> 1584.44 | AQ60: =AP60/$AA60 -> 0.044839494 | AR60: 1544.51 | AS60: =AR60/$AA60 -> 0.043709479 | AT60: =1479.78+428.7 -> 1908.48 | AU60: =AT60/$AA60 -> 0.054009794 | AV60: =2557.03+3640 -> 6197.03 | AW60: =AV60/$AA60 -> 0.17537533 | AY60: =AX60/$AA60 -> 0 | BA60: =AZ60/$AA60 -> 0 | BC60: =BB60/$AA60 -> 0 | BD60: =AF60+AH60+AJ60+AL60+AN60+AP60+AR60+AT60+AV60+AX60+AZ60+BB60 -> 18477 | BE60: =BD60/$AA60 -> 0.52289726
A61: Assistência Médica | B61: 41405.67 | C61: 3300 | D61: =C61*12 -> 39600 | E61: =IFERROR((D61/B61)-1,0) -> -0.043609245 | F61: =3165.32 -> 3165.32 | G61: 3165.32 | H61: 3165.32 | I61: 3165.32 | J61: 3165.32 | K61: 3165.32 | L61: 3165.32 | M61: =L61/C61 -> 0.95918788 | N61: 3165.32 | O61: =N61/C61 -> 0.95918788 | P61: 3165.32 | Q61: =P61/$C61 -> 0.95918788 | U61: =T61/I61 -> 0 | V61: =T61+S61+R61+P61+N61+L61+K61+J61+I61+H61+G61+F61 -> 28487.88 | W61: =V61/D61 -> 0.71939091 | X61: =V61/9 -> 3165.32 | Y61: =X61+(X61*$Y$2) -> 3355.2392 | Z61: 3481.852 | AA61: =Z61*12 -> 41782.224 | AB61: =(L61+N61+P61)/3 -> 3165.32 | AF61: 3298.13 | AG61: =AF61/$AA61 -> 0.0789362 | AH61: 3298.13 | AI61: =AH61/$AA61 -> 0.0789362 | AJ61: 3298.13 | AK61: =AJ61/$AA61 -> 0.0789362 | AL61: 3298.13 | AM61: =AL61/$AA61 -> 0.0789362 | AN61: 3298.13 | AO61: =AN61/$AA61 -> 0.0789362 | AP61: 3419.51 | AQ61: =AP61/$AA61 -> 0.081841263 | AR61: 3419.51 | AS61: =AR61/$AA61 -> 0.081841263 | AT61: 3304.36 | AU61: =AT61/$AA61 -> 0.079085307 | AV61: 2640.3 | AW61: =AV61/$AA61 -> 0.063191945 | AY61: =AX61/$AA61 -> 0 | BA61: =AZ61/$AA61 -> 0 | BC61: =BB61/$AA61 -> 0 | BD61: =AF61+AH61+AJ61+AL61+AN61+AP61+AR61+AT61+AV61+AX61+AZ61+BB61 -> 29274.33 | BE61: =BD61/$AA61 -> 0.70064078
A62: Seguros | B62: 41979.65 | C62: 3900 | D62: =SUM(D63) -> 46800 | E62: =IFERROR((D62/B62)-1,0) -> 0.11482587 | F62: =SUM(F63) -> 3550.24 | G62: =SUM(G63) -> 3550.24 | H62: =SUM(H63) -> 3550.24 | I62: =SUM(I63) -> 3595.45 | J62: =SUM(J63) -> 3595.45 | K62: =SUM(K63) -> 3595.45 | L62: =SUM(L63) -> 3595.45 | M62: =L62/C62 -> 0.92191026 | N62: =SUM(N63) -> 3595.45 | O62: =N62/C62 -> 0.92191026 | P62: =SUM(P63) -> 3595.45 | Q62: =P62/$C62 -> 0.92191026 | R62: =SUM(R63) -> 0 | S62: =SUM(S63) -> 0 | T62: =SUM(T63) -> 0 | U62: =T62/I62 -> 0 | V62: =SUM(V63) -> 32223.42 | W62: =V62/D62 -> 0.68853462 | X62: =V62/9 -> 3580.38 | Y62: =SUM(Y63) -> 3795.2028 | Z62: 3938.418 | AA62: =SUM(AA63) -> 47261.016 | AB62: =(L62+N62+P62)/3 -> 3595.45 | AF62: =SUM(AF63) -> 4203.36 | AG62: =AF62/$AA62 -> 0.088939264 | AH62: =SUM(AH63) -> 3803.36 | AI62: =AH62/$AA62 -> 0.080475629 | AJ62: =SUM(AJ63) -> 3982.34 | AK62: =AJ62/$AA62 -> 0.084262683 | AL62: =SUM(AL63) -> 4036.95 | AM62: =AL62/$AA62 -> 0.085418181 | AN62: =SUM(AN63) -> 4037.02 | AO62: =AN62/$AA62 -> 0.085419662 | AP62: =SUM(AP63) -> 5465.9 | AQ62: =AP62/$AA62 -> 0.11565346 | AR62: =SUM(AR63) -> 4264.81 | AS62: =AR62/$AA62 -> 0.09023949 | AT62: =SUM(AT63) -> 5890.88 | AU62: =AT62/$AA62 -> 0.12464565 | AV62: =SUM(AV63) -> 2772.39 | AW62: =AV62/$AA62 -> 0.058661244 | AX62: =SUM(AX63) -> 0 | AY62: =AX62/$AA62 -> 0 | AZ62: =SUM(AZ63) -> 0 | BA62: =AZ62/$AA62 -> 0 | BB62: =SUM(BB63) -> 0 | BC62: =BB62/$AA62 -> 0 | BD62: =SUM(BD63) -> 38457.01 | BE62: =BD62/$AA62 -> 0.81371526
A63: Seguros | B63: 41979.65 | C63: 3900 | D63: =C63*12 -> 46800 | E63: =IFERROR((D63/B63)-1,0) -> 0.11482587 | F63: 3550.24 | G63: 3550.24 | H63: 3550.24 | I63: 3595.45 | J63: 3595.45 | K63: 3595.45 | L63: 3595.45 | M63: =L63/C63 -> 0.92191026 | N63: 3595.45 | O63: =N63/C63 -> 0.92191026 | P63: 3595.45 | Q63: =P63/$C63 -> 0.92191026 | U63: =T63/I63 -> 0 | V63: =T63+S63+R63+P63+N63+L63+K63+J63+I63+H63+G63+F63 -> 32223.42 | W63: =V63/D63 -> 0.68853462 | X63: =V63/9 -> 3580.38 | Y63: =X63+(X63*$Y$2) -> 3795.2028 | Z63: 3938.418 | AA63: =Z63*12 -> 47261.016 | AB63: =(L63+N63+P63)/3 -> 3595.45 | AF63: 4203.36 | AG63: =AF63/$AA63 -> 0.088939264 | AH63: 3803.36 | AI63: =AH63/$AA63 -> 0.080475629 | AJ63: 3982.34 | AK63: =AJ63/$AA63 -> 0.084262683 | AL63: 4036.95 | AM63: =AL63/$AA63 -> 0.085418181 | AN63: 4037.02 | AO63: =AN63/$AA63 -> 0.085419662 | AP63: 5465.9 | AQ63: =AP63/$AA63 -> 0.11565346 | AR63: 4264.81 | AS63: =AR63/$AA63 -> 0.09023949 | AT63: =6099.83-208.95 -> 5890.88 | AU63: =AT63/$AA63 -> 0.12464565 | AV63: 2772.39 | AW63: =AV63/$AA63 -> 0.058661244 | AY63: =AX63/$AA63 -> 0 | BA63: =AZ63/$AA63 -> 0 | BC63: =BB63/$AA63 -> 0 | BD63: =AF63+AH63+AJ63+AL63+AN63+AP63+AR63+AT63+AV63+AX63+AZ63+BB63 -> 38457.01 | BE63: =BD63/$AA63 -> 0.81371526
A64: Consumo | B64: 250878.58 | C64: 25292.955 | D64: =SUM(D65:D71) -> 303515.46 | E64: =IFERROR((D64/B64)-1,0) -> 0.20981018 | F64: =SUM(F65:F71) -> 27413.18 | G64: =SUM(G65:G71) -> 24143.91 | H64: =SUM(H65:H71) -> 31903.74 | I64: =SUM(I65:I71) -> 15391.15 | J64: =SUM(J65:J71) -> 30831.12 | K64: =SUM(K65:K71) -> 20958.52 | L64: =SUM(L65:L71) -> 19726.11 | M64: =L64/C64 -> 0.77990531 | N64: =SUM(N65:N71) -> 17838.52 | O64: =N64/C64 -> 0.70527623 | P64: =SUM(P65:P71) -> 22086.29 | Q64: =P64/$C64 -> 0.87321904 | R64: =SUM(R65:R71) -> 0 | S64: =SUM(S65:S71) -> 0 | T64: =SUM(T65:T71) -> 0 | U64: =T64/I64 -> 0 | V64: =SUM(V65:V71) -> 210292.54 | W64: =V64/D64 -> 0.69285611 | X64: =V64/9 -> 23365.838 | Y64: =SUM(Y65:Y71) -> 24767.788 | Z64: 25702.422 | AA64: =SUM(AA65:AA71) -> 247357.95 | AB64: =(L64+N64+P64)/3 -> 19883.64 | AF64: =SUM(AF65:AF71) -> 17229.67 | AG64: =AF64/$AA64 -> 0.069654805 | AH64: =SUM(AH65:AH71) -> 20163.93 | AI64: =AH64/$AA64 -> 0.08151721 | AJ64: =SUM(AJ65:AJ71) -> 12546.41 | AK64: =AJ64/$AA64 -> 0.050721676 | AL64: =SUM(AL65:AL71) -> 15587.43 | AM64: =AL64/$AA64 -> 0.063015682 | AN64: =SUM(AN65:AN71) -> 17720.16 | AO64: =AN64/$AA64 -> 0.071637721 | AP64: =SUM(AP65:AP71) -> 15107.88 | AQ64: =AP64/$AA64 -> 0.061076993 | AR64: =SUM(AR65:AR71) -> 17698.26 | AS64: =AR64/$AA64 -> 0.071549186 | AT64: =SUM(AT65:AT71) -> 15847.55 | AU64: =AT64/$AA64 -> 0.064067275 | AV64: =SUM(AV65:AV71) -> 18999.99 | AW64: =AV64/$AA64 -> 0.076811721 | AX64: =SUM(AX65:AX71) -> 0 | AY64: =AX64/$AA64 -> 0 | AZ64: =SUM(AZ65:AZ71) -> 0 | BA64: =AZ64/$AA64 -> 0 | BB64: =SUM(BB65:BB71) -> 0 | BC64: =BB64/$AA64 -> 0 | BD64: =SUM(BD65:BD71) -> 150901.28 | BE64: =BD64/$AA64 -> 0.61005227
A65: Água e Esgoto | B65: 86378.58 | C65: 6644.83 | D65: =C65*12 -> 79737.96 | E65: =IFERROR((D65/B65)-1,0) -> -0.076878087 | F65: 7401.26 | G65: 6745.14 | H65: 6787.98 | I65: 6569.07 | J65: 7027.82 | K65: 7658.07 | L65: 7658.07 | M65: =L65/C65 -> 1.1524855 | N65: 7411.08 | O65: =N65/C65 -> 1.1153152 | P65: 7658.07 | Q65: =P65/$C65 -> 1.1524855 | U65: =T65/I65 -> 0 | V65: =T65+S65+R65+P65+N65+L65+K65+J65+I65+H65+G65+F65 -> 64916.56 | W65: =V65/D65 -> 0.81412366 | X65: =V65/9 -> 7212.9511 | Y65: =X65+(X65*$Y$2) -> 7645.7282 | Z65: 7934.2462 | AA65: =Z65*12 -> 95210.955 | AB65: =(L65+N65+P65)/3 -> 7575.74 | AF65: 7164.07 | AG65: =AF65/$AA65 -> 0.075244178 | AH65: 7411.08 | AI65: =AH65/$AA65 -> 0.077838522 | AJ65: 7854.53 | AK65: =AJ65/$AA65 -> 0.082496074 | AL65: 7625.91 | AM65: =AL65/$AA65 -> 0.08009488 | AN65: 7917.97 | AO65: =AN65/$AA65 -> 0.083162384 | AP65: 9232.03 | AQ65: =AP65/$AA65 -> 0.096963947 | AR65: 8119.56 | AS65: =AR65/$AA65 -> 0.085279683 | AT65: 8119.56 | AU65: =AT65/$AA65 -> 0.085279683 | AV65: 8660.89 | AW65: =AV65/$AA65 -> 0.090965268 | AY65: =AX65/$AA65 -> 0 | BA65: =AZ65/$AA65 -> 0 | BC65: =BB65/$AA65 -> 0 | BD65: =AF65+AH65+AJ65+AL65+AN65+AP65+AR65+AT65+AV65+AX65+AZ65+BB65 -> 72105.6 | BE65: =BD65/$AA65 -> 0.75732462
A66: Eletricidade | B66: 110000 | C66: 10913.707 | D66: =C66*12 -> 130964.48 | E66: =IFERROR((D66/B66)-1,0) -> 0.19058618 | F66: 12064.5 | G66: 8556 | H66: 12374.14 | I66: 2330.7 | J66: 7688.53 | K66: 6893.7 | L66: =6419.13-4904.18 -> 1514.95 | M66: =L66/C66 -> 0.13881168 | N66: 1599.17 | O66: =N66/C66 -> 0.14652859 | P66: 1708.61 | Q66: =P66/$C66 -> 0.15655634 | U66: =T66/I66 -> 0 | V66: =T66+S66+R66+P66+N66+L66+K66+J66+I66+H66+G66+F66 -> 54730.3 | W66: =V66/D66 -> 0.41790186 | X66: =V66/9 -> 6081.1444 | Y66: =X66+(X66*$Y$2) -> 6446.0131 | Z66: 1600 | AA66: =Z66*12 -> 19200 | AB66: =(L66+N66+P66)/3 -> 1607.5767 | AF66: 982.73 | AG66: =AF66/$AA66 -> 0.051183854 | AH66: 1070.1 | AI66: =AH66/$AA66 -> 0.055734375 | AJ66: 535.25 | AK66: =AJ66/$AA66 -> 0.027877604 | AL66: 1159.47 | AM66: =AL66/$AA66 -> 0.060389063 | AN66: 1491.22 | AO66: =AN66/$AA66 -> 0.077667708 | AP66: 896.83 | AQ66: =AP66/$AA66 -> 0.046709896 | AR66: 1590.01 | AS66: =AR66/$AA66 -> 0.082813021 | AT66: 2080.76 | AU66: =AT66/$AA66 -> 0.10837292 | AV66: 2441.41 | AW66: =AV66/$AA66 -> 0.12715677 | AY66: =AX66/$AA66 -> 0 | BA66: =AZ66/$AA66 -> 0 | BC66: =BB66/$AA66 -> 0 | BD66: =AF66+AH66+AJ66+AL66+AN66+AP66+AR66+AT66+AV66+AX66+AZ66+BB66 -> 12247.78 | BE66: =BD66/$AA66 -> 0.63790521
A67: Gas | B67: 24000 | C67: 2292.2567 | D67: =C67*12 -> 27507.08 | E67: =IFERROR((D67/B67)-1,0) -> 0.14612833 | F67: 1074.87 | G67: 1913.8 | H67: 3779.98 | I67: 2633.54 | J67: 4884.19 | K67: 2221.89 | L67: 2213.01 | M67: =L67/C67 -> 0.96542854 | N67: 4032.61 | O67: =N67/C67 -> 1.7592314 | P67: 2527.65 | Q67: =P67/$C67 -> 1.1026907 | U67: =T67/I67 -> 0 | V67: =T67+S67+R67+P67+N67+L67+K67+J67+I67+H67+G67+F67 -> 25281.54 | W67: =V67/D67 -> 0.9190921 | X67: =V67/9 -> 2809.06 | Y67: =X67+(X67*$Y$2) -> 2977.6036 | Z67: 3089.966 | AA67: =Z67*12 -> 37079.592 | AB67: =(L67+N67+P67)/3 -> 2924.4233 | AF67: 3061.5 | AG67: =AF67/$AA67 -> 0.082565633 | AH67: 2399.57 | AI67: =AH67/$AA67 -> 0.064714035 | AJ67: 1111.94 | AK67: =AJ67/$AA67 -> 0.029987924 | AL67: 1134.05 | AM67: =AL67/$AA67 -> 0.030584209 | AN67: 3522.83 | AO67: =AN67/$AA67 -> 0.095007248 | AP67: 2841.04 | AQ67: =AP67/$AA67 -> 0.076620045 | AR67: 1912.42 | AS67: =AR67/$AA67 -> 0.05157608 | AT67: 2652.4 | AU67: =AT67/$AA67 -> 0.07153261 | AV67: 1704.5 | AW67: =AV67/$AA67 -> 0.045968683 | AY67: =AX67/$AA67 -> 0 | BA67: =AZ67/$AA67 -> 0 | BC67: =BB67/$AA67 -> 0 | BD67: =AF67+AH67+AJ67+AL67+AN67+AP67+AR67+AT67+AV67+AX67+AZ67+BB67 -> 20340.25 | BE67: =BD67/$AA67 -> 0.54855647
A68: Telefone, Net, correio, cartório | B68: 5000 | C68: 548.52667 | D68: =C68*12 -> 6582.32 | E68: =IFERROR((D68/B68)-1,0) -> 0.316464 | F68: =469.7+30+20+136.97 -> 656.67 | G68: =465.5+30 -> 495.5 | H68: =470.58+104.92+895.9 -> 1471.4 | I68: =737.7+18.9 -> 756.6 | J68: 470.36 | K68: =471.54+41.65+71.7 -> 584.89 | L68: 462.66 | M68: =L68/C68 -> 0.84345945 | N68: =471.92+618.34 -> 1090.26 | O68: =N68/C68 -> 1.9876153 | P68: =461.9+569.88 -> 1031.78 | Q68: =P68/$C68 -> 1.8810024 | U68: =T68/I68 -> 0 | V68: =T68+S68+R68+P68+N68+L68+K68+J68+I68+H68+G68+F68 -> 7020.12 | W68: =V68/D68 -> 1.0665115 | X68: =V68/9 -> 780.01333 | Y68: =X68+(X68*$Y$2) -> 826.81413 | Z68: 858.01467 | AA68: =Z68*12 -> 10296.176 | AB68: =(L68+N68+P68)/3 -> 861.56667 | AF68: =473.37+65.5 -> 538.87 | AG68: =AF68/$AA68 -> 0.052336906 | AH68: =472.88+70.8+15+469.3 -> 1027.98 | AI68: =AH68/$AA68 -> 0.099840951 | AJ68: =477.44+18.05+20.2 -> 515.69 | AK68: =AJ68/$AA68 -> 0.050085585 | AL68: =477.44+312.3 -> 789.74 | AM68: =AL68/$AA68 -> 0.076702263 | AN68: 477.44 | AO68: =AN68/$AA68 -> 0.046370614 | AP68: =477.44+3.4+410.05 -> 890.89 | AQ68: =AP68/$AA68 -> 0.086526299 | AR68: 477.44 | AS68: =AR68/$AA68 -> 0.046370614 | AT68: 501.95 | AU68: =AT68/$AA68 -> 0.048751109 | AV68: 501.95 | AW68: =AV68/$AA68 -> 0.048751109 | AY68: =AX68/$AA68 -> 0 | BA68: =AZ68/$AA68 -> 0 | BC68: =BB68/$AA68 -> 0 | BD68: =AF68+AH68+AJ68+AL68+AN68+AP68+AR68+AT68+AV68+AX68+AZ68+BB68 -> 5721.95 | BE68: =BD68/$AA68 -> 0.55573545
A69: Material de escritório | B69: 5000 | C69: 884.045 | D69: =C69*12 -> 10608.54 | E69: =IFERROR((D69/B69)-1,0) -> 1.121708 | F69: =2520.91-532.5 -> 1988.41 | G69: 344.9 | I69: 329.25 | J69: 1273.8 | K69: 215.21 | L69: 887.88 | M69: =L69/C69 -> 1.004338 | N69: 751.7 | O69: =N69/C69 -> 0.85029608 | P69: 580.39 | Q69: =P69/$C69 -> 0.65651635 | U69: =T69/I69 -> 0 | V69: =T69+S69+R69+P69+N69+L69+K69+J69+I69+H69+G69+F69 -> 6371.54 | W69: =V69/D69 -> 0.6006048 | X69: =V69/9 -> 707.94889 | Y69: =X69+(X69*$Y$2) -> 750.42582 | Z69: 778.74378 | AA69: =Z69*12 -> 9344.9253 | AB69: =(L69+N69+P69)/3 -> 739.99 | AF69: 591 | AG69: =AF69/$AA69 -> 0.063242881 | AI69: =AH69/$AA69 -> 0 | AJ69: 750 | AK69: =AJ69/$AA69 -> 0.080257463 | AL69: 989.45 | AM69: =AL69/$AA69 -> 0.105881 | AN69: 245.5 | AO69: =AN69/$AA69 -> 0.026270943 | AP69: 595.6 | AQ69: =AP69/$AA69 -> 0.063735127 | AR69: 750.9 | AS69: =AR69/$AA69 -> 0.080353772 | AT69: 975.59 | AU69: =AT69/$AA69 -> 0.10439784 | AV69: 1298.88 | AW69: =AV69/$AA69 -> 0.13899308 | AY69: =AX69/$AA69 -> 0 | BA69: =AZ69/$AA69 -> 0 | BC69: =BB69/$AA69 -> 0 | BD69: =AF69+AH69+AJ69+AL69+AN69+AP69+AR69+AT69+AV69+AX69+AZ69+BB69 -> 6196.92 | BE69: =BD69/$AA69 -> 0.6631321
A70: Material de consumo e limpeza | B70: 20000 | C70: 3900.7 | D70: =C70*12 -> 46808.4 | E70: =IFERROR((D70/B70)-1,0) -> 1.34042 | F70: =3816.9+410.57 -> 4227.47 | G70: 6088.57 | H70: 7490.24 | I70: =2096.99+675 -> 2771.99 | J70: 9486.42 | K70: 3239.76 | L70: 6829.61 | M70: =L70/C70 -> 1.7508678 | N70: =2956.2-2.5 -> 2953.7 | O70: =N70/C70 -> 0.75722306 | P70: 8579.79 | Q70: =P70/$C70 -> 2.1995514 | U70: =T70/I70 -> 0 | V70: =T70+S70+R70+P70+N70+L70+K70+J70+I70+H70+G70+F70 -> 51667.55 | W70: =V70/D70 -> 1.1038094 | X70: =V70/9 -> 5740.8389 | Y70: =X70+(X70*$Y$2) -> 6085.2892 | Z70: 6314.9228 | AA70: =Z70*12 -> 75779.073 | AB70: =(L70+N70+P70)/3 -> 6121.0333 | AF70: 4700.98 | AG70: =AF70/$AA70 -> 0.062035332 | AH70: 8255.2 | AI70: =AH70/$AA70 -> 0.10893773 | AJ70: 1779 | AK70: =AJ70/$AA70 -> 0.023476138 | AL70: =2410.95-42.89+670.57 -> 3038.63 | AM70: =AL70/$AA70 -> 0.040098537 | AN70: 4065.2 | AO70: =AN70/$AA70 -> 0.053645417 | AP70: =586+65.49 -> 651.49 | AQ70: =AP70/$AA70 -> 0.0085972284 | AR70: 4847.93 | AS70: =AR70/$AA70 -> 0.063974522 | AT70: 1335.69 | AU70: =AT70/$AA70 -> 0.017626106 | AV70: 4392.36 | AW70: =AV70/$AA70 -> 0.057962704 | AY70: =AX70/$AA70 -> 0 | BA70: =AZ70/$AA70 -> 0 | BC70: =BB70/$AA70 -> 0 | BD70: =AF70+AH70+AJ70+AL70+AN70+AP70+AR70+AT70+AV70+AX70+AZ70+BB70 -> 33066.48 | BE70: =BD70/$AA70 -> 0.43635371
A71: mat. vestiário e enfermaria | B71: 500 | C71: 108.89 | D71: =C71*12 -> 1306.68 | E71: =IFERROR((D71/B71)-1,0) -> 1.61336 | K71: 145 | L71: 159.93 | M71: =L71/C71 -> 1.4687299 | O71: =N71/C71 -> 0 | Q71: =P71/$C71 -> 0 | U71: =T71/I71 -> #DIV/0! | V71: =T71+S71+R71+P71+N71+L71+K71+J71+I71+H71+G71+F71 -> 304.93 | W71: =V71/D71 -> 0.23336241 | X71: =V71/9 -> 33.881111 | Y71: =X71+(X71*$Y$2) -> 35.913978 | Z71: 37.269222 | AA71: =Z71*12 -> 447.23067 | AB71: =(L71+N71+P71)/3 -> 53.31 | AF71: =190.52 -> 190.52 | AG71: =AF71/$AA71 -> 0.42599941 | AI71: =AH71/$AA71 -> 0 | AK71: =AJ71/$AA71 -> 0 | AL71: 850.18 | AM71: =AL71/$AA71 -> 1.9009877 | AO71: =AN71/$AA71 -> 0 | AQ71: =AP71/$AA71 -> 0 | AS71: =AR71/$AA71 -> 0 | AT71: 181.6 | AU71: =AT71/$AA71 -> 0.40605444 | AW71: =AV71/$AA71 -> 0 | AY71: =AX71/$AA71 -> 0 | BA71: =AZ71/$AA71 -> 0 | BC71: =BB71/$AA71 -> 0 | BD71: =AF71+AH71+AJ71+AL71+AN71+AP71+AR71+AT71+AV71+AX71+AZ71+BB71 -> 1222.3 | BE71: =BD71/$AA71 -> 2.7330416
A72: Serviços Terceirizados | B72: 276900 | C72: 44815.928 | D72: =SUM(D73:D78) -> 558033.21 | E72: =IFERROR((D72/B72)-1,0) -> 1.0152879 | F72: =SUM(F73:F78) -> 46272.12 | G72: =SUM(G73:G78) -> 42819.15 | H72: =SUM(H73:H78) -> 15259.57 | I72: =SUM(I73:I78) -> 48644.89 | J72: =SUM(J73:J78) -> 46973.39 | K72: =SUM(K73:K78) -> 55868.13 | L72: =SUM(L73:L78) -> 45622.5 | M72: =L72/C72 -> 1.0179974 | N72: =SUM(N73:N78) -> 53092.28 | O72: =N72/C72 -> 1.1846743 | P72: =SUM(P73:P78) -> 49415.19 | Q72: =P72/$C72 -> 1.1026256 | R72: =SUM(R73:R78) -> 0 | S72: =SUM(S73:S78) -> 0 | T72: =SUM(T73:T78) -> 0 | U72: =T72/I72 -> 0 | V72: =SUM(V73:V78) -> 403967.22 | W72: =V72/D72 -> 0.7239125 | X72: =V72/9 -> 44885.247 | Y72: =SUM(Y73:Y78) -> 47578.361 | Z72: 49373.771 | AA72: =SUM(AA73:AA78) -> 611234.63 | AB72: =(L72+N72+P72)/3 -> 49376.657 | AF72: =SUM(AF73:AF78) -> 52175.18 | AG72: =AF72/$AA72 -> 0.085360314 | AH72: =SUM(AH73:AH78) -> 52371.62 | AI72: =AH72/$AA72 -> 0.085681696 | AJ72: =SUM(AJ73:AJ78) -> 56758.79 | AK72: =AJ72/$AA72 -> 0.092859251 | AL72: =SUM(AL73:AL78) -> 46407.3 | AM72: =AL72/$AA72 -> 0.075923872 | AN72: =SUM(AN73:AN78) -> 49849.05 | AO72: =AN72/$AA72 -> 0.081554689 | AP72: =SUM(AP73:AP78) -> 48023.23 | AQ72: =AP72/$AA72 -> 0.078567587 | AR72: =SUM(AR73:AR78) -> 53401.18 | AS72: =AR72/$AA72 -> 0.087366091 | AT72: =SUM(AT73:AT78) -> 55605.37 | AU72: =AT72/$AA72 -> 0.090972218 | AV72: =SUM(AV73:AV78) -> 56971.44 | AW72: =AV72/$AA72 -> 0.093207154 | AX72: =SUM(AX73:AX78) -> 0 | AY72: =AX72/$AA72 -> 0 | AZ72: =SUM(AZ73:AZ78) -> 0 | BA72: =AZ72/$AA72 -> 0 | BB72: =SUM(BB73:BB78) -> 0 | BC72: =BB72/$AA72 -> 0 | BD72: =SUM(BD73:BD78) -> 471563.16 | BE72: =BD72/$AA72 -> 0.77149287
A73: Contabilidade | B73: 54000 | C73: 5206.84 | D73: =C73*12 -> 62482.08 | E73: =IFERROR((D73/B73)-1,0) -> 0.15707556 | F73: 4460.67 | G73: 4460.67 | H73: 8921.34 | I73: 8921.34 | J73: 4460.67 | K73: 4460.67 | L73: 4460.67 | M73: =L73/C73 -> 0.85669427 | N73: 4460.67 | O73: =N73/C73 -> 0.85669427 | P73: 4460.67 | Q73: =P73/$C73 -> 0.85669427 | U73: =T73/I73 -> 0 | V73: =T73+S73+R73+P73+N73+L73+K73+J73+I73+H73+G73+F73 -> 49067.37 | W73: =V73/D73 -> 0.78530308 | X73: =V73/9 -> 5451.93 | Y73: =X73+(X73*$Y$2) -> 5779.0458 | Z73: 5997.123 | AA73: =Z73*12 -> 71965.476 | AB73: =(L73+N73+P73)/3 -> 4460.67 | AF73: 4912.09 | AG73: =AF73/$AA73 -> 0.068256201 | AH73: 4912.09 | AI73: =AH73/$AA73 -> 0.068256201 | AJ73: 9824.18 | AK73: =AJ73/$AA73 -> 0.1365124 | AL73: 4912.09 | AM73: =AL73/$AA73 -> 0.068256201 | AN73: 5480 | AO73: =AN73/$AA73 -> 0.076147624 | AP73: 5480 | AQ73: =AP73/$AA73 -> 0.076147624 | AR73: 5480 | AS73: =AR73/$AA73 -> 0.076147624 | AT73: 5480 | AU73: =AT73/$AA73 -> 0.076147624 | AV73: 5480 | AW73: =AV73/$AA73 -> 0.076147624 | AY73: =AX73/$AA73 -> 0 | BA73: =AZ73/$AA73 -> 0 | BC73: =BB73/$AA73 -> 0 | BD73: =AF73+AH73+AJ73+AL73+AN73+AP73+AR73+AT73+AV73+AX73+AZ73+BB73 -> 51960.45 | BE73: =BD73/$AA73 -> 0.72201912
A74: Assessoria Jurídica | B74: 27400 | C74: 1141.6667 | D74: =B74/2 -> 13700 | E74: =IFERROR((D74/B74)-1,0) -> -0.5 | F74: 257.7 | G74: 257.7 | H74: 257.7 | I74: 257.7 | J74: 257.7 | K74: 257.7 | L74: 285.3 | M74: =L74/C74 -> 0.24989781 | N74: 6285.3 | O74: =N74/C74 -> 5.5053723 | P74: 285.3 | Q74: =P74/$C74 -> 0.24989781 | U74: =T74/I74 -> 0 | V74: =T74+S74+R74+P74+N74+L74+K74+J74+I74+H74+G74+F74 -> 8402.1 | W74: =V74/D74 -> 0.61329197 | X74: =V74/9 -> 933.56667 | Y74: =X74+(X74*$Y$2) -> 989.58067 | Z74: 1026.9233 | AA74: =Z74*12 -> 12323.08 | AB74: =(L74+N74+P74)/3 -> 2285.3 | AF74: 2685.39 | AG74: =AF74/$AA74 -> 0.21791549 | AH74: 4285.3 | AI74: =AH74/$AA74 -> 0.34774586 | AJ74: 291 | AK74: =AJ74/$AA74 -> 0.023614226 | AL74: 285.3 | AM74: =AL74/$AA74 -> 0.02315168 | AN74: 4977.8 | AO74: =AN74/$AA74 -> 0.40394122 | AP74: =5285.29-4692.5 -> 592.79 | AQ74: =AP74/$AA74 -> 0.048104045 | AR74: 296.54 | AS74: =AR74/$AA74 -> 0.024063789 | AT74: 515.81 | AU74: =AT74/$AA74 -> 0.04185723 | AV74: 296.54 | AW74: =AV74/$AA74 -> 0.024063789 | AY74: =AX74/$AA74 -> 0 | BA74: =AZ74/$AA74 -> 0 | BC74: =BB74/$AA74 -> 0 | BD74: =AF74+AH74+AJ74+AL74+AN74+AP74+AR74+AT74+AV74+AX74+AZ74+BB74 -> 14226.47 | BE74: =BD74/$AA74 -> 1.1544573
A75: Auditoria Contábil | B75: 22000 | C75: 1666.6667 | D75: 26000 | E75: =IFERROR((D75/B75)-1,0) -> 0.18181818 | F75: 3041.4 | G75: =353.43 -> 353.43 | H75: 520.91 | I75: 1703.71 | L75: 3411.09 | M75: =L75/C75 -> 2.046654 | N75: 3411.08 | O75: =N75/C75 -> 2.046648 | P75: 3411.08 | Q75: =P75/$C75 -> 2.046648 | U75: =T75/I75 -> 0 | V75: =T75+S75+R75+P75+N75+L75+K75+J75+I75+H75+G75+F75 -> 15852.7 | W75: =V75/D75 -> 0.60971923 | X75: =V75/9 -> 1761.4111 | Y75: =X75+(X75*$Y$2) -> 1867.0958 | Z75: 2500 | AA75: =Z75*12 -> 30000 | AB75: =(L75+N75+P75)/3 -> 3411.0833 | AF75: 3411.08 | AG75: =AF75/$AA75 -> 0.11370267 | AH75: 3411.07 | AI75: =AH75/$AA75 -> 0.11370233 | AJ75: 305.25 | AK75: =AJ75/$AA75 -> 0.010175 | AL75: 61.05 | AM75: =AL75/$AA75 -> 0.002035 | AO75: =AN75/$AA75 -> 0 | AQ75: =AP75/$AA75 -> 0 | AS75: =AR75/$AA75 -> 0 | AT75: 4288.21 | AU75: =AT75/$AA75 -> 0.14294033 | AV75: 4288.21 | AW75: =AV75/$AA75 -> 0.14294033 | AY75: =AX75/$AA75 -> 0 | BA75: =AZ75/$AA75 -> 0 | BC75: =BB75/$AA75 -> 0 | BD75: =AF75+AH75+AJ75+AL75+AN75+AP75+AR75+AT75+AV75+AX75+AZ75+BB75 -> 15764.87 | BE75: =BD75/$AA75 -> 0.52549567
A76: Salva Vidas | B76: 9500 | C76: 791.66667 | D76: =B76 -> 9500 | E76: =IFERROR((D76/B76)-1,0) -> 0 | M76: =L76/C76 -> 0 | O76: =N76/C76 -> 0 | Q76: =P76/$C76 -> 0 | U76: =T76/I76 -> #DIV/0! | V76: =T76+S76+R76+P76+N76+L76+K76+J76+I76+H76+G76+F76 -> 0 | W76: =V76/D76 -> 0 | X76: =V76/9 -> 0 | Y76: =X76+(X76*$Y$2) -> 0 | Z76: 1000 | AA76: =Z76*12 -> 12000 | AB76: =(L76+N76+P76)/3 -> 0 | AG76: =AF76/$AA76 -> 0 | AI76: =AH76/$AA76 -> 0 | AK76: =AJ76/$AA76 -> 0 | AM76: =AL76/$AA76 -> 0 | AO76: =AN76/$AA76 -> 0 | AQ76: =AP76/$AA76 -> 0 | AS76: =AR76/$AA76 -> 0 | AU76: =AT76/$AA76 -> 0 | AW76: =AV76/$AA76 -> 0 | AY76: =AX76/$AA76 -> 0 | BA76: =AZ76/$AA76 -> 0 | BC76: =BB76/$AA76 -> 0 | BD76: =AF76+AH76+AJ76+AL76+AN76+AP76+AR76+AT76+AV76+AX76+AZ76+BB76 -> 0 | BE76: =BD76/$AA76 -> 0
A77: Colaboradores terceirizados (faxineira, jardineiro, porteiros) | B77: 114000 | C77: 30100 | D77: =C77*12 -> 361200 | E77: =IFERROR((D77/B77)-1,0) -> 2.1684211 | F77: =1634.36+30150.44 -> 31784.8 | G77: 33116.6 | I77: 32269 | J77: 34639 | K77: =10554.3+27564.7 -> 38119 | L77: 32259 | M77: =L77/C77 -> 1.0717276 | N77: 32269.01 | O77: =N77/C77 -> 1.0720601 | P77: 32269 | Q77: =P77/$C77 -> 1.0720598 | U77: =T77/I77 -> 0 | V77: =T77+S77+R77+P77+N77+L77+K77+J77+I77+H77+G77+F77 -> 266725.41 | W77: =V77/D77 -> 0.73844244 | X77: =V77/9 -> 29636.157 | Y77: =X77+(X77*$Y$2) -> 31414.326 | Z77: 32599.772 | AA77: =Z77*12 -> 391197.27 | AB77: =(L77+N77+P77)/3 -> 32265.67 | AF77: =33893.41-0.01 -> 33893.4 | AG77: =AF77/$AA77 -> 0.086640176 | AH77: =33893.41-0.01 -> 33893.4 | AI77: =AH77/$AA77 -> 0.086640176 | AJ77: 39458.67 | AK77: =AJ77/$AA77 -> 0.10086643 | AL77: 33893.41 | AM77: =AL77/$AA77 -> 0.086640201 | AN77: 33893.4 | AO77: =AN77/$AA77 -> 0.086640176 | AP77: 33893.41 | AQ77: =AP77/$AA77 -> 0.086640201 | AR77: 39458.68 | AS77: =AR77/$AA77 -> 0.10086645 | AT77: 33893.41 | AU77: =AT77/$AA77 -> 0.086640201 | AV77: 34384.43 | AW77: =AV77/$AA77 -> 0.087895374 | AY77: =AX77/$AA77 -> 0 | BA77: =AZ77/$AA77 -> 0 | BC77: =BB77/$AA77 -> 0 | BD77: =AF77+AH77+AJ77+AL77+AN77+AP77+AR77+AT77+AV77+AX77+AZ77+BB77 -> 316662.21 | BE77: =BD77/$AA77 -> 0.80946938
A78: Outros (sistema /informática / site / serviços de terceiros) | B78: 50000 | C78: 7095.9278 | D78: =C78*12 -> 85151.133 | E78: =IFERROR((D78/B78)-1,0) -> 0.70302267 | F78: =4677.48-1634.36+3684.43 -> 6727.55 | G78: =13217.62-11160+2573.13 -> 4630.75 | H78: =2772.5+2787.12 -> 5559.62 | I78: =4374.37+2753.13-1634.36 -> 5493.14 | J78: =3732.3+3883.72 -> 7616.02 | K78: =2705.66+10325.1 -> 13030.76 | L78: =3584.1+1622.34 -> 5206.44 | M78: =L78/C78 -> 0.73372224 | N78: =2663.72+4002.5 -> 6666.22 | O78: =N78/C78 -> 0.93944305 | P78: =6001.45+2987.69 -> 8989.14 | Q78: =P78/$C78 -> 1.2668026 | U78: =T78/I78 -> 0 | V78: =T78+S78+R78+P78+N78+L78+K78+J78+I78+H78+G78+F78 -> 63919.64 | W78: =V78/D78 -> 0.75066106 | X78: =V78/9 -> 7102.1822 | Y78: =X78+(X78*$Y$2) -> 7528.3132 | Z78: 7812.4004 | AA78: =Z78*12 -> 93748.805 | AB78: =(L78+N78+P78)/3 -> 6953.9333 | AF78: =3381.85+3891.37 -> 7273.22 | AG78: =AF78/$AA78 -> 0.077582002 | AH78: =2437.58+2138.66+1293.52 -> 5869.76 | AI78: =AH78/$AA78 -> 0.062611571 | AJ78: =2653.58+2932.59+1293.52 -> 6879.69 | AK78: =AJ78/$AA78 -> 0.073384295 | AL78: =4183.28+3072.17 -> 7255.45 | AM78: =AL78/$AA78 -> 0.077392453 | AN78: =2679.75+2818.1 -> 5497.85 | AO78: =AN78/$AA78 -> 0.058644481 | AP78: =6807.69+1600.34-351 -> 8057.03 | AQ78: =AP78/$AA78 -> 0.085942749 | AR78: =3451.97+4463.99+250 -> 8165.96 | AS78: =AR78/$AA78 -> 0.087104683 | AT78: =5541.73+5886.21 -> 11427.94 | AU78: =AT78/$AA78 -> 0.12189958 | AV78: =11078.08+1444.18 -> 12522.26 | AW78: =AV78/$AA78 -> 0.13357248 | AY78: =AX78/$AA78 -> 0 | BA78: =AZ78/$AA78 -> 0 | BC78: =BB78/$AA78 -> 0 | BD78: =AF78+AH78+AJ78+AL78+AN78+AP78+AR78+AT78+AV78+AX78+AZ78+BB78 -> 72949.16 | BE78: =BD78/$AA78 -> 0.77813429
A79: Outras Despesas Operacionais | B79: 46600 | C79: 4775.5511 | D79: =SUM(D80:D87) -> 57306.613 | E79: =IFERROR((D79/B79)-1,0) -> 0.22975565 | F79: =SUM(F80:F87) -> 2595.65 | G79: =SUM(G80:G87) -> 7061.54 | H79: =SUM(H80:H87) -> 2054.7 | I79: =SUM(I80:I87) -> 5122.54 | J79: =SUM(J80:J87) -> 3534.63 | K79: =SUM(K80:K87) -> 3147.28 | L79: =SUM(L80:L87) -> 1617.54 | M79: =L79/C79 -> 0.33871274 | N79: =SUM(N80:N87) -> 5560.03 | O79: =N79/C79 -> 1.1642698 | P79: =SUM(P80:P87) -> 3469.52 | Q79: =P79/$C79 -> 0.7265172 | R79: =SUM(R80:R87) -> 0 | S79: =SUM(S80:S87) -> 0 | T79: =SUM(T80:T87) -> 0 | U79: =T79/I79 -> 0 | V79: =SUM(V80:V87) -> 34163.43 | W79: =V79/D79 -> 0.59615161 | X79: =V79/9 -> 3795.9367 | Y79: =SUM(Y80:Y87) -> 4023.6929 | Z79: 4175.5303 | AA79: =SUM(AA80:AA87) -> 53706.364 | AB79: =(L79+N79+P79)/3 -> 3549.03 | AF79: =SUM(AF80:AF87) -> 2218.88 | AG79: =AF79/$AA79 -> 0.041315029 | AH79: =SUM(AH80:AH87) -> 7451.91 | AI79: =AH79/$AA79 -> 0.13875283 | AJ79: =SUM(AJ80:AJ87) -> 2048.18 | AK79: =AJ79/$AA79 -> 0.038136635 | AL79: =SUM(AL80:AL87) -> 2552.42 | AM79: =AL79/$AA79 -> 0.047525466 | AN79: =SUM(AN80:AN87) -> 1239.99 | AO79: =AN79/$AA79 -> 0.023088325 | AP79: =SUM(AP80:AP87) -> 3725.98 | AQ79: =AP79/$AA79 -> 0.069376881 | AR79: =SUM(AR80:AR87) -> 1604 | AS79: =AR79/$AA79 -> 0.029866107 | AT79: =SUM(AT80:AT87) -> 3784.29 | AU79: =AT79/$AA79 -> 0.070462599 | AV79: =SUM(AV80:AV87) -> 3937.89 | AW79: =AV79/$AA79 -> 0.073322595 | AX79: =SUM(AX80:AX87) -> 0 | AY79: =AX79/$AA79 -> 0 | AZ79: =SUM(AZ80:AZ87) -> 0 | BA79: =AZ79/$AA79 -> 0 | BB79: =SUM(BB80:BB87) -> 0 | BC79: =BB79/$AA79 -> 0 | BD79: =SUM(BD80:BD87) -> 28563.54 | BE79: =BD79/$AA79 -> 0.53184647
A80: Conduções, viagens, cópias | B80: 600 | C80: 50 | D80: =C80*12 -> 600 | E80: =IFERROR((D80/B80)-1,0) -> 0 | M80: =L80/C80 -> 0 | O80: =N80/C80 -> 0 | Q80: =P80/$C80 -> 0 | U80: =T80/I80 -> #DIV/0! | V80: =T80+S80+R80+P80+N80+L80+K80+J80+I80+H80+G80+F80 -> 0 | W80: =V80/D80 -> 0 | X80: =V80/9 -> 0 | Y80: =X80+(X80*$Y$2) -> 0 | Z80: 0 | AA80: =Z80*12 -> 0 | AB80: =(L80+N80+P80)/3 -> 0 | BD80: =AF80+AH80+AJ80+AL80+AN80+AP80+AR80+AT80+AV80+AX80+AZ80+BB80 -> 0
A81: Marketing (impressos diversos) | B81: 1100 | C81: 144.78444 | D81: =C81*12 -> 1737.4133 | E81: =IFERROR((D81/B81)-1,0) -> 0.57946667 | F81: 34.9 | G81: 250.64 | H81: 34.9 | J81: 69.8 | L81: 34.9 | M81: =L81/C81 -> 0.24104799 | N81: 237.5 | O81: =N81/C81 -> 1.6403696 | P81: 34.9 | Q81: =P81/$C81 -> 0.24104799 | U81: =T81/I81 -> #DIV/0! | V81: =T81+S81+R81+P81+N81+L81+K81+J81+I81+H81+G81+F81 -> 697.54 | W81: =V81/D81 -> 0.4014819 | X81: =V81/9 -> 77.504444 | Y81: =X81+(X81*$Y$2) -> 82.154711 | Z81: 85.254889 | AA81: =Z81*12 -> 1023.0587 | AB81: =(L81+N81+P81)/3 -> 102.43333 | AG81: =AF81/$AA81 -> 0 | AH81: 5000 | AI81: =AH81/$AA81 -> 4.8873053 | AK81: =AJ81/$AA81 -> 0 | AL81: 681.6 | AM81: =AL81/$AA81 -> 0.66623745 | AN81: 255 | AO81: =AN81/$AA81 -> 0.24925257 | AQ81: =AP81/$AA81 -> 0 | AS81: =AR81/$AA81 -> 0 | AU81: =AT81/$AA81 -> 0 | AW81: =AV81/$AA81 -> 0 | AY81: =AX81/$AA81 -> 0 | BA81: =AZ81/$AA81 -> 0 | BC81: =BB81/$AA81 -> 0 | BD81: =AF81+AH81+AJ81+AL81+AN81+AP81+AR81+AT81+AV81+AX81+AZ81+BB81 -> 5936.6 | BE81: =BD81/$AA81 -> 5.8027953
A82: Despesas Gerais (Lanches e refeições) | B82: 6900 | C82: 246.85 | D82: =C82*12 -> 2962.2 | E82: =IFERROR((D82/B82)-1,0) -> -0.57069565 | I82: 3229.37 | J82: 148.44 | M82: =L82/C82 -> 0 | N82: 292.1 | O82: =N82/C82 -> 1.1833097 | Q82: =P82/$C82 -> 0 | U82: =T82/I82 -> 0 | V82: =T82+S82+R82+P82+N82+L82+K82+J82+I82+H82+G82+F82 -> 3669.91 | W82: =V82/D82 -> 1.2389136 | X82: =V82/9 -> 407.76778 | Y82: =X82+(X82*$Y$2) -> 432.23384 | Z82: 448.54456 | AA82: =Z82*12 -> 5382.5347 | AB82: =(L82+N82+P82)/3 -> 97.366667 | AG82: =AF82/$AA82 -> 0 | AH82: =550.11+166.8 -> 716.91 | AI82: =AH82/$AA82 -> 0.1331919 | AJ82: 126.78 | AK82: =AJ82/$AA82 -> 0.023553959 | AL82: 206.32 | AM82: =AL82/$AA82 -> 0.038331383 | AO82: =AN82/$AA82 -> 0 | AP82: =26+442.68 -> 468.68 | AQ82: =AP82/$AA82 -> 0.087074219 | AS82: =AR82/$AA82 -> 0 | AT82: 455.3 | AU82: =AT82/$AA82 -> 0.084588401 | AV82: =1350+120 -> 1470 | AW82: =AV82/$AA82 -> 0.27310553 | AY82: =AX82/$AA82 -> 0 | BA82: =AZ82/$AA82 -> 0 | BC82: =BB82/$AA82 -> 0 | BD82: =AF82+AH82+AJ82+AL82+AN82+AP82+AR82+AT82+AV82+AX82+AZ82+BB82 -> 3443.99 | BE82: =BD82/$AA82 -> 0.63984539
A83: despesa de deslocamento, motoboy | B83: 1600 | C83: 196.55556 | D83: =C83*12 -> 2358.6667 | E83: =IFERROR((D83/B83)-1,0) -> 0.47416667 | F83: 300 | G83: 360 | H83: =504 -> 504 | I83: 528 | J83: 420 | K83: 972 | L83: 192 | M83: =L83/C83 -> 0.97682306 | N83: 156 | O83: =N83/C83 -> 0.79366874 | P83: =246.36+528 -> 774.36 | Q83: =P83/$C83 -> 3.9396495 | U83: =T83/I83 -> 0 | V83: =T83+S83+R83+P83+N83+L83+K83+J83+I83+H83+G83+F83 -> 4206.36 | W83: =V83/D83 -> 1.7833635 | X83: =V83/9 -> 467.37333 | Y83: =X83+(X83*$Y$2) -> 495.41573 | Z83: 514.11067 | AA83: =Z83*12 -> 6169.328 | AB83: =(L83+N83+P83)/3 -> 374.12 | AF83: =288.93+48 -> 336.93 | AG83: =AF83/$AA83 -> 0.054613728 | AH83: 420 | AI83: =AH83/$AA83 -> 0.068078728 | AJ83: 372 | AK83: =AJ83/$AA83 -> 0.060298302 | AL83: 264 | AM83: =AL83/$AA83 -> 0.042792343 | AN83: 84 | AO83: =AN83/$AA83 -> 0.013615746 | AP83: =15+408 -> 423 | AQ83: =AP83/$AA83 -> 0.068565004 | AR83: 120 | AS83: =AR83/$AA83 -> 0.019451065 | AU83: =AT83/$AA83 -> 0 | AV83: 10 | AW83: =AV83/$AA83 -> 0.0016209221 | AY83: =AX83/$AA83 -> 0 | BA83: =AZ83/$AA83 -> 0 | BC83: =BB83/$AA83 -> 0 | BD83: =AF83+AH83+AJ83+AL83+AN83+AP83+AR83+AT83+AV83+AX83+AZ83+BB83 -> 2029.93 | BE83: =BD83/$AA83 -> 0.32903584
A84: Segurança (canil) e ração | B84: 3900 | C84: 270.75111 | D84: =C84*12 -> 3249.0133 | E84: =IFERROR((D84/B84)-1,0) -> -0.16691966 | F84: 339.5 | G84: 133.9 | H84: 175.9 | I84: 65 | J84: 413.89 | K84: 603.79 | L84: =140.64 -> 140.64 | M84: =L84/C84 -> 0.51944385 | N84: 411.8 | O84: =N84/C84 -> 1.5209541 | Q84: =P84/$C84 -> 0 | U84: =T84/I84 -> 0 | V84: =T84+S84+R84+P84+N84+L84+K84+J84+I84+H84+G84+F84 -> 2284.42 | W84: =V84/D84 -> 0.70311192 | X84: =V84/9 -> 253.82444 | Y84: =X84+(X84*$Y$2) -> 269.05391 | Z84: 279.20689 | AA84: =Z84*12 -> 3350.4827 | AB84: =(L84+N84+P84)/3 -> 184.14667 | AF84: 374.75 | AG84: =AF84/$AA84 -> 0.11184956 | AH84: 65 | AI84: =AH84/$AA84 -> 0.01940019 | AJ84: 299.4 | AK84: =AJ84/$AA84 -> 0.089360259 | AL84: 150.5 | AM84: =AL84/$AA84 -> 0.044918901 | AN84: 304.89 | AO84: =AN84/$AA84 -> 0.090998829 | AP84: 1584.3 | AQ84: =AP84/$AA84 -> 0.47285724 | AS84: =AR84/$AA84 -> 0 | AU84: =AT84/$AA84 -> 0 | AW84: =AV84/$AA84 -> 0 | AY84: =AX84/$AA84 -> 0 | BA84: =AZ84/$AA84 -> 0 | BC84: =BB84/$AA84 -> 0 | BD84: =AF84+AH84+AJ84+AL84+AN84+AP84+AR84+AT84+AV84+AX84+AZ84+BB84 -> 2778.84 | BE84: =BD84/$AA84 -> 0.82938498
A85: compra de pequenos bens | B85: 10200 | C85: 2316.61 | D85: =C85*12 -> 27799.32 | E85: =IFERROR((D85/B85)-1,0) -> 1.7254235 | F85: 671.25 | G85: =5158.2-91.2 -> 5067 | H85: 89.9 | I85: 50.17 | J85: 1232.5 | K85: 321.49 | M85: =L85/C85 -> 0 | N85: 3212.63 | O85: =N85/C85 -> 1.3867807 | P85: =1499.99-89.73 -> 1410.26 | Q85: =P85/$C85 -> 0.60876021 | U85: =T85/I85 -> 0 | V85: =T85+S85+R85+P85+N85+L85+K85+J85+I85+H85+G85+F85 -> 12055.2 | W85: =V85/D85 -> 0.4336509 | X85: =V85/9 -> 1339.4667 | Y85: =X85+(X85*$Y$2) -> 1419.8347 | Z85: 1473.4133 | AA85: =Z85*12 -> 17680.96 | AB85: =(L85+N85+P85)/3 -> 1540.9633 | AF85: 257.2 | AG85: =AF85/$AA85 -> 0.014546721 | AI85: =AH85/$AA85 -> 0 | AK85: =AJ85/$AA85 -> 0 | AM85: =AL85/$AA85 -> 0 | AN85: 596.1 | AO85: =AN85/$AA85 -> 0.033714233 | AQ85: =AP85/$AA85 -> 0 | AR85: 234 | AS85: =AR85/$AA85 -> 0.013234575 | AT85: 2078.99 | AU85: =AT85/$AA85 -> 0.11758355 | AV85: 1207.89 | AW85: =AV85/$AA85 -> 0.068315861 | AY85: =AX85/$AA85 -> 0 | BA85: =AZ85/$AA85 -> 0 | BC85: =BB85/$AA85 -> 0 | BD85: =AF85+AH85+AJ85+AL85+AN85+AP85+AR85+AT85+AV85+AX85+AZ85+BB85 -> 4374.18 | BE85: =BD85/$AA85 -> 0.24739494
A86: Outros (dedetização/headhunter,etc) | B86: 17300 | C86: 1250 | D86: =C86*12 -> 15000 | E86: =IFERROR((D86/B86)-1,0) -> -0.13294798 | F86: =1250 -> 1250 | G86: 1250 | H86: 1250 | I86: 1250 | J86: 1250 | K86: 1250 | L86: 1250 | M86: =L86/C86 -> 1 | N86: 1250 | O86: =N86/C86 -> 1 | P86: 1250 | Q86: =P86/$C86 -> 1 | U86: =T86/I86 -> 0 | V86: =T86+S86+R86+P86+N86+L86+K86+J86+I86+H86+G86+F86 -> 11250 | W86: =V86/D86 -> 0.75 | X86: =V86/9 -> 1250 | Y86: =X86+(X86*$Y$2) -> 1325 | Z86: 1375 | AA86: =Z86*12 -> 16500 | AB86: =(L86+N86+P86)/3 -> 1250 | AF86: 1250 | AG86: =AF86/$AA86 -> 0.075757576 | AH86: 1250 | AI86: =AH86/$AA86 -> 0.075757576 | AJ86: 1250 | AK86: =AJ86/$AA86 -> 0.075757576 | AL86: 1250 | AM86: =AL86/$AA86 -> 0.075757576 | AO86: =AN86/$AA86 -> 0 | AP86: =1250 -> 1250 | AQ86: =AP86/$AA86 -> 0.075757576 | AR86: =1250 -> 1250 | AS86: =AR86/$AA86 -> 0.075757576 | AT86: 1250 | AU86: =AT86/$AA86 -> 0.075757576 | AV86: 1250 | AW86: =AV86/$AA86 -> 0.075757576 | AY86: =AX86/$AA86 -> 0 | BA86: =AZ86/$AA86 -> 0 | BC86: =BB86/$AA86 -> 0 | BD86: =AF86+AH86+AJ86+AL86+AN86+AP86+AR86+AT86+AV86+AX86+AZ86+BB86 -> 10000 | BE86: =BD86/$AA86 -> 0.60606061
A87: Uniformes e Acessórios para venda | B87: 5000 | C87: 300 | D87: =C87*12 -> 3600 | E87: =IFERROR((D87/B87)-1,0) -> -0.28 | M87: =L87/C87 -> 0 | O87: =N87/C87 -> 0 | Q87: =P87/$C87 -> 0 | U87: =T87/I87 -> #DIV/0! | V87: =T87+S87+R87+P87+N87+L87+K87+J87+I87+H87+G87+F87 -> 0 | W87: =V87/D87 -> 0 | X87: =V87/9 -> 0 | Y87: =X87+(X87*$Y$2) -> 0 | Z87: 300 | AA87: =Z87*12 -> 3600 | AB87: =(L87+N87+P87)/3 -> 0 | AG87: =AF87/$AA87 -> 0 | AI87: =AH87/$AA87 -> 0 | AK87: =AJ87/$AA87 -> 0 | AM87: =AL87/$AA87 -> 0 | AO87: =AN87/$AA87 -> 0 | AQ87: =AP87/$AA87 -> 0 | AS87: =AR87/$AA87 -> 0 | AU87: =AT87/$AA87 -> 0 | AW87: =AV87/$AA87 -> 0 | AY87: =AX87/$AA87 -> 0 | BA87: =AZ87/$AA87 -> 0 | BC87: =BB87/$AA87 -> 0 | BD87: =AF87+AH87+AJ87+AL87+AN87+AP87+AR87+AT87+AV87+AX87+AZ87+BB87 -> 0 | BE87: =BD87/$AA87 -> 0
A88: Diretoria Social | B88: 105587.59 | C88: 10833.333 | D88: =D89 -> 130000 | E88: =IFERROR((D88/B88)-1,0) -> 0.23120529 | F88: =F89 -> 33886.56 | G88: =G89 -> 4630 | H88: =H89 -> 5184.7 | I88: =I89 -> 18332.95 | J88: =J89 -> 15321.8 | K88: =K89 -> 53752.27 | L88: =L89 -> 2383.48 | M88: =L88/C88 -> 0.22001354 | N88: =N89 -> 3779.48 | O88: =N88/C88 -> 0.34887508 | P88: =P89 -> 10896.34 | Q88: =P88/$C88 -> 1.005816 | R88: =R89 -> 0 | S88: =S89 -> 0 | T88: =T89 -> 0 | U88: =T88/I88 -> 0 | V88: =V89 -> 148167.58 | W88: =V88/D88 -> 1.1397506 | X88: =V88/9 -> 16463.064 | Y88: =Y89 -> 17450.848 | Z88: 18109.371 | AA88: =AA89 -> 190500 | AB88: =(L88+N88+P88)/3 -> 5686.4333 | AF88: =AF89 -> 3621.08 | AG88: =AF88/$AA88 -> 0.019008294 | AH88: =AH89 -> 880 | AI88: =AH88/$AA88 -> 0.0046194226 | AJ88: =AJ89 -> 880 | AK88: =AJ88/$AA88 -> 0.0046194226 | AL88: =AL89 -> 5622.73 | AM88: =AL88/$AA88 -> 0.029515643 | AN88: =AN89 -> 31347.86 | AO88: =AN88/$AA88 -> 0.1645557 | AP88: =AP89 -> 59788.64 | AQ88: =AP88/$AA88 -> 0.31385113 | AR88: =AR89 -> 13800 | AS88: =AR88/$AA88 -> 0.072440945 | AT88: =AT89 -> 4071 | AU88: =AT88/$AA88 -> 0.021370079 | AV88: =AV89 -> 950 | AW88: =AV88/$AA88 -> 0.0049868766 | AX88: =AX89 -> 0 | AY88: =AX88/$AA88 -> 0 | AZ88: =AZ89 -> 0 | BA88: =AZ88/$AA88 -> 0 | BB88: =BB89 -> 0 | BC88: =BB88/$AA88 -> 0 | BD88: =BD89 -> 120961.31 | BE88: =BD88/$AA88 -> 0.63496751
A89: Festas e Eventos | B89: 105587.59 | C89: 10833.333 | D89: =SUM(D90:D103) -> 130000 | E89: =IFERROR((D89/B89)-1,0) -> 0.23120529 | F89: =SUM(F90:F103) -> 33886.56 | G89: =SUM(G90:G103) -> 4630 | H89: =SUM(H90:H103) -> 5184.7 | I89: =SUM(I90:I103) -> 18332.95 | J89: =SUM(J90:J103) -> 15321.8 | K89: =SUM(K90:K103) -> 53752.27 | L89: =SUM(L90:L103) -> 2383.48 | M89: =L89/C89 -> 0.22001354 | N89: =SUM(N90:N103) -> 3779.48 | O89: =N89/C89 -> 0.34887508 | P89: =SUM(P90:P103) -> 10896.34 | Q89: =P89/$C89 -> 1.005816 | R89: =SUM(R90:R103) -> 0 | S89: =SUM(S90:S103) -> 0 | T89: =SUM(T90:T103) -> 0 | U89: =T89/I89 -> 0 | V89: =SUM(V90:V103) -> 148167.58 | W89: =V89/D89 -> 1.1397506 | X89: =V89/9 -> 16463.064 | Y89: =SUM(Y90:Y103) -> 17450.848 | Z89: 18109.371 | AA89: =SUM(AA90:AA103) -> 190500 | AB89: =(L89+N89+P89)/3 -> 5686.4333 | AF89: =SUM(AF90:AF103) -> 3621.08 | AG89: =AF89/$AA89 -> 0.019008294 | AH89: =SUM(AH90:AH103) -> 880 | AI89: =AH89/$AA89 -> 0.0046194226 | AJ89: =SUM(AJ90:AJ103) -> 880 | AK89: =AJ89/$AA89 -> 0.0046194226 | AL89: =SUM(AL90:AL103) -> 5622.73 | AM89: =AL89/$AA89 -> 0.029515643 | AN89: =SUM(AN90:AN103) -> 31347.86 | AO89: =AN89/$AA89 -> 0.1645557 | AP89: =SUM(AP90:AP103) -> 59788.64 | AQ89: =AP89/$AA89 -> 0.31385113 | AR89: =SUM(AR90:AR103) -> 13800 | AS89: =AR89/$AA89 -> 0.072440945 | AT89: =SUM(AT90:AT103) -> 4071 | AU89: =AT89/$AA89 -> 0.021370079 | AV89: =SUM(AV90:AV103) -> 950 | AW89: =AV89/$AA89 -> 0.0049868766 | AX89: =SUM(AX90:AX103) -> 0 | AY89: =AX89/$AA89 -> 0 | AZ89: =SUM(AZ90:AZ103) -> 0 | BA89: =AZ89/$AA89 -> 0 | BB89: =SUM(BB90:BB103) -> 0 | BC89: =BB89/$AA89 -> 0 | BD89: =SUM(BD90:BD103) -> 120961.31 | BE89: =BD89/$AA89 -> 0.63496751
A90: Festa Junina | B90: 41184 | C90: 3750 | D90: 45000 | E90: =IFERROR((D90/B90)-1,0) -> 0.092657343 | J90: =7178.44-98.09 -> 7080.35 | K90: 52252.27 | L90: 2200 | M90: =L90/C90 -> 0.58666667 | O90: =N90/C90 -> 0 | Q90: =P90/$C90 -> 0 | U90: =T90/I90 -> #DIV/0! | V90: =T90+S90+R90+P90+N90+L90+K90+J90+I90+H90+G90+F90 -> 61532.62 | W90: =V90/D90 -> 1.3673916 | X90: =V90/9 -> 6836.9578 | Y90: =X90+(X90*$Y$2) -> 7247.1752 | Z90: 5000 | AA90: =Z90*12 -> 60000 | AB90: =(L90+N90+P90)/3 -> 733.33333 | AG90: =AF90/$AA90 -> 0 | AI90: =AH90/$AA90 -> 0 | AK90: =AJ90/$AA90 -> 0 | AL90: 4777.15 | AM90: =AL90/$AA90 -> 0.079619167 | AN90: 2557.86 | AO90: =AN90/$AA90 -> 0.042631 | AP90: =60284.42-495.78 -> 59788.64 | AQ90: =AP90/$AA90 -> 0.99647733 | AS90: =AR90/$AA90 -> 0 | AU90: =AT90/$AA90 -> 0 | AW90: =AV90/$AA90 -> 0 | AY90: =AX90/$AA90 -> 0 | BA90: =AZ90/$AA90 -> 0 | BC90: =BB90/$AA90 -> 0 | BD90: =AF90+AH90+AJ90+AL90+AN90+AP90+AR90+AT90+AV90+AX90+AZ90+BB90 -> 67123.65 | BE90: =BD90/$AA90 -> 1.1187275
A91: Oktoberfest | B91: 5616 | C91: 1250 | D91: 15000 | E91: =IFERROR((D91/B91)-1,0) -> 1.6709402 | I91: 904 | K91: 1050 | M91: =L91/C91 -> 0 | N91: 550 | O91: =N91/C91 -> 0.44 | P91: 9819.34 | Q91: =P91/$C91 -> 7.855472 | U91: =T91/I91 -> 0 | V91: =T91+S91+R91+P91+N91+L91+K91+J91+I91+H91+G91+F91 -> 12323.34 | W91: =V91/D91 -> 0.821556 | X91: =V91/9 -> 1369.26 | Y91: =X91+(X91*$Y$2) -> 1451.4156 | Z91: 1250 | AA91: =Z91*12 -> 15000 | AB91: =(L91+N91+P91)/3 -> 3456.4467 | AG91: =AF91/$AA91 -> 0 | AI91: =AH91/$AA91 -> 0 | AK91: =AJ91/$AA91 -> 0 | AM91: =AL91/$AA91 -> 0 | AO91: =AN91/$AA91 -> 0 | AQ91: =AP91/$AA91 -> 0 | AR91: 3800 | AS91: =AR91/$AA91 -> 0.25333333 | AT91: 2971 | AU91: =AT91/$AA91 -> 0.19806667 | AW91: =AV91/$AA91 -> 0 | AY91: =AX91/$AA91 -> 0 | BA91: =AZ91/$AA91 -> 0 | BC91: =BB91/$AA91 -> 0 | BD91: =AF91+AH91+AJ91+AL91+AN91+AP91+AR91+AT91+AV91+AX91+AZ91+BB91 -> 6771 | BE91: =BD91/$AA91 -> 0.4514
A92: Bazar de Natal | B92: 0 | C92: 0 | D92: 0 | E92: =IFERROR((D92/B92)-1,0) -> 0 | M92: =L92/C92 -> #DIV/0! | O92: =N92/C92 -> #DIV/0! | Q92: =P92/$C92 -> #DIV/0! | U92: =T92/I92 -> #DIV/0! | V92: =T92+S92+R92+P92+N92+L92+K92+J92+I92+H92+G92+F92 -> 0 | W92: =V92/D92 -> #DIV/0! | X92: =V92/9 -> 0 | Y92: =X92+(X92*$Y$2) -> 0 | Z92: 416.66667 | AA92: =Z92*12 -> 5000 | AB92: =(L92+N92+P92)/3 -> 0 | AG92: =AF92/$AA92 -> 0 | AI92: =AH92/$AA92 -> 0 | AK92: =AJ92/$AA92 -> 0 | AM92: =AL92/$AA92 -> 0 | AO92: =AN92/$AA92 -> 0 | AQ92: =AP92/$AA92 -> 0 | AS92: =AR92/$AA92 -> 0 | AU92: =AT92/$AA92 -> 0 | AW92: =AV92/$AA92 -> 0 | AY92: =AX92/$AA92 -> 0 | BA92: =AZ92/$AA92 -> 0 | BC92: =BB92/$AA92 -> 0 | BD92: =AF92+AH92+AJ92+AL92+AN92+AP92+AR92+AT92+AV92+AX92+AZ92+BB92 -> 0 | BE92: =BD92/$AA92 -> 0
A93: Hallowycsa | B93: 2121.6 | C93: 125 | D93: 1500 | E93: =IFERROR((D93/B93)-1,0) -> -0.29298643 | M93: =L93/C93 -> 0 | O93: =N93/C93 -> 0 | Q93: =P93/$C93 -> 0 | U93: =T93/I93 -> #DIV/0! | V93: =T93+S93+R93+P93+N93+L93+K93+J93+I93+H93+G93+F93 -> 0 | W93: =V93/D93 -> 0 | X93: =V93/9 -> 0 | Y93: =X93+(X93*$Y$2) -> 0 | Z93: 125 | AA93: =Z93*12 -> 1500 | AB93: =(L93+N93+P93)/3 -> 0 | AG93: =AF93/$AA93 -> 0 | AI93: =AH93/$AA93 -> 0 | AK93: =AJ93/$AA93 -> 0 | AM93: =AL93/$AA93 -> 0 | AO93: =AN93/$AA93 -> 0 | AQ93: =AP93/$AA93 -> 0 | AS93: =AR93/$AA93 -> 0 | AU93: =AT93/$AA93 -> 0 | AW93: =AV93/$AA93 -> 0 | AY93: =AX93/$AA93 -> 0 | BA93: =AZ93/$AA93 -> 0 | BC93: =BB93/$AA93 -> 0 | BD93: =AF93+AH93+AJ93+AL93+AN93+AP93+AR93+AT93+AV93+AX93+AZ93+BB93 -> 0 | BE93: =BD93/$AA93 -> 0
A94: Homenagens | B94: 7488 | C94: 1375 | D94: 16500 | E94: =IFERROR((D94/B94)-1,0) -> 1.2035256 | M94: =L94/C94 -> 0 | O94: =N94/C94 -> 0 | P94: 37 | Q94: =P94/$C94 -> 0.026909091 | U94: =T94/I94 -> #DIV/0! | V94: =T94+S94+R94+P94+N94+L94+K94+J94+I94+H94+G94+F94 -> 37 | W94: =V94/D94 -> 0.0022424242 | X94: =V94/9 -> 4.1111111 | Y94: =X94+(X94*$Y$2) -> 4.3577778 | Z94: 1375 | AA94: =Z94*12 -> 16500 | AB94: =(L94+N94+P94)/3 -> 12.333333 | AG94: =AF94/$AA94 -> 0 | AI94: =AH94/$AA94 -> 0 | AJ94: 150 | AK94: =AJ94/$AA94 -> 0.0090909091 | AM94: =AL94/$AA94 -> 0 | AN94: 1160 | AO94: =AN94/$AA94 -> 0.07030303 | AQ94: =AP94/$AA94 -> 0 | AS94: =AR94/$AA94 -> 0 | AU94: =AT94/$AA94 -> 0 | AW94: =AV94/$AA94 -> 0 | AY94: =AX94/$AA94 -> 0 | BA94: =AZ94/$AA94 -> 0 | BC94: =BB94/$AA94 -> 0 | BD94: =AF94+AH94+AJ94+AL94+AN94+AP94+AR94+AT94+AV94+AX94+AZ94+BB94 -> 1310 | BE94: =BD94/$AA94 -> 0.079393939
A95: Jantar do Comodoro | B95: 20000 | C95: 1666.6667 | D95: 20000 | E95: =IFERROR((D95/B95)-1,0) -> 0 | M95: =L95/C95 -> 0 | O95: =N95/C95 -> 0 | Q95: =P95/$C95 -> 0 | U95: =T95/I95 -> #DIV/0! | V95: =T95+S95+R95+P95+N95+L95+K95+J95+I95+H95+G95+F95 -> 0 | W95: =V95/D95 -> 0 | X95: =V95/9 -> 0 | Y95: =X95+(X95*$Y$2) -> 0 | Z95: 2750 | AA95: =Z95*12 -> 33000 | AB95: =(L95+N95+P95)/3 -> 0 | AG95: =AF95/$AA95 -> 0 | AI95: =AH95/$AA95 -> 0 | AK95: =AJ95/$AA95 -> 0 | AM95: =AL95/$AA95 -> 0 | AO95: =AN95/$AA95 -> 0 | AQ95: =AP95/$AA95 -> 0 | AS95: =AR95/$AA95 -> 0 | AU95: =AT95/$AA95 -> 0 | AW95: =AV95/$AA95 -> 0 | AY95: =AX95/$AA95 -> 0 | BA95: =AZ95/$AA95 -> 0 | BC95: =BB95/$AA95 -> 0 | BD95: =AF95+AH95+AJ95+AL95+AN95+AP95+AR95+AT95+AV95+AX95+AZ95+BB95 -> 0 | BE95: =BD95/$AA95 -> 0
A96: Páscoa | B96: 2079.9168 | C96: 208.33333 | D96: 2500 | E96: =IFERROR((D96/B96)-1,0) -> 0.20197116 | H96: 928 | I96: =3418.9-584 -> 2834.9 | J96: 849.2 | M96: =L96/C96 -> 0 | O96: =N96/C96 -> 0 | Q96: =P96/$C96 -> 0 | U96: =T96/I96 -> 0 | V96: =T96+S96+R96+P96+N96+L96+K96+J96+I96+H96+G96+F96 -> 4612.1 | W96: =V96/D96 -> 1.84484 | X96: =V96/9 -> 512.45556 | Y96: =X96+(X96*$Y$2) -> 543.20289 | Z96: 416.66667 | AA96: =Z96*12 -> 5000 | AB96: =(L96+N96+P96)/3 -> 0 | AG96: =AF96/$AA96 -> 0 | AI96: =AH96/$AA96 -> 0 | AJ96: 730 | AK96: =AJ96/$AA96 -> 0.146 | AL96: 268.7 | AM96: =AL96/$AA96 -> 0.05374 | AO96: =AN96/$AA96 -> 0 | AQ96: =AP96/$AA96 -> 0 | AS96: =AR96/$AA96 -> 0 | AU96: =AT96/$AA96 -> 0 | AW96: =AV96/$AA96 -> 0 | AY96: =AX96/$AA96 -> 0 | BA96: =AZ96/$AA96 -> 0 | BC96: =BB96/$AA96 -> 0 | BD96: =AF96+AH96+AJ96+AL96+AN96+AP96+AR96+AT96+AV96+AX96+AZ96+BB96 -> 998.7 | BE96: =BD96/$AA96 -> 0.19974
A97: Dia das Crianças | B97: 2079.9168 | C97: 416.66667 | D97: 5000 | E97: =IFERROR((D97/B97)-1,0) -> 1.4039423 | M97: =L97/C97 -> 0 | O97: =N97/C97 -> 0 | P97: 1040 | Q97: =P97/$C97 -> 2.496 | U97: =T97/I97 -> #DIV/0! | V97: =T97+S97+R97+P97+N97+L97+K97+J97+I97+H97+G97+F97 -> 1040 | W97: =V97/D97 -> 0.208 | X97: =V97/9 -> 115.55556 | Y97: =X97+(X97*$Y$2) -> 122.48889 | Z97: 250 | AA97: =Z97*12 -> 3000 | AB97: =(L97+N97+P97)/3 -> 346.66667 | AG97: =AF97/$AA97 -> 0 | AI97: =AH97/$AA97 -> 0 | AK97: =AJ97/$AA97 -> 0 | AM97: =AL97/$AA97 -> 0 | AO97: =AN97/$AA97 -> 0 | AQ97: =AP97/$AA97 -> 0 | AS97: =AR97/$AA97 -> 0 | AU97: =AT97/$AA97 -> 0 | AV97: 950 | AW97: =AV97/$AA97 -> 0.31666667 | AY97: =AX97/$AA97 -> 0 | BA97: =AZ97/$AA97 -> 0 | BC97: =BB97/$AA97 -> 0 | BD97: =AF97+AH97+AJ97+AL97+AN97+AP97+AR97+AT97+AV97+AX97+AZ97+BB97 -> 950 | BE97: =BD97/$AA97 -> 0.31666667
A98: Carnaval | B98: 2079.9168 | C98: 125 | D98: 1500 | E98: =IFERROR((D98/B98)-1,0) -> -0.27881731 | G98: 750 | M98: =L98/C98 -> 0 | O98: =N98/C98 -> 0 | Q98: =P98/$C98 -> 0 | U98: =T98/I98 -> #DIV/0! | V98: =T98+S98+R98+P98+N98+L98+K98+J98+I98+H98+G98+F98 -> 750 | W98: =V98/D98 -> 0.5 | X98: =V98/9 -> 83.333333 | Y98: =X98+(X98*$Y$2) -> 88.333333 | Z98: 125 | AA98: =Z98*12 -> 1500 | AB98: =(L98+N98+P98)/3 -> 0 | AG98: =AF98/$AA98 -> 0 | AH98: 880 | AI98: =AH98/$AA98 -> 0.58666667 | AK98: =AJ98/$AA98 -> 0 | AM98: =AL98/$AA98 -> 0 | AO98: =AN98/$AA98 -> 0 | AQ98: =AP98/$AA98 -> 0 | AS98: =AR98/$AA98 -> 0 | AU98: =AT98/$AA98 -> 0 | AW98: =AV98/$AA98 -> 0 | AY98: =AX98/$AA98 -> 0 | BA98: =AZ98/$AA98 -> 0 | BC98: =BB98/$AA98 -> 0 | BD98: =AF98+AH98+AJ98+AL98+AN98+AP98+AR98+AT98+AV98+AX98+AZ98+BB98 -> 880 | BE98: =BD98/$AA98 -> 0.58666667
A99: Dia das mães | B99: 3107.52 | C99: 333.33333 | D99: 4000 | E99: =IFERROR((D99/B99)-1,0) -> 0.28720008 | J99: 3474.77 | M99: =L99/C99 -> 0 | O99: =N99/C99 -> 0 | Q99: =P99/$C99 -> 0 | U99: =T99/I99 -> #DIV/0! | V99: =T99+S99+R99+P99+N99+L99+K99+J99+I99+H99+G99+F99 -> 3474.77 | W99: =V99/D99 -> 0.8686925 | X99: =V99/9 -> 386.08556 | Y99: =X99+(X99*$Y$2) -> 409.25069 | Z99: 416.66667 | AA99: =Z99*12 -> 5000 | AB99: =(L99+N99+P99)/3 -> 0 | AG99: =AF99/$AA99 -> 0 | AI99: =AH99/$AA99 -> 0 | AK99: =AJ99/$AA99 -> 0 | AM99: =AL99/$AA99 -> 0 | AN99: 1100 | AO99: =AN99/$AA99 -> 0.22 | AQ99: =AP99/$AA99 -> 0 | AS99: =AR99/$AA99 -> 0 | AU99: =AT99/$AA99 -> 0 | AW99: =AV99/$AA99 -> 0 | AY99: =AX99/$AA99 -> 0 | BA99: =AZ99/$AA99 -> 0 | BC99: =BB99/$AA99 -> 0 | BD99: =AF99+AH99+AJ99+AL99+AN99+AP99+AR99+AT99+AV99+AX99+AZ99+BB99 -> 1100 | BE99: =BD99/$AA99 -> 0.22
A100: Dia dos pais | B100: 3107.52 | C100: 208.33333 | D100: 2500 | E100: =IFERROR((D100/B100)-1,0) -> -0.19549995 | L100: 183.48 | M100: =L100/C100 -> 0.880704 | N100: 3229.48 | O100: =N100/C100 -> 15.501504 | Q100: =P100/$C100 -> 0 | U100: =T100/I100 -> #DIV/0! | V100: =T100+S100+R100+P100+N100+L100+K100+J100+I100+H100+G100+F100 -> 3412.96 | W100: =V100/D100 -> 1.365184 | X100: =V100/9 -> 379.21778 | Y100: =X100+(X100*$Y$2) -> 401.97084 | Z100: 416.66667 | AA100: =Z100*12 -> 5000 | AB100: =(L100+N100+P100)/3 -> 1137.6533 | AG100: =AF100/$AA100 -> 0 | AI100: =AH100/$AA100 -> 0 | AK100: =AJ100/$AA100 -> 0 | AM100: =AL100/$AA100 -> 0 | AO100: =AN100/$AA100 -> 0 | AQ100: =AP100/$AA100 -> 0 | AS100: =AR100/$AA100 -> 0 | AT100: 1100 | AU100: =AT100/$AA100 -> 0.22 | AW100: =AV100/$AA100 -> 0 | AY100: =AX100/$AA100 -> 0 | BA100: =AZ100/$AA100 -> 0 | BC100: =BB100/$AA100 -> 0 | BD100: =AF100+AH100+AJ100+AL100+AN100+AP100+AR100+AT100+AV100+AX100+AZ100+BB100 -> 1100 | BE100: =BD100/$AA100 -> 0.22
A101: Natal | B101: 1747.2 | C101: 125 | D101: 1500 | E101: =IFERROR((D101/B101)-1,0) -> -0.14148352 | F101: =532.5+1829.38+31524.68 -> 33886.56 | G101: 3880 | M101: =L101/C101 -> 0 | O101: =N101/C101 -> 0 | Q101: =P101/$C101 -> 0 | U101: =T101/I101 -> #DIV/0! | V101: =T101+S101+R101+P101+N101+L101+K101+J101+I101+H101+G101+F101 -> 37766.56 | W101: =V101/D101 -> 25.177707 | X101: =V101/9 -> 4196.2844 | Y101: =X101+(X101*$Y$2) -> 4448.0615 | Z101: 833.33333 | AA101: =Z101*12 -> 10000 | AB101: =(L101+N101+P101)/3 -> 0 | AG101: =AF101/$AA101 -> 0 | AI101: =AH101/$AA101 -> 0 | AK101: =AJ101/$AA101 -> 0 | AM101: =AL101/$AA101 -> 0 | AO101: =AN101/$AA101 -> 0 | AQ101: =AP101/$AA101 -> 0 | AS101: =AR101/$AA101 -> 0 | AU101: =AT101/$AA101 -> 0 | AW101: =AV101/$AA101 -> 0 | AY101: =AX101/$AA101 -> 0 | BA101: =AZ101/$AA101 -> 0 | BC101: =BB101/$AA101 -> 0 | BD101: =AF101+AH101+AJ101+AL101+AN101+AP101+AR101+AT101+AV101+AX101+AZ101+BB101 -> 0 | BE101: =BD101/$AA101 -> 0
...

Sheet Mensalidades
A1: Categorias | B1: Quantidade | C1: Valor mensalidade | D1: Total 2022 | E1: 2023 | F1: TX Obras | G1: Total | I1: TX Transf | J1: Título | K1: Total Tx Transf | L1: Total Título | M1: 1.1
A3: Proprietário | B3: 222 | C3: 834.71 | D3: =(C3*12)*B3 -> 2223667.4 | E3: =D3*$M$1 -> 2446034.2 | G3: =(F3*B3)*12 -> 0
A4: Proprietário individual | B4: 3 | C4: 723.6 | D4: =(C4*12)*B4 -> 26049.6 | E4: =D4*$M$1 -> 28654.56 | G4: =(F4*B4)*12 -> 0
A5: Ausente | B5: 15 | C5: 417.36 | D5: =(C5*12)*B5 -> 75124.8 | E5: =D5*$M$1 -> 82637.28 | G5: =(F5*B5)*12 -> 0
A6: Veterano Pagante 70% | B6: 3 | C6: 584.29 | D6: =(C6*12)*B6 -> 21034.44 | E6: =D6*$M$1 -> 23137.884 | G6: =(F6*B6)*12 -> 0
A7: Veterano Pagante 50% | B7: 1 | C7: 417.36 | D7: =(C7*12)*B7 -> 5008.32 | E7: =D7*$M$1 -> 5509.152 | G7: =(F7*B7)*12 -> 0
A8: Veterano Pagante 10% | B8: 6 | C8: 83.47 | D8: =(C8*12)*B8 -> 6009.84 | E8: =D8*$M$1 -> 6610.824 | G8: =(F8*B8)*12 -> 0
A9: Remido | B9: 63 | D9: =(C9*12)*B9 -> 0 | E9: =D9*$M$1 -> 0
A10: Honorário Pagante | B10: 0 | D10: =(C10*12)*B10 -> 0 | E10: =D10*$M$1 -> 0
A11: Honorário não pagante | B11: 9 | D11: =(C11*12)*B11 -> 0 | E11: =D11*$M$1 -> 0
B12: =SUM(B3:B11) -> 322 | C12: TOTAL | D12: =SUM(D3:D11) -> 2356894.4 | E12: =SUM(E3:E11) -> 2592583.9
I13: =2354880*88.5 -> 208406880
A14: Eportista | B14: 22 | C14: 417.36 | D14: =(C14*12)*B14 -> 110183.04 | E14: =D14*$M$1 -> 121201.34 | G14: =(F14*B14)*12 -> 0 | I14: =I13/100 -> 2084068.8
G15: =SUM(G3:G14) -> 0
A34: Eportista | B34: 14 | C34: 301.06 | D34: =(C34*12)*B34 -> 50578.08
